Workbook
Name INPUT_BOX: [1]Calculation!$C$1

Sheet Cover sheet
A1: Energy Prices International comparisons
A2: Non-domestic gas prices in the EU
A3: Publication date: 29/09/2026
A4: Data period: New prices data for Semester 2 2025 (July - December 2025) and historical revisions
A5: Please note this table was initially published at 9:30 on 28/05/2026. On 29/09/2026 the EU14 chart was updated to show the median including tax.
A6: Next update: 26/11/2026
A7: About this data
A8: Data in these tables shows prices of gas for non-domestic consumers in the UK and EU.
A9: Data is presented by size band, with and without tax and for six-month periods ("semesters") each year (January - June and July - December).
A10: Data is available back to 1998.
A11: Further information
A12: Quarterly Energy Prices Publication (opens in a new window)
... A23: newsdesk@energysecurity.gov.uk

Sheet Contents
A1: Contents
A2: Tables
A3: Annual Non-domestic Gas Prices in the EU excluding taxes
A4: Annual Non-domestic Gas Prices in the EU including taxes
A5: Table 5.8.1: Non-domestic gas prices in the EU for small consumers excluding tax
A6: Table 5.8.1: Non-domestic gas prices in the EU for small consumers including tax
A7: Table 5.8.2: Non-domestic gas prices in the EU for medium consumers excluding tax
A8: Table 5.8.2: Non-domestic gas prices in the EU for medium consumers including tax
A9: Table 5.8.3: Non-domestic gas prices in the EU for large consumers excluding tax
A10: Table 5.8.3: Non-domestic gas prices in the EU for large consumers including tax
A11: Charts
A12: Charts
... A14: Methodology notes

Sheet Annual excl tax
A1: Annual non-domestic gas prices in the EU excluding taxes, levies, and VAT
A2: In pence per kWh.
A3: Prices are converted to sterling using the exchange rate at time of publication for each period.
A4: Small consumers: consuming 278 - 2,777 MWh per annum for periods January - June and July - December each year.
A5: Medium consumers: consuming 2,778 - 27,777 MWh per annum for periods January - June and July - December each year.
A6: Large consumers: consuming 27,778 - 277,777 MWh per annum for periods January - June and July - December each year.
A7: Figures in this table exclude any charges relating to environmental or social policies as well as VAT.
A8: Annual average is presented as the unweighted average of semesters one and two for the year.
A9: Note 1. Median price is based upon the available data, including those cases where the Department have estimated the position of prices relative to the EU median.
A10: Note 1. To preserve the time series the median is based on the current members of the EU and not the EU members at the time.
A11: Note 2. The rank orders prices from lowest to highest with 1 being the lowest per kWh price and 15 or 28 being the highest.
A12: Empty cells in the table represent periods where the country was not a member of the EU or data was not reported. Note Croatia data was collected from July 2007.
... A15: Source: Derived from Eurostat statistics on natural gas and electricity prices
A16: Customer size | B16: Year | C16: Austria | D16: Belgium | E16: Denmark | F16: Finland | G16: France | H16: Germany | I16: Greece | J16: Ireland | K16: Italy | L16: Luxembourg | M16: Netherlands | N16: Portugal | O16: Spain | P16: Sweden | Q16: UK | R16: EU 14 plus UK median [Note 1] | S16: UK relative to EU 14 plus UK median (%) | T16: UK relative to EU 14 plus UK rank [Note 2] | U16: Bulgaria | V16: Croatia | W16: Cyprus | X16: Czechia | Y16: Estonia | Z16: Hungary | AA16: Latvia | AB16: Lithuania | AC16: Malta | AD16: Poland | AE16: Romania | AF16: Slovakia | AG16: Slovenia | AH16: EU 27 plus UK median [Note 1] | AI16: UK relative to EU 27 plus UK median (%) | AJ16: UK relative to EU 27 plus UK rank [Note 2]
A17: Small | B17: 2008 | C17: =AVERAGEIF('5.8.1 (Small excl tax)'!$A:$A,'Annual excl tax'!$B17,'5.8.1 (Small excl tax)'!D:D) -> 3.5802801 | D17: =AVERAGEIF('5.8.1 (Small excl tax)'!$A:$A,'Annual excl tax'!$B17,'5.8.1 (Small excl tax)'!E:E) -> 3.3420491 | E17: =AVERAGEIF('5.8.1 (Small excl tax)'!$A:$A,'Annual excl tax'!$B17,'5.8.1 (Small excl tax)'!F:F) -> 3.7476269 | G17: =AVERAGEIF('5.8.1 (Small excl tax)'!$A:$A,'Annual excl tax'!$B17,'5.8.1 (Small excl tax)'!H:H) -> 2.958514 | H17: =AVERAGEIF('5.8.1 (Small excl tax)'!$A:$A,'Annual excl tax'!$B17,'5.8.1 (Small excl tax)'!I:I) -> 3.614574 | J17: =AVERAGEIF('5.8.1 (Small excl tax)'!$A:$A,'Annual excl tax'!$B17,'5.8.1 (Small excl tax)'!K:K) -> 3.2821231 | K17: =AVERAGEIF('5.8.1 (Small excl tax)'!$A:$A,'Annual excl tax'!$B17,'5.8.1 (Small excl tax)'!L:L) -> 3.0748684 | L17: =AVERAGEIF('5.8.1 (Small excl tax)'!$A:$A,'Annual excl tax'!$B17,'5.8.1 (Small excl tax)'!M:M) -> 2.9813531 | M17: =AVERAGEIF('5.8.1 (Small excl tax)'!$A:$A,'Annual excl tax'!$B17,'5.8.1 (Small excl tax)'!N:N) -> 3.009343 | N17: =AVERAGEIF('5.8.1 (Small excl tax)'!$A:$A,'Annual excl tax'!$B17,'5.8.1 (Small excl tax)'!O:O) -> 3.083552 | O17: =AVERAGEIF('5.8.1 (Small excl tax)'!$A:$A,'Annual excl tax'!$B17,'5.8.1 (Small excl tax)'!P:P) -> 2.4665706 | P17: =AVERAGEIF('5.8.1 (Small excl tax)'!$A:$A,'Annual excl tax'!$B17,'5.8.1 (Small excl tax)'!Q:Q) -> 4.006015 | Q17: =AVERAGEIF('5.8.1 (Small excl tax)'!$A:$A,'Annual excl tax'!$B17,'5.8.1 (Small excl tax)'!R:R) -> 2.4710288 | R17: =MEDIAN(C17:Q17) -> 3.083552 | S17: =(Q17-R17)/R17*100 -> -19.864207 | T17: =RANK(Q17,(C17:Q17),1) -> 2 | U17: =AVERAGEIF('5.8.1 (Small excl tax)'!$A:$A,'Annual excl tax'!$B17,'5.8.1 (Small excl tax)'!V:V) -> 2.0099224 | V17: =AVERAGEIF('5.8.1 (Small excl tax)'!$A:$A,'Annual excl tax'!$B17,'5.8.1 (Small excl tax)'!W:W) -> 1.7949768 | X17: =AVERAGEIF('5.8.1 (Small excl tax)'!$A:$A,'Annual excl tax'!$B17,'5.8.1 (Small excl tax)'!Y:Y) -> 2.8845816 | Y17: =AVERAGEIF('5.8.1 (Small excl tax)'!$A:$A,'Annual excl tax'!$B17,'5.8.1 (Small excl tax)'!Z:Z) -> 2.4011251 | Z17: =AVERAGEIF('5.8.1 (Small excl tax)'!$A:$A,'Annual excl tax'!$B17,'5.8.1 (Small excl tax)'!AA:AA) -> 3.3547383 | AA17: =AVERAGEIF('5.8.1 (Small excl tax)'!$A:$A,'Annual excl tax'!$B17,'5.8.1 (Small excl tax)'!AB:AB) -> 2.9235395 | AB17: =AVERAGEIF('5.8.1 (Small excl tax)'!$A:$A,'Annual excl tax'!$B17,'5.8.1 (Small excl tax)'!AC:AC) -> 3.0956503 | AD17: =AVERAGEIF('5.8.1 (Small excl tax)'!$A:$A,'Annual excl tax'!$B17,'5.8.1 (Small excl tax)'!AE:AE) -> 2.8572065 | AE17: =AVERAGEIF('5.8.1 (Small excl tax)'!$A:$A,'Annual excl tax'!$B17,'5.8.1 (Small excl tax)'!AF:AF) -> 1.7299486 | AF17: =AVERAGEIF('5.8.1 (Small excl tax)'!$A:$A,'Annual excl tax'!$B17,'5.8.1 (Small excl tax)'!AG:AG) -> 3.2515469 | AG17: =AVERAGEIF('5.8.1 (Small excl tax)'!$A:$A,'Annual excl tax'!$B17,'5.8.1 (Small excl tax)'!AH:AH) -> 3.8283463 | AH17: =MEDIAN(C17:Q17,U17:AG17) -> 3.0421057 | AI17: =(Q17-AH17)/AH17*100 -> -18.772421 | AJ17: =RANK(Q17,(C17:Q17,U17:AG17),1) -> 6
A18: Small | B18: 2009 | C18: =AVERAGEIF('5.8.1 (Small excl tax)'!$A:$A,'Annual excl tax'!$B18,'5.8.1 (Small excl tax)'!D:D) -> 3.4616744 | D18: =AVERAGEIF('5.8.1 (Small excl tax)'!$A:$A,'Annual excl tax'!$B18,'5.8.1 (Small excl tax)'!E:E) -> 3.2664686 | E18: =AVERAGEIF('5.8.1 (Small excl tax)'!$A:$A,'Annual excl tax'!$B18,'5.8.1 (Small excl tax)'!F:F) -> 3.2984021 | G18: =AVERAGEIF('5.8.1 (Small excl tax)'!$A:$A,'Annual excl tax'!$B18,'5.8.1 (Small excl tax)'!H:H) -> 3.2970493 | H18: =AVERAGEIF('5.8.1 (Small excl tax)'!$A:$A,'Annual excl tax'!$B18,'5.8.1 (Small excl tax)'!I:I) -> 3.440026 | J18: =AVERAGEIF('5.8.1 (Small excl tax)'!$A:$A,'Annual excl tax'!$B18,'5.8.1 (Small excl tax)'!K:K) -> 3.2134088 | K18: =AVERAGEIF('5.8.1 (Small excl tax)'!$A:$A,'Annual excl tax'!$B18,'5.8.1 (Small excl tax)'!L:L) -> 3.4844026 | L18: =AVERAGEIF('5.8.1 (Small excl tax)'!$A:$A,'Annual excl tax'!$B18,'5.8.1 (Small excl tax)'!M:M) -> 3.654607 | M18: =AVERAGEIF('5.8.1 (Small excl tax)'!$A:$A,'Annual excl tax'!$B18,'5.8.1 (Small excl tax)'!N:N) -> 3.6462324 | N18: =AVERAGEIF('5.8.1 (Small excl tax)'!$A:$A,'Annual excl tax'!$B18,'5.8.1 (Small excl tax)'!O:O) -> 3.3504744 | O18: =AVERAGEIF('5.8.1 (Small excl tax)'!$A:$A,'Annual excl tax'!$B18,'5.8.1 (Small excl tax)'!P:P) -> 3.007903 | P18: =AVERAGEIF('5.8.1 (Small excl tax)'!$A:$A,'Annual excl tax'!$B18,'5.8.1 (Small excl tax)'!Q:Q) -> 3.8509911 | Q18: =AVERAGEIF('5.8.1 (Small excl tax)'!$A:$A,'Annual excl tax'!$B18,'5.8.1 (Small excl tax)'!R:R) -> 2.4634098 | R18: =MEDIAN(C18:Q18) -> 3.3504744 | S18: =(Q18-R18)/R18*100 -> -26.475792 | T18: =RANK(Q18,(C18:Q18),1) -> 1 | U18: =AVERAGEIF('5.8.1 (Small excl tax)'!$A:$A,'Annual excl tax'!$B18,'5.8.1 (Small excl tax)'!V:V) -> 2.555894 | V18: =AVERAGEIF('5.8.1 (Small excl tax)'!$A:$A,'Annual excl tax'!$B18,'5.8.1 (Small excl tax)'!W:W) -> 2.3655167 | X18: =AVERAGEIF('5.8.1 (Small excl tax)'!$A:$A,'Annual excl tax'!$B18,'5.8.1 (Small excl tax)'!Y:Y) -> 2.901884 | Y18: =AVERAGEIF('5.8.1 (Small excl tax)'!$A:$A,'Annual excl tax'!$B18,'5.8.1 (Small excl tax)'!Z:Z) -> 2.3006234 | Z18: =AVERAGEIF('5.8.1 (Small excl tax)'!$A:$A,'Annual excl tax'!$B18,'5.8.1 (Small excl tax)'!AA:AA) -> 3.4735142 | AA18: =AVERAGEIF('5.8.1 (Small excl tax)'!$A:$A,'Annual excl tax'!$B18,'5.8.1 (Small excl tax)'!AB:AB) -> 3.2910103 | AB18: =AVERAGEIF('5.8.1 (Small excl tax)'!$A:$A,'Annual excl tax'!$B18,'5.8.1 (Small excl tax)'!AC:AC) -> 2.7911728 | AD18: =AVERAGEIF('5.8.1 (Small excl tax)'!$A:$A,'Annual excl tax'!$B18,'5.8.1 (Small excl tax)'!AE:AE) -> 2.8920782 | AE18: =AVERAGEIF('5.8.1 (Small excl tax)'!$A:$A,'Annual excl tax'!$B18,'5.8.1 (Small excl tax)'!AF:AF) -> 1.4066672 | AF18: =AVERAGEIF('5.8.1 (Small excl tax)'!$A:$A,'Annual excl tax'!$B18,'5.8.1 (Small excl tax)'!AG:AG) -> 3.5575664 | AG18: =AVERAGEIF('5.8.1 (Small excl tax)'!$A:$A,'Annual excl tax'!$B18,'5.8.1 (Small excl tax)'!AH:AH) -> 4.2301683 | AH18: =MEDIAN(C18:Q18,U18:AG18) -> 3.2940298 | AI18: =(Q18-AH18)/AH18*100 -> -25.215922 | AJ18: =RANK(Q18,(C18:Q18,U18:AG18),1) -> 4
A19: Small | B19: 2010 | C19: =AVERAGEIF('5.8.1 (Small excl tax)'!$A:$A,'Annual excl tax'!$B19,'5.8.1 (Small excl tax)'!D:D) -> 3.3199848 | D19: =AVERAGEIF('5.8.1 (Small excl tax)'!$A:$A,'Annual excl tax'!$B19,'5.8.1 (Small excl tax)'!E:E) -> 3.1090357 | E19: =AVERAGEIF('5.8.1 (Small excl tax)'!$A:$A,'Annual excl tax'!$B19,'5.8.1 (Small excl tax)'!F:F) -> 3.6738599 | G19: =AVERAGEIF('5.8.1 (Small excl tax)'!$A:$A,'Annual excl tax'!$B19,'5.8.1 (Small excl tax)'!H:H) -> 3.2287763 | H19: =AVERAGEIF('5.8.1 (Small excl tax)'!$A:$A,'Annual excl tax'!$B19,'5.8.1 (Small excl tax)'!I:I) -> 3.3141498 | J19: =AVERAGEIF('5.8.1 (Small excl tax)'!$A:$A,'Annual excl tax'!$B19,'5.8.1 (Small excl tax)'!K:K) -> 2.7657558 | K19: =AVERAGEIF('5.8.1 (Small excl tax)'!$A:$A,'Annual excl tax'!$B19,'5.8.1 (Small excl tax)'!L:L) -> 2.8981494 | L19: =AVERAGEIF('5.8.1 (Small excl tax)'!$A:$A,'Annual excl tax'!$B19,'5.8.1 (Small excl tax)'!M:M) -> 3.8083856 | M19: =AVERAGEIF('5.8.1 (Small excl tax)'!$A:$A,'Annual excl tax'!$B19,'5.8.1 (Small excl tax)'!N:N) -> 2.9550393 | N19: =AVERAGEIF('5.8.1 (Small excl tax)'!$A:$A,'Annual excl tax'!$B19,'5.8.1 (Small excl tax)'!O:O) -> 3.1658333 | O19: =AVERAGEIF('5.8.1 (Small excl tax)'!$A:$A,'Annual excl tax'!$B19,'5.8.1 (Small excl tax)'!P:P) -> 2.9275507 | P19: =AVERAGEIF('5.8.1 (Small excl tax)'!$A:$A,'Annual excl tax'!$B19,'5.8.1 (Small excl tax)'!Q:Q) -> 3.9708207 | Q19: =AVERAGEIF('5.8.1 (Small excl tax)'!$A:$A,'Annual excl tax'!$B19,'5.8.1 (Small excl tax)'!R:R) -> 2.2768004 | R19: =MEDIAN(C19:Q19) -> 3.1658333 | S19: =(Q19-R19)/R19*100 -> -28.082114 | T19: =RANK(Q19,(C19:Q19),1) -> 1 | U19: =AVERAGEIF('5.8.1 (Small excl tax)'!$A:$A,'Annual excl tax'!$B19,'5.8.1 (Small excl tax)'!V:V) -> 2.4990602 | V19: =AVERAGEIF('5.8.1 (Small excl tax)'!$A:$A,'Annual excl tax'!$B19,'5.8.1 (Small excl tax)'!W:W) -> 3.1469134 | X19: =AVERAGEIF('5.8.1 (Small excl tax)'!$A:$A,'Annual excl tax'!$B19,'5.8.1 (Small excl tax)'!Y:Y) -> 2.8685431 | Y19: =AVERAGEIF('5.8.1 (Small excl tax)'!$A:$A,'Annual excl tax'!$B19,'5.8.1 (Small excl tax)'!Z:Z) -> 2.3198095 | Z19: =AVERAGEIF('5.8.1 (Small excl tax)'!$A:$A,'Annual excl tax'!$B19,'5.8.1 (Small excl tax)'!AA:AA) -> 3.3778572 | AA19: =AVERAGEIF('5.8.1 (Small excl tax)'!$A:$A,'Annual excl tax'!$B19,'5.8.1 (Small excl tax)'!AB:AB) -> 2.6764259 | AB19: =AVERAGEIF('5.8.1 (Small excl tax)'!$A:$A,'Annual excl tax'!$B19,'5.8.1 (Small excl tax)'!AC:AC) -> 2.8841321 | AD19: =AVERAGEIF('5.8.1 (Small excl tax)'!$A:$A,'Annual excl tax'!$B19,'5.8.1 (Small excl tax)'!AE:AE) -> 2.9998517 | AE19: =AVERAGEIF('5.8.1 (Small excl tax)'!$A:$A,'Annual excl tax'!$B19,'5.8.1 (Small excl tax)'!AF:AF) -> 1.2433193 | AF19: =AVERAGEIF('5.8.1 (Small excl tax)'!$A:$A,'Annual excl tax'!$B19,'5.8.1 (Small excl tax)'!AG:AG) -> 3.1544753 | AG19: =AVERAGEIF('5.8.1 (Small excl tax)'!$A:$A,'Annual excl tax'!$B19,'5.8.1 (Small excl tax)'!AH:AH) -> 3.7450133 | AH19: =MEDIAN(C19:Q19,U19:AG19) -> 3.0544437 | AI19: =(Q19-AH19)/AH19*100 -> -25.459409 | AJ19: =RANK(Q19,(C19:Q19,U19:AG19),1) -> 2
A20: Small | B20: 2011 | C20: =AVERAGEIF('5.8.1 (Small excl tax)'!$A:$A,'Annual excl tax'!$B20,'5.8.1 (Small excl tax)'!D:D) -> 3.4971397 | D20: =AVERAGEIF('5.8.1 (Small excl tax)'!$A:$A,'Annual excl tax'!$B20,'5.8.1 (Small excl tax)'!E:E) -> 3.6127522 | E20: =AVERAGEIF('5.8.1 (Small excl tax)'!$A:$A,'Annual excl tax'!$B20,'5.8.1 (Small excl tax)'!F:F) -> 3.9816613 | G20: =AVERAGEIF('5.8.1 (Small excl tax)'!$A:$A,'Annual excl tax'!$B20,'5.8.1 (Small excl tax)'!H:H) -> 3.7298926 | H20: =AVERAGEIF('5.8.1 (Small excl tax)'!$A:$A,'Annual excl tax'!$B20,'5.8.1 (Small excl tax)'!I:I) -> 3.5253338 | J20: =AVERAGEIF('5.8.1 (Small excl tax)'!$A:$A,'Annual excl tax'!$B20,'5.8.1 (Small excl tax)'!K:K) -> 3.187868 | K20: =AVERAGEIF('5.8.1 (Small excl tax)'!$A:$A,'Annual excl tax'!$B20,'5.8.1 (Small excl tax)'!L:L) -> 3.3175278 | L20: =AVERAGEIF('5.8.1 (Small excl tax)'!$A:$A,'Annual excl tax'!$B20,'5.8.1 (Small excl tax)'!M:M) -> 4.0828308 | M20: =AVERAGEIF('5.8.1 (Small excl tax)'!$A:$A,'Annual excl tax'!$B20,'5.8.1 (Small excl tax)'!N:N) -> 3.1316551 | N20: =AVERAGEIF('5.8.1 (Small excl tax)'!$A:$A,'Annual excl tax'!$B20,'5.8.1 (Small excl tax)'!O:O) -> 3.8970176 | O20: =AVERAGEIF('5.8.1 (Small excl tax)'!$A:$A,'Annual excl tax'!$B20,'5.8.1 (Small excl tax)'!P:P) -> 3.4877659 | P20: =AVERAGEIF('5.8.1 (Small excl tax)'!$A:$A,'Annual excl tax'!$B20,'5.8.1 (Small excl tax)'!Q:Q) -> 4.4332414 | Q20: =AVERAGEIF('5.8.1 (Small excl tax)'!$A:$A,'Annual excl tax'!$B20,'5.8.1 (Small excl tax)'!R:R) -> 2.5088918 | R20: =MEDIAN(C20:Q20) -> 3.5253338 | S20: =(Q20-R20)/R20*100 -> -28.832505 | T20: =RANK(Q20,(C20:Q20),1) -> 1 | U20: =AVERAGEIF('5.8.1 (Small excl tax)'!$A:$A,'Annual excl tax'!$B20,'5.8.1 (Small excl tax)'!V:V) -> 2.835864 | V20: =AVERAGEIF('5.8.1 (Small excl tax)'!$A:$A,'Annual excl tax'!$B20,'5.8.1 (Small excl tax)'!W:W) -> 3.6316817 | X20: =AVERAGEIF('5.8.1 (Small excl tax)'!$A:$A,'Annual excl tax'!$B20,'5.8.1 (Small excl tax)'!Y:Y) -> 3.3422569 | Y20: =AVERAGEIF('5.8.1 (Small excl tax)'!$A:$A,'Annual excl tax'!$B20,'5.8.1 (Small excl tax)'!Z:Z) -> 2.5537364 | Z20: =AVERAGEIF('5.8.1 (Small excl tax)'!$A:$A,'Annual excl tax'!$B20,'5.8.1 (Small excl tax)'!AA:AA) -> 3.7625125 | AA20: =AVERAGEIF('5.8.1 (Small excl tax)'!$A:$A,'Annual excl tax'!$B20,'5.8.1 (Small excl tax)'!AB:AB) -> 2.899397 | AB20: =AVERAGEIF('5.8.1 (Small excl tax)'!$A:$A,'Annual excl tax'!$B20,'5.8.1 (Small excl tax)'!AC:AC) -> 3.483572 | AD20: =AVERAGEIF('5.8.1 (Small excl tax)'!$A:$A,'Annual excl tax'!$B20,'5.8.1 (Small excl tax)'!AE:AE) -> 3.161576 | AE20: =AVERAGEIF('5.8.1 (Small excl tax)'!$A:$A,'Annual excl tax'!$B20,'5.8.1 (Small excl tax)'!AF:AF) -> 1.4109094 | AF20: =AVERAGEIF('5.8.1 (Small excl tax)'!$A:$A,'Annual excl tax'!$B20,'5.8.1 (Small excl tax)'!AG:AG) -> 3.614226 | AG20: =AVERAGEIF('5.8.1 (Small excl tax)'!$A:$A,'Annual excl tax'!$B20,'5.8.1 (Small excl tax)'!AH:AH) -> 4.7200311 | AH20: =MEDIAN(C20:Q20,U20:AG20) -> 3.4924528 | AI20: =(Q20-AH20)/AH20*100 -> -28.162472 | AJ20: =RANK(Q20,(C20:Q20,U20:AG20),1) -> 2
A21: Small | B21: 2012 | C21: =AVERAGEIF('5.8.1 (Small excl tax)'!$A:$A,'Annual excl tax'!$B21,'5.8.1 (Small excl tax)'!D:D) -> 3.4424877 | D21: =AVERAGEIF('5.8.1 (Small excl tax)'!$A:$A,'Annual excl tax'!$B21,'5.8.1 (Small excl tax)'!E:E) -> 3.2149038 | E21: =AVERAGEIF('5.8.1 (Small excl tax)'!$A:$A,'Annual excl tax'!$B21,'5.8.1 (Small excl tax)'!F:F) -> 3.2518035 | F21: =AVERAGEIF('5.8.1 (Small excl tax)'!$A:$A,'Annual excl tax'!$B21,'5.8.1 (Small excl tax)'!G:G) -> 4.0402875 | G21: =AVERAGEIF('5.8.1 (Small excl tax)'!$A:$A,'Annual excl tax'!$B21,'5.8.1 (Small excl tax)'!H:H) -> 3.9160982 | H21: =AVERAGEIF('5.8.1 (Small excl tax)'!$A:$A,'Annual excl tax'!$B21,'5.8.1 (Small excl tax)'!I:I) -> 3.1499509 | I21: =AVERAGEIF('5.8.1 (Small excl tax)'!$A:$A,'Annual excl tax'!$B21,'5.8.1 (Small excl tax)'!J:J) -> 4.3942444 | J21: =AVERAGEIF('5.8.1 (Small excl tax)'!$A:$A,'Annual excl tax'!$B21,'5.8.1 (Small excl tax)'!K:K) -> 3.1817093 | K21: =AVERAGEIF('5.8.1 (Small excl tax)'!$A:$A,'Annual excl tax'!$B21,'5.8.1 (Small excl tax)'!L:L) -> 3.6802144 | L21: =AVERAGEIF('5.8.1 (Small excl tax)'!$A:$A,'Annual excl tax'!$B21,'5.8.1 (Small excl tax)'!M:M) -> 4.2031089 | M21: =AVERAGEIF('5.8.1 (Small excl tax)'!$A:$A,'Annual excl tax'!$B21,'5.8.1 (Small excl tax)'!N:N) -> 3.0479783 | N21: =AVERAGEIF('5.8.1 (Small excl tax)'!$A:$A,'Annual excl tax'!$B21,'5.8.1 (Small excl tax)'!O:O) -> 4.1741327 | O21: =AVERAGEIF('5.8.1 (Small excl tax)'!$A:$A,'Annual excl tax'!$B21,'5.8.1 (Small excl tax)'!P:P) -> 3.8480983 | P21: =AVERAGEIF('5.8.1 (Small excl tax)'!$A:$A,'Annual excl tax'!$B21,'5.8.1 (Small excl tax)'!Q:Q) -> 4.3440693 | Q21: =AVERAGEIF('5.8.1 (Small excl tax)'!$A:$A,'Annual excl tax'!$B21,'5.8.1 (Small excl tax)'!R:R) -> 2.895804 | R21: =MEDIAN(C21:Q21) -> 3.6802144 | S21: =(Q21-R21)/R21*100 -> -21.314258 | T21: =RANK(Q21,(C21:Q21),1) -> 1 | U21: =AVERAGEIF('5.8.1 (Small excl tax)'!$A:$A,'Annual excl tax'!$B21,'5.8.1 (Small excl tax)'!V:V) -> 3.2389966 | V21: =AVERAGEIF('5.8.1 (Small excl tax)'!$A:$A,'Annual excl tax'!$B21,'5.8.1 (Small excl tax)'!W:W) -> 3.8113537 | X21: =AVERAGEIF('5.8.1 (Small excl tax)'!$A:$A,'Annual excl tax'!$B21,'5.8.1 (Small excl tax)'!Y:Y) -> 3.1093786 | Y21: =AVERAGEIF('5.8.1 (Small excl tax)'!$A:$A,'Annual excl tax'!$B21,'5.8.1 (Small excl tax)'!Z:Z) -> 3.0021809 | Z21: =AVERAGEIF('5.8.1 (Small excl tax)'!$A:$A,'Annual excl tax'!$B21,'5.8.1 (Small excl tax)'!AA:AA) -> 4.2113478 | AA21: =AVERAGEIF('5.8.1 (Small excl tax)'!$A:$A,'Annual excl tax'!$B21,'5.8.1 (Small excl tax)'!AB:AB) -> 3.2384768 | AB21: =AVERAGEIF('5.8.1 (Small excl tax)'!$A:$A,'Annual excl tax'!$B21,'5.8.1 (Small excl tax)'!AC:AC) -> 3.6623773 | AD21: =AVERAGEIF('5.8.1 (Small excl tax)'!$A:$A,'Annual excl tax'!$B21,'5.8.1 (Small excl tax)'!AE:AE) -> 3.2197968 | AE21: =AVERAGEIF('5.8.1 (Small excl tax)'!$A:$A,'Annual excl tax'!$B21,'5.8.1 (Small excl tax)'!AF:AF) -> 1.621895 | AF21: =AVERAGEIF('5.8.1 (Small excl tax)'!$A:$A,'Annual excl tax'!$B21,'5.8.1 (Small excl tax)'!AG:AG) -> 3.6761081 | AG21: =AVERAGEIF('5.8.1 (Small excl tax)'!$A:$A,'Annual excl tax'!$B21,'5.8.1 (Small excl tax)'!AH:AH) -> 4.6944607 | AH21: =MEDIAN(C21:Q21,U21:AG21) -> 3.5524325 | AI21: =(Q21-AH21)/AH21*100 -> -18.483911 | AJ21: =RANK(Q21,(C21:Q21,U21:AG21),1) -> 2
A22: Small | B22: 2013 | C22: =AVERAGEIF('5.8.1 (Small excl tax)'!$A:$A,'Annual excl tax'!$B22,'5.8.1 (Small excl tax)'!D:D) -> 3.4897636 | D22: =AVERAGEIF('5.8.1 (Small excl tax)'!$A:$A,'Annual excl tax'!$B22,'5.8.1 (Small excl tax)'!E:E) -> 3.6780231 | E22: =AVERAGEIF('5.8.1 (Small excl tax)'!$A:$A,'Annual excl tax'!$B22,'5.8.1 (Small excl tax)'!F:F) -> 3.0766697 | F22: =AVERAGEIF('5.8.1 (Small excl tax)'!$A:$A,'Annual excl tax'!$B22,'5.8.1 (Small excl tax)'!G:G) -> 3.786427 | G22: =AVERAGEIF('5.8.1 (Small excl tax)'!$A:$A,'Annual excl tax'!$B22,'5.8.1 (Small excl tax)'!H:H) -> 4.1210386 | H22: =AVERAGEIF('5.8.1 (Small excl tax)'!$A:$A,'Annual excl tax'!$B22,'5.8.1 (Small excl tax)'!I:I) -> 4.0737193 | I22: =AVERAGEIF('5.8.1 (Small excl tax)'!$A:$A,'Annual excl tax'!$B22,'5.8.1 (Small excl tax)'!J:J) -> 4.145581 | J22: =AVERAGEIF('5.8.1 (Small excl tax)'!$A:$A,'Annual excl tax'!$B22,'5.8.1 (Small excl tax)'!K:K) -> 3.6268643 | K22: =AVERAGEIF('5.8.1 (Small excl tax)'!$A:$A,'Annual excl tax'!$B22,'5.8.1 (Small excl tax)'!L:L) -> 3.9133563 | L22: =AVERAGEIF('5.8.1 (Small excl tax)'!$A:$A,'Annual excl tax'!$B22,'5.8.1 (Small excl tax)'!M:M) -> 4.6425781 | M22: =AVERAGEIF('5.8.1 (Small excl tax)'!$A:$A,'Annual excl tax'!$B22,'5.8.1 (Small excl tax)'!N:N) -> 3.2174426 | N22: =AVERAGEIF('5.8.1 (Small excl tax)'!$A:$A,'Annual excl tax'!$B22,'5.8.1 (Small excl tax)'!O:O) -> 4.6618923 | O22: =AVERAGEIF('5.8.1 (Small excl tax)'!$A:$A,'Annual excl tax'!$B22,'5.8.1 (Small excl tax)'!P:P) -> 3.9422758 | P22: =AVERAGEIF('5.8.1 (Small excl tax)'!$A:$A,'Annual excl tax'!$B22,'5.8.1 (Small excl tax)'!Q:Q) -> 4.6370879 | Q22: =AVERAGEIF('5.8.1 (Small excl tax)'!$A:$A,'Annual excl tax'!$B22,'5.8.1 (Small excl tax)'!R:R) -> 3.1372365 | R22: =MEDIAN(C22:Q22) -> 3.9133563 | S22: =(Q22-R22)/R22*100 -> -19.832587 | T22: =RANK(Q22,(C22:Q22),1) -> 2 | U22: =AVERAGEIF('5.8.1 (Small excl tax)'!$A:$A,'Annual excl tax'!$B22,'5.8.1 (Small excl tax)'!V:V) -> 3.1543597 | V22: =AVERAGEIF('5.8.1 (Small excl tax)'!$A:$A,'Annual excl tax'!$B22,'5.8.1 (Small excl tax)'!W:W) -> 3.9197941 | X22: =AVERAGEIF('5.8.1 (Small excl tax)'!$A:$A,'Annual excl tax'!$B22,'5.8.1 (Small excl tax)'!Y:Y) -> 2.9842311 | Y22: =AVERAGEIF('5.8.1 (Small excl tax)'!$A:$A,'Annual excl tax'!$B22,'5.8.1 (Small excl tax)'!Z:Z) -> 3.1246954 | Z22: =AVERAGEIF('5.8.1 (Small excl tax)'!$A:$A,'Annual excl tax'!$B22,'5.8.1 (Small excl tax)'!AA:AA) -> 4.5128187 | AA22: =AVERAGEIF('5.8.1 (Small excl tax)'!$A:$A,'Annual excl tax'!$B22,'5.8.1 (Small excl tax)'!AB:AB) -> 3.275698 | AB22: =AVERAGEIF('5.8.1 (Small excl tax)'!$A:$A,'Annual excl tax'!$B22,'5.8.1 (Small excl tax)'!AC:AC) -> 3.6383872 | AD22: =AVERAGEIF('5.8.1 (Small excl tax)'!$A:$A,'Annual excl tax'!$B22,'5.8.1 (Small excl tax)'!AE:AE) -> 3.5280373 | AE22: =AVERAGEIF('5.8.1 (Small excl tax)'!$A:$A,'Annual excl tax'!$B22,'5.8.1 (Small excl tax)'!AF:AF) -> 1.9331327 | AF22: =AVERAGEIF('5.8.1 (Small excl tax)'!$A:$A,'Annual excl tax'!$B22,'5.8.1 (Small excl tax)'!AG:AG) -> 3.4880437 | AG22: =AVERAGEIF('5.8.1 (Small excl tax)'!$A:$A,'Annual excl tax'!$B22,'5.8.1 (Small excl tax)'!AH:AH) -> 4.150238 | AH22: =MEDIAN(C22:Q22,U22:AG22) -> 3.6582051 | AI22: =(Q22-AH22)/AH22*100 -> -14.2411 | AJ22: =RANK(Q22,(C22:Q22,U22:AG22),1) -> 5
A23: Small | B23: 2014 | C23: =AVERAGEIF('5.8.1 (Small excl tax)'!$A:$A,'Annual excl tax'!$B23,'5.8.1 (Small excl tax)'!D:D) -> 3.2641718 | D23: =AVERAGEIF('5.8.1 (Small excl tax)'!$A:$A,'Annual excl tax'!$B23,'5.8.1 (Small excl tax)'!E:E) -> 2.8780049 | E23: =AVERAGEIF('5.8.1 (Small excl tax)'!$A:$A,'Annual excl tax'!$B23,'5.8.1 (Small excl tax)'!F:F) -> 2.7573685 | F23: =AVERAGEIF('5.8.1 (Small excl tax)'!$A:$A,'Annual excl tax'!$B23,'5.8.1 (Small excl tax)'!G:G) -> 3.2512165 | G23: =AVERAGEIF('5.8.1 (Small excl tax)'!$A:$A,'Annual excl tax'!$B23,'5.8.1 (Small excl tax)'!H:H) -> 3.751704 | H23: =AVERAGEIF('5.8.1 (Small excl tax)'!$A:$A,'Annual excl tax'!$B23,'5.8.1 (Small excl tax)'!I:I) -> 3.5260633 | I23: =AVERAGEIF('5.8.1 (Small excl tax)'!$A:$A,'Annual excl tax'!$B23,'5.8.1 (Small excl tax)'!J:J) -> 3.6474836 | J23: =AVERAGEIF('5.8.1 (Small excl tax)'!$A:$A,'Annual excl tax'!$B23,'5.8.1 (Small excl tax)'!K:K) -> 3.2757027 | K23: =AVERAGEIF('5.8.1 (Small excl tax)'!$A:$A,'Annual excl tax'!$B23,'5.8.1 (Small excl tax)'!L:L) -> 3.3884662 | L23: =AVERAGEIF('5.8.1 (Small excl tax)'!$A:$A,'Annual excl tax'!$B23,'5.8.1 (Small excl tax)'!M:M) -> 3.8387242 | M23: =AVERAGEIF('5.8.1 (Small excl tax)'!$A:$A,'Annual excl tax'!$B23,'5.8.1 (Small excl tax)'!N:N) -> 3.0647355 | N23: =AVERAGEIF('5.8.1 (Small excl tax)'!$A:$A,'Annual excl tax'!$B23,'5.8.1 (Small excl tax)'!O:O) -> 4.6256462 | O23: =AVERAGEIF('5.8.1 (Small excl tax)'!$A:$A,'Annual excl tax'!$B23,'5.8.1 (Small excl tax)'!P:P) -> 3.6296141 | P23: =AVERAGEIF('5.8.1 (Small excl tax)'!$A:$A,'Annual excl tax'!$B23,'5.8.1 (Small excl tax)'!Q:Q) -> 3.7872223 | Q23: =AVERAGEIF('5.8.1 (Small excl tax)'!$A:$A,'Annual excl tax'!$B23,'5.8.1 (Small excl tax)'!R:R) -> 3.1243043 | R23: =MEDIAN(C23:Q23) -> 3.3884662 | S23: =(Q23-R23)/R23*100 -> -7.7959149 | T23: =RANK(Q23,(C23:Q23),1) -> 4 | U23: =AVERAGEIF('5.8.1 (Small excl tax)'!$A:$A,'Annual excl tax'!$B23,'5.8.1 (Small excl tax)'!V:V) -> 2.8990146 | V23: =AVERAGEIF('5.8.1 (Small excl tax)'!$A:$A,'Annual excl tax'!$B23,'5.8.1 (Small excl tax)'!W:W) -> 3.4329091 | X23: =AVERAGEIF('5.8.1 (Small excl tax)'!$A:$A,'Annual excl tax'!$B23,'5.8.1 (Small excl tax)'!Y:Y) -> 2.7062194 | Y23: =AVERAGEIF('5.8.1 (Small excl tax)'!$A:$A,'Annual excl tax'!$B23,'5.8.1 (Small excl tax)'!Z:Z) -> 2.9510024 | Z23: =AVERAGEIF('5.8.1 (Small excl tax)'!$A:$A,'Annual excl tax'!$B23,'5.8.1 (Small excl tax)'!AA:AA) -> 3.3326174 | AA23: =AVERAGEIF('5.8.1 (Small excl tax)'!$A:$A,'Annual excl tax'!$B23,'5.8.1 (Small excl tax)'!AB:AB) -> 2.9526415 | AB23: =AVERAGEIF('5.8.1 (Small excl tax)'!$A:$A,'Annual excl tax'!$B23,'5.8.1 (Small excl tax)'!AC:AC) -> 3.3773078 | AD23: =AVERAGEIF('5.8.1 (Small excl tax)'!$A:$A,'Annual excl tax'!$B23,'5.8.1 (Small excl tax)'!AE:AE) -> 3.3347944 | AE23: =AVERAGEIF('5.8.1 (Small excl tax)'!$A:$A,'Annual excl tax'!$B23,'5.8.1 (Small excl tax)'!AF:AF) -> 1.8945162 | AF23: =AVERAGEIF('5.8.1 (Small excl tax)'!$A:$A,'Annual excl tax'!$B23,'5.8.1 (Small excl tax)'!AG:AG) -> 3.2959126 | AG23: =AVERAGEIF('5.8.1 (Small excl tax)'!$A:$A,'Annual excl tax'!$B23,'5.8.1 (Small excl tax)'!AH:AH) -> 4.0049733 | AH23: =MEDIAN(C23:Q23,U23:AG23) -> 3.314265 | AI23: =(Q23-AH23)/AH23*100 -> -5.7316097 | AJ23: =RANK(Q23,(C23:Q23,U23:AG23),1) -> 9
A24: Small | B24: 2015 | C24: =AVERAGEIF('5.8.1 (Small excl tax)'!$A:$A,'Annual excl tax'!$B24,'5.8.1 (Small excl tax)'!D:D) -> 2.7259153 | D24: =AVERAGEIF('5.8.1 (Small excl tax)'!$A:$A,'Annual excl tax'!$B24,'5.8.1 (Small excl tax)'!E:E) -> 2.4500602 | E24: =AVERAGEIF('5.8.1 (Small excl tax)'!$A:$A,'Annual excl tax'!$B24,'5.8.1 (Small excl tax)'!F:F) -> 2.3637063 | F24: =AVERAGEIF('5.8.1 (Small excl tax)'!$A:$A,'Annual excl tax'!$B24,'5.8.1 (Small excl tax)'!G:G) -> 2.5756139 | G24: =AVERAGEIF('5.8.1 (Small excl tax)'!$A:$A,'Annual excl tax'!$B24,'5.8.1 (Small excl tax)'!H:H) -> 2.9620019 | H24: =AVERAGEIF('5.8.1 (Small excl tax)'!$A:$A,'Annual excl tax'!$B24,'5.8.1 (Small excl tax)'!I:I) -> 2.809998 | I24: =AVERAGEIF('5.8.1 (Small excl tax)'!$A:$A,'Annual excl tax'!$B24,'5.8.1 (Small excl tax)'!J:J) -> 2.509525 | J24: =AVERAGEIF('5.8.1 (Small excl tax)'!$A:$A,'Annual excl tax'!$B24,'5.8.1 (Small excl tax)'!K:K) -> 2.7363936 | K24: =AVERAGEIF('5.8.1 (Small excl tax)'!$A:$A,'Annual excl tax'!$B24,'5.8.1 (Small excl tax)'!L:L) -> 2.907778 | L24: =AVERAGEIF('5.8.1 (Small excl tax)'!$A:$A,'Annual excl tax'!$B24,'5.8.1 (Small excl tax)'!M:M) -> 3.1326281 | M24: =AVERAGEIF('5.8.1 (Small excl tax)'!$A:$A,'Annual excl tax'!$B24,'5.8.1 (Small excl tax)'!N:N) -> 2.5728372 | N24: =AVERAGEIF('5.8.1 (Small excl tax)'!$A:$A,'Annual excl tax'!$B24,'5.8.1 (Small excl tax)'!O:O) -> 4.0120197 | O24: =AVERAGEIF('5.8.1 (Small excl tax)'!$A:$A,'Annual excl tax'!$B24,'5.8.1 (Small excl tax)'!P:P) -> 2.9738703 | P24: =AVERAGEIF('5.8.1 (Small excl tax)'!$A:$A,'Annual excl tax'!$B24,'5.8.1 (Small excl tax)'!Q:Q) -> 3.3392351 | Q24: =AVERAGEIF('5.8.1 (Small excl tax)'!$A:$A,'Annual excl tax'!$B24,'5.8.1 (Small excl tax)'!R:R) -> 2.7585507 | R24: =MEDIAN(C24:Q24) -> 2.7585507 | S24: =(Q24-R24)/R24*100 -> 0 | T24: =RANK(Q24,(C24:Q24),1) -> 8 | U24: =AVERAGEIF('5.8.1 (Small excl tax)'!$A:$A,'Annual excl tax'!$B24,'5.8.1 (Small excl tax)'!V:V) -> 2.226916 | V24: =AVERAGEIF('5.8.1 (Small excl tax)'!$A:$A,'Annual excl tax'!$B24,'5.8.1 (Small excl tax)'!W:W) -> 2.8864422 | X24: =AVERAGEIF('5.8.1 (Small excl tax)'!$A:$A,'Annual excl tax'!$B24,'5.8.1 (Small excl tax)'!Y:Y) -> 2.2796236 | Y24: =AVERAGEIF('5.8.1 (Small excl tax)'!$A:$A,'Annual excl tax'!$B24,'5.8.1 (Small excl tax)'!Z:Z) -> 2.2168168 | Z24: =AVERAGEIF('5.8.1 (Small excl tax)'!$A:$A,'Annual excl tax'!$B24,'5.8.1 (Small excl tax)'!AA:AA) -> 2.7480724 | AA24: =AVERAGEIF('5.8.1 (Small excl tax)'!$A:$A,'Annual excl tax'!$B24,'5.8.1 (Small excl tax)'!AB:AB) -> 2.42639 | AB24: =AVERAGEIF('5.8.1 (Small excl tax)'!$A:$A,'Annual excl tax'!$B24,'5.8.1 (Small excl tax)'!AC:AC) -> 2.1613924 | AD24: =AVERAGEIF('5.8.1 (Small excl tax)'!$A:$A,'Annual excl tax'!$B24,'5.8.1 (Small excl tax)'!AE:AE) -> 2.9513341 | AE24: =AVERAGEIF('5.8.1 (Small excl tax)'!$A:$A,'Annual excl tax'!$B24,'5.8.1 (Small excl tax)'!AF:AF) -> 1.6625793 | AF24: =AVERAGEIF('5.8.1 (Small excl tax)'!$A:$A,'Annual excl tax'!$B24,'5.8.1 (Small excl tax)'!AG:AG) -> 2.7908703 | AG24: =AVERAGEIF('5.8.1 (Small excl tax)'!$A:$A,'Annual excl tax'!$B24,'5.8.1 (Small excl tax)'!AH:AH) -> 3.2591928 | AH24: =MEDIAN(C24:Q24,U24:AG24) -> 2.742233 | AI24: =(Q24-AH24)/AH24*100 -> 0.59505258 | AJ24: =RANK(Q24,(C24:Q24,U24:AG24),1) -> 15
A25: Small | B25: 2016 | C25: =AVERAGEIF('5.8.1 (Small excl tax)'!$A:$A,'Annual excl tax'!$B25,'5.8.1 (Small excl tax)'!D:D) -> 2.8495084 | D25: =AVERAGEIF('5.8.1 (Small excl tax)'!$A:$A,'Annual excl tax'!$B25,'5.8.1 (Small excl tax)'!E:E) -> 2.488367 | E25: =AVERAGEIF('5.8.1 (Small excl tax)'!$A:$A,'Annual excl tax'!$B25,'5.8.1 (Small excl tax)'!F:F) -> 2.3797725 | F25: =AVERAGEIF('5.8.1 (Small excl tax)'!$A:$A,'Annual excl tax'!$B25,'5.8.1 (Small excl tax)'!G:G) -> 2.5231437 | G25: =AVERAGEIF('5.8.1 (Small excl tax)'!$A:$A,'Annual excl tax'!$B25,'5.8.1 (Small excl tax)'!H:H) -> 2.9147651 | H25: =AVERAGEIF('5.8.1 (Small excl tax)'!$A:$A,'Annual excl tax'!$B25,'5.8.1 (Small excl tax)'!I:I) -> 2.5495857 | I25: =AVERAGEIF('5.8.1 (Small excl tax)'!$A:$A,'Annual excl tax'!$B25,'5.8.1 (Small excl tax)'!J:J) -> 2.2146278 | J25: =AVERAGEIF('5.8.1 (Small excl tax)'!$A:$A,'Annual excl tax'!$B25,'5.8.1 (Small excl tax)'!K:K) -> 3.0958848 | K25: =AVERAGEIF('5.8.1 (Small excl tax)'!$A:$A,'Annual excl tax'!$B25,'5.8.1 (Small excl tax)'!L:L) -> 2.9105817 | L25: =AVERAGEIF('5.8.1 (Small excl tax)'!$A:$A,'Annual excl tax'!$B25,'5.8.1 (Small excl tax)'!M:M) -> 3.1063198 | M25: =AVERAGEIF('5.8.1 (Small excl tax)'!$A:$A,'Annual excl tax'!$B25,'5.8.1 (Small excl tax)'!N:N) -> 2.4707768 | N25: =AVERAGEIF('5.8.1 (Small excl tax)'!$A:$A,'Annual excl tax'!$B25,'5.8.1 (Small excl tax)'!O:O) -> 3.1375754 | O25: =AVERAGEIF('5.8.1 (Small excl tax)'!$A:$A,'Annual excl tax'!$B25,'5.8.1 (Small excl tax)'!P:P) -> 2.8591677 | P25: =AVERAGEIF('5.8.1 (Small excl tax)'!$A:$A,'Annual excl tax'!$B25,'5.8.1 (Small excl tax)'!Q:Q) -> 3.3582042 | Q25: =AVERAGEIF('5.8.1 (Small excl tax)'!$A:$A,'Annual excl tax'!$B25,'5.8.1 (Small excl tax)'!R:R) -> 2.3152914 | R25: =MEDIAN(C25:Q25) -> 2.8495084 | S25: =(Q25-R25)/R25*100 -> -18.747688 | T25: =RANK(Q25,(C25:Q25),1) -> 2 | U25: =AVERAGEIF('5.8.1 (Small excl tax)'!$A:$A,'Annual excl tax'!$B25,'5.8.1 (Small excl tax)'!V:V) -> 1.8189683 | V25: =AVERAGEIF('5.8.1 (Small excl tax)'!$A:$A,'Annual excl tax'!$B25,'5.8.1 (Small excl tax)'!W:W) -> 2.7485222 | X25: =AVERAGEIF('5.8.1 (Small excl tax)'!$A:$A,'Annual excl tax'!$B25,'5.8.1 (Small excl tax)'!Y:Y) -> 2.2610828 | Y25: =AVERAGEIF('5.8.1 (Small excl tax)'!$A:$A,'Annual excl tax'!$B25,'5.8.1 (Small excl tax)'!Z:Z) -> 1.8346848 | Z25: =AVERAGEIF('5.8.1 (Small excl tax)'!$A:$A,'Annual excl tax'!$B25,'5.8.1 (Small excl tax)'!AA:AA) -> 2.3311532 | AA25: =AVERAGEIF('5.8.1 (Small excl tax)'!$A:$A,'Annual excl tax'!$B25,'5.8.1 (Small excl tax)'!AB:AB) -> 2.2226719 | AB25: =AVERAGEIF('5.8.1 (Small excl tax)'!$A:$A,'Annual excl tax'!$B25,'5.8.1 (Small excl tax)'!AC:AC) -> 2.2407792 | AD25: =AVERAGEIF('5.8.1 (Small excl tax)'!$A:$A,'Annual excl tax'!$B25,'5.8.1 (Small excl tax)'!AE:AE) -> 2.7868198 | AE25: =AVERAGEIF('5.8.1 (Small excl tax)'!$A:$A,'Annual excl tax'!$B25,'5.8.1 (Small excl tax)'!AF:AF) -> 1.7388348 | AF25: =AVERAGEIF('5.8.1 (Small excl tax)'!$A:$A,'Annual excl tax'!$B25,'5.8.1 (Small excl tax)'!AG:AG) -> 2.828833 | AG25: =AVERAGEIF('5.8.1 (Small excl tax)'!$A:$A,'Annual excl tax'!$B25,'5.8.1 (Small excl tax)'!AH:AH) -> 3.2740006 | AH25: =MEDIAN(C25:Q25,U25:AG25) -> 2.5363647 | AI25: =(Q25-AH25)/AH25*100 -> -8.7161453 | AJ25: =RANK(Q25,(C25:Q25,U25:AG25),1) -> 8
A26: Small | B26: 2017 | C26: =AVERAGEIF('5.8.1 (Small excl tax)'!$A:$A,'Annual excl tax'!$B26,'5.8.1 (Small excl tax)'!D:D) -> 2.9513701 | D26: =AVERAGEIF('5.8.1 (Small excl tax)'!$A:$A,'Annual excl tax'!$B26,'5.8.1 (Small excl tax)'!E:E) -> 2.5598946 | E26: =AVERAGEIF('5.8.1 (Small excl tax)'!$A:$A,'Annual excl tax'!$B26,'5.8.1 (Small excl tax)'!F:F) -> 2.8362867 | F26: =AVERAGEIF('5.8.1 (Small excl tax)'!$A:$A,'Annual excl tax'!$B26,'5.8.1 (Small excl tax)'!G:G) -> 3.2342969 | G26: =AVERAGEIF('5.8.1 (Small excl tax)'!$A:$A,'Annual excl tax'!$B26,'5.8.1 (Small excl tax)'!H:H) -> 2.9859591 | H26: =AVERAGEIF('5.8.1 (Small excl tax)'!$A:$A,'Annual excl tax'!$B26,'5.8.1 (Small excl tax)'!I:I) -> 2.7081328 | I26: =AVERAGEIF('5.8.1 (Small excl tax)'!$A:$A,'Annual excl tax'!$B26,'5.8.1 (Small excl tax)'!J:J) -> 2.454535 | J26: =AVERAGEIF('5.8.1 (Small excl tax)'!$A:$A,'Annual excl tax'!$B26,'5.8.1 (Small excl tax)'!K:K) -> 3.3023593 | K26: =AVERAGEIF('5.8.1 (Small excl tax)'!$A:$A,'Annual excl tax'!$B26,'5.8.1 (Small excl tax)'!L:L) -> 2.9413285 | L26: =AVERAGEIF('5.8.1 (Small excl tax)'!$A:$A,'Annual excl tax'!$B26,'5.8.1 (Small excl tax)'!M:M) -> 3.0516301 | M26: =AVERAGEIF('5.8.1 (Small excl tax)'!$A:$A,'Annual excl tax'!$B26,'5.8.1 (Small excl tax)'!N:N) -> 2.4280744 | N26: =AVERAGEIF('5.8.1 (Small excl tax)'!$A:$A,'Annual excl tax'!$B26,'5.8.1 (Small excl tax)'!O:O) -> 3.1550783 | O26: =AVERAGEIF('5.8.1 (Small excl tax)'!$A:$A,'Annual excl tax'!$B26,'5.8.1 (Small excl tax)'!P:P) -> 3.0793656 | P26: =AVERAGEIF('5.8.1 (Small excl tax)'!$A:$A,'Annual excl tax'!$B26,'5.8.1 (Small excl tax)'!Q:Q) -> 3.9613008 | Q26: =AVERAGEIF('5.8.1 (Small excl tax)'!$A:$A,'Annual excl tax'!$B26,'5.8.1 (Small excl tax)'!R:R) -> 2.0888808 | R26: =MEDIAN(C26:Q26) -> 2.9513701 | S26: =(Q26-R26)/R26*100 -> -29.223353 | T26: =RANK(Q26,(C26:Q26),1) -> 1 | U26: =AVERAGEIF('5.8.1 (Small excl tax)'!$A:$A,'Annual excl tax'!$B26,'5.8.1 (Small excl tax)'!V:V) -> 2.2693156 | V26: =AVERAGEIF('5.8.1 (Small excl tax)'!$A:$A,'Annual excl tax'!$B26,'5.8.1 (Small excl tax)'!W:W) -> 2.4805157 | X26: =AVERAGEIF('5.8.1 (Small excl tax)'!$A:$A,'Annual excl tax'!$B26,'5.8.1 (Small excl tax)'!Y:Y) -> 2.2980073 | Y26: =AVERAGEIF('5.8.1 (Small excl tax)'!$A:$A,'Annual excl tax'!$B26,'5.8.1 (Small excl tax)'!Z:Z) -> 2.2946607 | Z26: =AVERAGEIF('5.8.1 (Small excl tax)'!$A:$A,'Annual excl tax'!$B26,'5.8.1 (Small excl tax)'!AA:AA) -> 2.3944417 | AA26: =AVERAGEIF('5.8.1 (Small excl tax)'!$A:$A,'Annual excl tax'!$B26,'5.8.1 (Small excl tax)'!AB:AB) -> 2.6370416 | AB26: =AVERAGEIF('5.8.1 (Small excl tax)'!$A:$A,'Annual excl tax'!$B26,'5.8.1 (Small excl tax)'!AC:AC) -> 2.4626625 | AD26: =AVERAGEIF('5.8.1 (Small excl tax)'!$A:$A,'Annual excl tax'!$B26,'5.8.1 (Small excl tax)'!AE:AE) -> 2.8329391 | AE26: =AVERAGEIF('5.8.1 (Small excl tax)'!$A:$A,'Annual excl tax'!$B26,'5.8.1 (Small excl tax)'!AF:AF) -> 2.4319001 | AF26: =AVERAGEIF('5.8.1 (Small excl tax)'!$A:$A,'Annual excl tax'!$B26,'5.8.1 (Small excl tax)'!AG:AG) -> 2.8681655 | AG26: =AVERAGEIF('5.8.1 (Small excl tax)'!$A:$A,'Annual excl tax'!$B26,'5.8.1 (Small excl tax)'!AH:AH) -> 3.0492387 | AH26: =MEDIAN(C26:Q26,U26:AG26) -> 2.7705359 | AI26: =(Q26-AH26)/AH26*100 -> -24.603729 | AJ26: =RANK(Q26,(C26:Q26,U26:AG26),1) -> 1
A27: Small | B27: 2018 | C27: =AVERAGEIF('5.8.1 (Small excl tax)'!$A:$A,'Annual excl tax'!$B27,'5.8.1 (Small excl tax)'!D:D) -> 2.9725332 | D27: =AVERAGEIF('5.8.1 (Small excl tax)'!$A:$A,'Annual excl tax'!$B27,'5.8.1 (Small excl tax)'!E:E) -> 2.5836013 | E27: =AVERAGEIF('5.8.1 (Small excl tax)'!$A:$A,'Annual excl tax'!$B27,'5.8.1 (Small excl tax)'!F:F) -> 3.1584436 | F27: =AVERAGEIF('5.8.1 (Small excl tax)'!$A:$A,'Annual excl tax'!$B27,'5.8.1 (Small excl tax)'!G:G) -> 3.7819628 | G27: =AVERAGEIF('5.8.1 (Small excl tax)'!$A:$A,'Annual excl tax'!$B27,'5.8.1 (Small excl tax)'!H:H) -> 3.2217203 | H27: =AVERAGEIF('5.8.1 (Small excl tax)'!$A:$A,'Annual excl tax'!$B27,'5.8.1 (Small excl tax)'!I:I) -> 2.9239046 | I27: =AVERAGEIF('5.8.1 (Small excl tax)'!$A:$A,'Annual excl tax'!$B27,'5.8.1 (Small excl tax)'!J:J) -> 3.2448757 | J27: =AVERAGEIF('5.8.1 (Small excl tax)'!$A:$A,'Annual excl tax'!$B27,'5.8.1 (Small excl tax)'!K:K) -> 3.5233057 | K27: =AVERAGEIF('5.8.1 (Small excl tax)'!$A:$A,'Annual excl tax'!$B27,'5.8.1 (Small excl tax)'!L:L) -> 3.2517375 | L27: =AVERAGEIF('5.8.1 (Small excl tax)'!$A:$A,'Annual excl tax'!$B27,'5.8.1 (Small excl tax)'!M:M) -> 3.237912 | M27: =AVERAGEIF('5.8.1 (Small excl tax)'!$A:$A,'Annual excl tax'!$B27,'5.8.1 (Small excl tax)'!N:N) -> 2.4192977 | N27: =AVERAGEIF('5.8.1 (Small excl tax)'!$A:$A,'Annual excl tax'!$B27,'5.8.1 (Small excl tax)'!O:O) -> 3.4630243 | O27: =AVERAGEIF('5.8.1 (Small excl tax)'!$A:$A,'Annual excl tax'!$B27,'5.8.1 (Small excl tax)'!P:P) -> 3.2206556 | P27: =AVERAGEIF('5.8.1 (Small excl tax)'!$A:$A,'Annual excl tax'!$B27,'5.8.1 (Small excl tax)'!Q:Q) -> 4.3484431 | Q27: =AVERAGEIF('5.8.1 (Small excl tax)'!$A:$A,'Annual excl tax'!$B27,'5.8.1 (Small excl tax)'!R:R) -> 2.541561 | R27: =MEDIAN(C27:Q27) -> 3.2217203 | S27: =(Q27-R27)/R27*100 -> -21.111682 | T27: =RANK(Q27,(C27:Q27),1) -> 2 | U27: =AVERAGEIF('5.8.1 (Small excl tax)'!$A:$A,'Annual excl tax'!$B27,'5.8.1 (Small excl tax)'!V:V) -> 2.6813424 | V27: =AVERAGEIF('5.8.1 (Small excl tax)'!$A:$A,'Annual excl tax'!$B27,'5.8.1 (Small excl tax)'!W:W) -> 2.5795413 | X27: =AVERAGEIF('5.8.1 (Small excl tax)'!$A:$A,'Annual excl tax'!$B27,'5.8.1 (Small excl tax)'!Y:Y) -> 2.4016542 | Y27: =AVERAGEIF('5.8.1 (Small excl tax)'!$A:$A,'Annual excl tax'!$B27,'5.8.1 (Small excl tax)'!Z:Z) -> 2.411226 | Z27: =AVERAGEIF('5.8.1 (Small excl tax)'!$A:$A,'Annual excl tax'!$B27,'5.8.1 (Small excl tax)'!AA:AA) -> 2.4471906 | AA27: =AVERAGEIF('5.8.1 (Small excl tax)'!$A:$A,'Annual excl tax'!$B27,'5.8.1 (Small excl tax)'!AB:AB) -> 2.9727268 | AB27: =AVERAGEIF('5.8.1 (Small excl tax)'!$A:$A,'Annual excl tax'!$B27,'5.8.1 (Small excl tax)'!AC:AC) -> 2.8942262 | AD27: =AVERAGEIF('5.8.1 (Small excl tax)'!$A:$A,'Annual excl tax'!$B27,'5.8.1 (Small excl tax)'!AE:AE) -> 3.0346485 | AE27: =AVERAGEIF('5.8.1 (Small excl tax)'!$A:$A,'Annual excl tax'!$B27,'5.8.1 (Small excl tax)'!AF:AF) -> 2.5703565 | AF27: =AVERAGEIF('5.8.1 (Small excl tax)'!$A:$A,'Annual excl tax'!$B27,'5.8.1 (Small excl tax)'!AG:AG) -> 2.9729687 | AG27: =AVERAGEIF('5.8.1 (Small excl tax)'!$A:$A,'Annual excl tax'!$B27,'5.8.1 (Small excl tax)'!AH:AH) -> 3.3490431 | AH27: =MEDIAN(C27:Q27,U27:AG27) -> 2.9728478 | AI27: =(Q27-AH27)/AH27*100 -> -14.50753 | AJ27: =RANK(Q27,(C27:Q27,U27:AG27),1) -> 5
A28: Small | B28: 2019 | C28: =AVERAGEIF('5.8.1 (Small excl tax)'!$A:$A,'Annual excl tax'!$B28,'5.8.1 (Small excl tax)'!D:D) -> 3.0218331 | D28: =AVERAGEIF('5.8.1 (Small excl tax)'!$A:$A,'Annual excl tax'!$B28,'5.8.1 (Small excl tax)'!E:E) -> 2.4599872 | E28: =AVERAGEIF('5.8.1 (Small excl tax)'!$A:$A,'Annual excl tax'!$B28,'5.8.1 (Small excl tax)'!F:F) -> 2.7525945 | F28: =AVERAGEIF('5.8.1 (Small excl tax)'!$A:$A,'Annual excl tax'!$B28,'5.8.1 (Small excl tax)'!G:G) -> 4.0757296 | G28: =AVERAGEIF('5.8.1 (Small excl tax)'!$A:$A,'Annual excl tax'!$B28,'5.8.1 (Small excl tax)'!H:H) -> 3.3929489 | H28: =AVERAGEIF('5.8.1 (Small excl tax)'!$A:$A,'Annual excl tax'!$B28,'5.8.1 (Small excl tax)'!I:I) -> 2.8185771 | I28: =AVERAGEIF('5.8.1 (Small excl tax)'!$A:$A,'Annual excl tax'!$B28,'5.8.1 (Small excl tax)'!J:J) -> 3.3501538 | J28: =AVERAGEIF('5.8.1 (Small excl tax)'!$A:$A,'Annual excl tax'!$B28,'5.8.1 (Small excl tax)'!K:K) -> 3.2740533 | K28: =AVERAGEIF('5.8.1 (Small excl tax)'!$A:$A,'Annual excl tax'!$B28,'5.8.1 (Small excl tax)'!L:L) -> 3.1816143 | L28: =AVERAGEIF('5.8.1 (Small excl tax)'!$A:$A,'Annual excl tax'!$B28,'5.8.1 (Small excl tax)'!M:M) -> 3.2704219 | M28: =AVERAGEIF('5.8.1 (Small excl tax)'!$A:$A,'Annual excl tax'!$B28,'5.8.1 (Small excl tax)'!N:N) -> 2.3194449 | N28: =AVERAGEIF('5.8.1 (Small excl tax)'!$A:$A,'Annual excl tax'!$B28,'5.8.1 (Small excl tax)'!O:O) -> 3.6245646 | O28: =AVERAGEIF('5.8.1 (Small excl tax)'!$A:$A,'Annual excl tax'!$B28,'5.8.1 (Small excl tax)'!P:P) -> 3.2696515 | P28: =AVERAGEIF('5.8.1 (Small excl tax)'!$A:$A,'Annual excl tax'!$B28,'5.8.1 (Small excl tax)'!Q:Q) -> 3.4299764 | Q28: =AVERAGEIF('5.8.1 (Small excl tax)'!$A:$A,'Annual excl tax'!$B28,'5.8.1 (Small excl tax)'!R:R) -> 2.4978516 | R28: =MEDIAN(C28:Q28) -> 3.2696515 | S28: =(Q28-R28)/R28*100 -> -23.60496 | T28: =RANK(Q28,(C28:Q28),1) -> 3 | U28: =AVERAGEIF('5.8.1 (Small excl tax)'!$A:$A,'Annual excl tax'!$B28,'5.8.1 (Small excl tax)'!V:V) -> 2.9029375 | V28: =AVERAGEIF('5.8.1 (Small excl tax)'!$A:$A,'Annual excl tax'!$B28,'5.8.1 (Small excl tax)'!W:W) -> 2.7657095 | X28: =AVERAGEIF('5.8.1 (Small excl tax)'!$A:$A,'Annual excl tax'!$B28,'5.8.1 (Small excl tax)'!Y:Y) -> 2.6149586 | Y28: =AVERAGEIF('5.8.1 (Small excl tax)'!$A:$A,'Annual excl tax'!$B28,'5.8.1 (Small excl tax)'!Z:Z) -> 2.5843722 | Z28: =AVERAGEIF('5.8.1 (Small excl tax)'!$A:$A,'Annual excl tax'!$B28,'5.8.1 (Small excl tax)'!AA:AA) -> 2.6060643 | AA28: =AVERAGEIF('5.8.1 (Small excl tax)'!$A:$A,'Annual excl tax'!$B28,'5.8.1 (Small excl tax)'!AB:AB) -> 2.8810642 | AB28: =AVERAGEIF('5.8.1 (Small excl tax)'!$A:$A,'Annual excl tax'!$B28,'5.8.1 (Small excl tax)'!AC:AC) -> 2.4215034 | AD28: =AVERAGEIF('5.8.1 (Small excl tax)'!$A:$A,'Annual excl tax'!$B28,'5.8.1 (Small excl tax)'!AE:AE) -> 3.3225191 | AE28: =AVERAGEIF('5.8.1 (Small excl tax)'!$A:$A,'Annual excl tax'!$B28,'5.8.1 (Small excl tax)'!AF:AF) -> 2.9331161 | AF28: =AVERAGEIF('5.8.1 (Small excl tax)'!$A:$A,'Annual excl tax'!$B28,'5.8.1 (Small excl tax)'!AG:AG) -> 3.3664018 | AG28: =AVERAGEIF('5.8.1 (Small excl tax)'!$A:$A,'Annual excl tax'!$B28,'5.8.1 (Small excl tax)'!AH:AH) -> 3.4335626 | AH28: =MEDIAN(C28:Q28,U28:AG28) -> 2.9774746 | AI28: =(Q28-AH28)/AH28*100 -> -16.108384 | AJ28: =RANK(Q28,(C28:Q28,U28:AG28),1) -> 4
A29: Small | B29: 2020 | C29: =AVERAGEIF('5.8.1 (Small excl tax)'!$A:$A,'Annual excl tax'!$B29,'5.8.1 (Small excl tax)'!D:D) -> 2.894315 | D29: =AVERAGEIF('5.8.1 (Small excl tax)'!$A:$A,'Annual excl tax'!$B29,'5.8.1 (Small excl tax)'!E:E) -> 2.1704947 | E29: =AVERAGEIF('5.8.1 (Small excl tax)'!$A:$A,'Annual excl tax'!$B29,'5.8.1 (Small excl tax)'!F:F) -> 2.5082131 | F29: =AVERAGEIF('5.8.1 (Small excl tax)'!$A:$A,'Annual excl tax'!$B29,'5.8.1 (Small excl tax)'!G:G) -> 3.7555792 | G29: =AVERAGEIF('5.8.1 (Small excl tax)'!$A:$A,'Annual excl tax'!$B29,'5.8.1 (Small excl tax)'!H:H) -> 3.269671 | H29: =AVERAGEIF('5.8.1 (Small excl tax)'!$A:$A,'Annual excl tax'!$B29,'5.8.1 (Small excl tax)'!I:I) -> 2.7963635 | I29: =AVERAGEIF('5.8.1 (Small excl tax)'!$A:$A,'Annual excl tax'!$B29,'5.8.1 (Small excl tax)'!J:J) -> 2.5664542 | J29: =AVERAGEIF('5.8.1 (Small excl tax)'!$A:$A,'Annual excl tax'!$B29,'5.8.1 (Small excl tax)'!K:K) -> 3.1052575 | K29: =AVERAGEIF('5.8.1 (Small excl tax)'!$A:$A,'Annual excl tax'!$B29,'5.8.1 (Small excl tax)'!L:L) -> 2.8346714 | L29: =AVERAGEIF('5.8.1 (Small excl tax)'!$A:$A,'Annual excl tax'!$B29,'5.8.1 (Small excl tax)'!M:M) -> 3.1181542 | M29: =AVERAGEIF('5.8.1 (Small excl tax)'!$A:$A,'Annual excl tax'!$B29,'5.8.1 (Small excl tax)'!N:N) -> 2.7797655 | N29: =AVERAGEIF('5.8.1 (Small excl tax)'!$A:$A,'Annual excl tax'!$B29,'5.8.1 (Small excl tax)'!O:O) -> 3.0554714 | O29: =AVERAGEIF('5.8.1 (Small excl tax)'!$A:$A,'Annual excl tax'!$B29,'5.8.1 (Small excl tax)'!P:P) -> 2.8075536 | P29: =AVERAGEIF('5.8.1 (Small excl tax)'!$A:$A,'Annual excl tax'!$B29,'5.8.1 (Small excl tax)'!Q:Q) -> 5.0189511 | Q29: =AVERAGEIF('5.8.1 (Small excl tax)'!$A:$A,'Annual excl tax'!$B29,'5.8.1 (Small excl tax)'!R:R) -> 2.465079 | R29: =MEDIAN(C29:Q29) -> 2.8346714 | S29: =(Q29-R29)/R29*100 -> -13.038279 | T29: =RANK(Q29,(C29:Q29),1) -> 2 | U29: =AVERAGEIF('5.8.1 (Small excl tax)'!$A:$A,'Annual excl tax'!$B29,'5.8.1 (Small excl tax)'!V:V) -> 2.3886297 | V29: =AVERAGEIF('5.8.1 (Small excl tax)'!$A:$A,'Annual excl tax'!$B29,'5.8.1 (Small excl tax)'!W:W) -> 2.5777143 | X29: =AVERAGEIF('5.8.1 (Small excl tax)'!$A:$A,'Annual excl tax'!$B29,'5.8.1 (Small excl tax)'!Y:Y) -> 2.392035 | Y29: =AVERAGEIF('5.8.1 (Small excl tax)'!$A:$A,'Annual excl tax'!$B29,'5.8.1 (Small excl tax)'!Z:Z) -> 2.2175457 | Z29: =AVERAGEIF('5.8.1 (Small excl tax)'!$A:$A,'Annual excl tax'!$B29,'5.8.1 (Small excl tax)'!AA:AA) -> 2.2834156 | AA29: =AVERAGEIF('5.8.1 (Small excl tax)'!$A:$A,'Annual excl tax'!$B29,'5.8.1 (Small excl tax)'!AB:AB) -> 2.3809229 | AB29: =AVERAGEIF('5.8.1 (Small excl tax)'!$A:$A,'Annual excl tax'!$B29,'5.8.1 (Small excl tax)'!AC:AC) -> 1.9043502 | AD29: =AVERAGEIF('5.8.1 (Small excl tax)'!$A:$A,'Annual excl tax'!$B29,'5.8.1 (Small excl tax)'!AE:AE) -> 3.0855503 | AE29: =AVERAGEIF('5.8.1 (Small excl tax)'!$A:$A,'Annual excl tax'!$B29,'5.8.1 (Small excl tax)'!AF:AF) -> 2.6766321 | AF29: =AVERAGEIF('5.8.1 (Small excl tax)'!$A:$A,'Annual excl tax'!$B29,'5.8.1 (Small excl tax)'!AG:AG) -> 3.170239 | AG29: =AVERAGEIF('5.8.1 (Small excl tax)'!$A:$A,'Annual excl tax'!$B29,'5.8.1 (Small excl tax)'!AH:AH) -> 3.032203 | AH29: =MEDIAN(C29:Q29,U29:AG29) -> 2.7880645 | AI29: =(Q29-AH29)/AH29*100 -> -11.584577 | AJ29: =RANK(Q29,(C29:Q29,U29:AG29),1) -> 8
A30: Small | B30: 2021 | C30: =AVERAGEIF('5.8.1 (Small excl tax)'!$A:$A,'Annual excl tax'!$B30,'5.8.1 (Small excl tax)'!D:D) -> 2.9212065 | D30: =AVERAGEIF('5.8.1 (Small excl tax)'!$A:$A,'Annual excl tax'!$B30,'5.8.1 (Small excl tax)'!E:E) -> 2.9130823 | E30: =AVERAGEIF('5.8.1 (Small excl tax)'!$A:$A,'Annual excl tax'!$B30,'5.8.1 (Small excl tax)'!F:F) -> 4.4378361 | F30: =AVERAGEIF('5.8.1 (Small excl tax)'!$A:$A,'Annual excl tax'!$B30,'5.8.1 (Small excl tax)'!G:G) -> 4.5205385 | G30: =AVERAGEIF('5.8.1 (Small excl tax)'!$A:$A,'Annual excl tax'!$B30,'5.8.1 (Small excl tax)'!H:H) -> 3.5282483 | H30: =AVERAGEIF('5.8.1 (Small excl tax)'!$A:$A,'Annual excl tax'!$B30,'5.8.1 (Small excl tax)'!I:I) -> 2.8274265 | I30: =AVERAGEIF('5.8.1 (Small excl tax)'!$A:$A,'Annual excl tax'!$B30,'5.8.1 (Small excl tax)'!J:J) -> 4.6799586 | J30: =AVERAGEIF('5.8.1 (Small excl tax)'!$A:$A,'Annual excl tax'!$B30,'5.8.1 (Small excl tax)'!K:K) -> 4.0523548 | K30: =AVERAGEIF('5.8.1 (Small excl tax)'!$A:$A,'Annual excl tax'!$B30,'5.8.1 (Small excl tax)'!L:L) -> 3.3886568 | L30: =AVERAGEIF('5.8.1 (Small excl tax)'!$A:$A,'Annual excl tax'!$B30,'5.8.1 (Small excl tax)'!M:M) -> 3.5926174 | M30: =AVERAGEIF('5.8.1 (Small excl tax)'!$A:$A,'Annual excl tax'!$B30,'5.8.1 (Small excl tax)'!N:N) -> 2.7960832 | N30: =AVERAGEIF('5.8.1 (Small excl tax)'!$A:$A,'Annual excl tax'!$B30,'5.8.1 (Small excl tax)'!O:O) -> 3.0622388 | O30: =AVERAGEIF('5.8.1 (Small excl tax)'!$A:$A,'Annual excl tax'!$B30,'5.8.1 (Small excl tax)'!P:P) -> 2.9763328 | P30: =AVERAGEIF('5.8.1 (Small excl tax)'!$A:$A,'Annual excl tax'!$B30,'5.8.1 (Small excl tax)'!Q:Q) -> 6.6819951 | Q30: =AVERAGEIF('5.8.1 (Small excl tax)'!$A:$A,'Annual excl tax'!$B30,'5.8.1 (Small excl tax)'!R:R) -> 2.7926569 | R30: =MEDIAN(C30:Q30) -> 3.3886568 | S30: =(Q30-R30)/R30*100 -> -17.588087 | T30: =RANK(Q30,(C30:Q30),1) -> 1 | U30: =AVERAGEIF('5.8.1 (Small excl tax)'!$A:$A,'Annual excl tax'!$B30,'5.8.1 (Small excl tax)'!V:V) -> 3.6259566 | V30: =AVERAGEIF('5.8.1 (Small excl tax)'!$A:$A,'Annual excl tax'!$B30,'5.8.1 (Small excl tax)'!W:W) -> 2.9782567 | X30: =AVERAGEIF('5.8.1 (Small excl tax)'!$A:$A,'Annual excl tax'!$B30,'5.8.1 (Small excl tax)'!Y:Y) -> 2.3369008 | Y30: =AVERAGEIF('5.8.1 (Small excl tax)'!$A:$A,'Annual excl tax'!$B30,'5.8.1 (Small excl tax)'!Z:Z) -> 4.3431704 | Z30: =AVERAGEIF('5.8.1 (Small excl tax)'!$A:$A,'Annual excl tax'!$B30,'5.8.1 (Small excl tax)'!AA:AA) -> 2.9404801 | AA30: =AVERAGEIF('5.8.1 (Small excl tax)'!$A:$A,'Annual excl tax'!$B30,'5.8.1 (Small excl tax)'!AB:AB) -> 3.5737205 | AB30: =AVERAGEIF('5.8.1 (Small excl tax)'!$A:$A,'Annual excl tax'!$B30,'5.8.1 (Small excl tax)'!AC:AC) -> 4.6907228 | AD30: =AVERAGEIF('5.8.1 (Small excl tax)'!$A:$A,'Annual excl tax'!$B30,'5.8.1 (Small excl tax)'!AE:AE) -> 3.2064833 | AE30: =AVERAGEIF('5.8.1 (Small excl tax)'!$A:$A,'Annual excl tax'!$B30,'5.8.1 (Small excl tax)'!AF:AF) -> 3.2922196 | AF30: =AVERAGEIF('5.8.1 (Small excl tax)'!$A:$A,'Annual excl tax'!$B30,'5.8.1 (Small excl tax)'!AG:AG) -> 3.5082413 | AG30: =AVERAGEIF('5.8.1 (Small excl tax)'!$A:$A,'Annual excl tax'!$B30,'5.8.1 (Small excl tax)'!AH:AH) -> 3.2373435 | AH30: =MEDIAN(C30:Q30,U30:AG30) -> 3.3404382 | AI30: =(Q30-AH30)/AH30*100 -> -16.398487 | AJ30: =RANK(Q30,(C30:Q30,U30:AG30),1) -> 2
A31: Small | B31: 2022 | C31: =AVERAGEIF('5.8.1 (Small excl tax)'!$A:$A,'Annual excl tax'!$B31,'5.8.1 (Small excl tax)'!D:D) -> 4.9966151 | D31: =AVERAGEIF('5.8.1 (Small excl tax)'!$A:$A,'Annual excl tax'!$B31,'5.8.1 (Small excl tax)'!E:E) -> 5.3832059 | E31: =AVERAGEIF('5.8.1 (Small excl tax)'!$A:$A,'Annual excl tax'!$B31,'5.8.1 (Small excl tax)'!F:F) -> 9.7515772 | F31: =AVERAGEIF('5.8.1 (Small excl tax)'!$A:$A,'Annual excl tax'!$B31,'5.8.1 (Small excl tax)'!G:G) -> 13.059283 | G31: =AVERAGEIF('5.8.1 (Small excl tax)'!$A:$A,'Annual excl tax'!$B31,'5.8.1 (Small excl tax)'!H:H) -> 5.608602 | H31: =AVERAGEIF('5.8.1 (Small excl tax)'!$A:$A,'Annual excl tax'!$B31,'5.8.1 (Small excl tax)'!I:I) -> 4.2597804 | I31: =AVERAGEIF('5.8.1 (Small excl tax)'!$A:$A,'Annual excl tax'!$B31,'5.8.1 (Small excl tax)'!J:J) -> 11.02085 | J31: =AVERAGEIF('5.8.1 (Small excl tax)'!$A:$A,'Annual excl tax'!$B31,'5.8.1 (Small excl tax)'!K:K) -> 7.0457196 | K31: =AVERAGEIF('5.8.1 (Small excl tax)'!$A:$A,'Annual excl tax'!$B31,'5.8.1 (Small excl tax)'!L:L) -> 8.5610596 | L31: =AVERAGEIF('5.8.1 (Small excl tax)'!$A:$A,'Annual excl tax'!$B31,'5.8.1 (Small excl tax)'!M:M) -> 7.7384922 | M31: =AVERAGEIF('5.8.1 (Small excl tax)'!$A:$A,'Annual excl tax'!$B31,'5.8.1 (Small excl tax)'!N:N) -> 4.7777711 | N31: =AVERAGEIF('5.8.1 (Small excl tax)'!$A:$A,'Annual excl tax'!$B31,'5.8.1 (Small excl tax)'!O:O) -> 7.4836206 | O31: =AVERAGEIF('5.8.1 (Small excl tax)'!$A:$A,'Annual excl tax'!$B31,'5.8.1 (Small excl tax)'!P:P) -> 6.9289144 | P31: =AVERAGEIF('5.8.1 (Small excl tax)'!$A:$A,'Annual excl tax'!$B31,'5.8.1 (Small excl tax)'!Q:Q) -> 13.001748 | Q31: =AVERAGEIF('5.8.1 (Small excl tax)'!$A:$A,'Annual excl tax'!$B31,'5.8.1 (Small excl tax)'!R:R) -> 4.3295663 | R31: =MEDIAN(C31:Q31) -> 7.0457196 | S31: =(Q31-R31)/R31*100 -> -38.550404 | T31: =RANK(Q31,(C31:Q31),1) -> 2 | U31: =AVERAGEIF('5.8.1 (Small excl tax)'!$A:$A,'Annual excl tax'!$B31,'5.8.1 (Small excl tax)'!V:V) -> 8.1009391 | V31: =AVERAGEIF('5.8.1 (Small excl tax)'!$A:$A,'Annual excl tax'!$B31,'5.8.1 (Small excl tax)'!W:W) -> 6.9960477 | X31: =AVERAGEIF('5.8.1 (Small excl tax)'!$A:$A,'Annual excl tax'!$B31,'5.8.1 (Small excl tax)'!Y:Y) -> 6.3079839 | Y31: =AVERAGEIF('5.8.1 (Small excl tax)'!$A:$A,'Annual excl tax'!$B31,'5.8.1 (Small excl tax)'!Z:Z) -> 10.717002 | Z31: =AVERAGEIF('5.8.1 (Small excl tax)'!$A:$A,'Annual excl tax'!$B31,'5.8.1 (Small excl tax)'!AA:AA) -> 7.0094712 | AA31: =AVERAGEIF('5.8.1 (Small excl tax)'!$A:$A,'Annual excl tax'!$B31,'5.8.1 (Small excl tax)'!AB:AB) -> 9.5628807 | AB31: =AVERAGEIF('5.8.1 (Small excl tax)'!$A:$A,'Annual excl tax'!$B31,'5.8.1 (Small excl tax)'!AC:AC) -> 9.4130612 | AD31: =AVERAGEIF('5.8.1 (Small excl tax)'!$A:$A,'Annual excl tax'!$B31,'5.8.1 (Small excl tax)'!AE:AE) -> 5.6980772 | AE31: =AVERAGEIF('5.8.1 (Small excl tax)'!$A:$A,'Annual excl tax'!$B31,'5.8.1 (Small excl tax)'!AF:AF) -> 10.848984 | AF31: =AVERAGEIF('5.8.1 (Small excl tax)'!$A:$A,'Annual excl tax'!$B31,'5.8.1 (Small excl tax)'!AG:AG) -> 6.4051742 | AG31: =AVERAGEIF('5.8.1 (Small excl tax)'!$A:$A,'Annual excl tax'!$B31,'5.8.1 (Small excl tax)'!AH:AH) -> 6.4382125 | AH31: =MEDIAN(C31:Q31,U31:AG31) -> 7.0275954 | AI31: =(Q31-AH31)/AH31*100 -> -38.391925 | AJ31: =RANK(Q31,(C31:Q31,U31:AG31),1) -> 2
A32: Small | B32: 2023 | C32: =AVERAGEIF('5.8.1 (Small excl tax)'!$A:$A,'Annual excl tax'!$B32,'5.8.1 (Small excl tax)'!D:D) -> 7.8386274 | D32: =AVERAGEIF('5.8.1 (Small excl tax)'!$A:$A,'Annual excl tax'!$B32,'5.8.1 (Small excl tax)'!E:E) -> 5.5289232 | E32: =AVERAGEIF('5.8.1 (Small excl tax)'!$A:$A,'Annual excl tax'!$B32,'5.8.1 (Small excl tax)'!F:F) -> 5.7038088 | F32: =AVERAGEIF('5.8.1 (Small excl tax)'!$A:$A,'Annual excl tax'!$B32,'5.8.1 (Small excl tax)'!G:G) -> 6.7928718 | G32: =AVERAGEIF('5.8.1 (Small excl tax)'!$A:$A,'Annual excl tax'!$B32,'5.8.1 (Small excl tax)'!H:H) -> 7.8387673 | H32: =AVERAGEIF('5.8.1 (Small excl tax)'!$A:$A,'Annual excl tax'!$B32,'5.8.1 (Small excl tax)'!I:I) -> 6.803564 | I32: =AVERAGEIF('5.8.1 (Small excl tax)'!$A:$A,'Annual excl tax'!$B32,'5.8.1 (Small excl tax)'!J:J) -> 6.1142939 | J32: =AVERAGEIF('5.8.1 (Small excl tax)'!$A:$A,'Annual excl tax'!$B32,'5.8.1 (Small excl tax)'!K:K) -> 7.6899883 | K32: =AVERAGEIF('5.8.1 (Small excl tax)'!$A:$A,'Annual excl tax'!$B32,'5.8.1 (Small excl tax)'!L:L) -> 7.4813112 | L32: =AVERAGEIF('5.8.1 (Small excl tax)'!$A:$A,'Annual excl tax'!$B32,'5.8.1 (Small excl tax)'!M:M) -> 10.161275 | M32: =AVERAGEIF('5.8.1 (Small excl tax)'!$A:$A,'Annual excl tax'!$B32,'5.8.1 (Small excl tax)'!N:N) -> 7.3750954 | N32: =AVERAGEIF('5.8.1 (Small excl tax)'!$A:$A,'Annual excl tax'!$B32,'5.8.1 (Small excl tax)'!O:O) -> 7.1703277 | O32: =AVERAGEIF('5.8.1 (Small excl tax)'!$A:$A,'Annual excl tax'!$B32,'5.8.1 (Small excl tax)'!P:P) -> 6.0646145 | P32: =AVERAGEIF('5.8.1 (Small excl tax)'!$A:$A,'Annual excl tax'!$B32,'5.8.1 (Small excl tax)'!Q:Q) -> 9.391151 | Q32: =AVERAGEIF('5.8.1 (Small excl tax)'!$A:$A,'Annual excl tax'!$B32,'5.8.1 (Small excl tax)'!R:R) -> 5.9477467 | R32: =MEDIAN(C32:Q32) -> 7.1703277 | S32: =(Q32-R32)/R32*100 -> -17.05056 | T32: =RANK(Q32,(C32:Q32),1) -> 3 | U32: =AVERAGEIF('5.8.1 (Small excl tax)'!$A:$A,'Annual excl tax'!$B32,'5.8.1 (Small excl tax)'!V:V) -> 5.4690251 | V32: =AVERAGEIF('5.8.1 (Small excl tax)'!$A:$A,'Annual excl tax'!$B32,'5.8.1 (Small excl tax)'!W:W) -> 6.0204793 | X32: =AVERAGEIF('5.8.1 (Small excl tax)'!$A:$A,'Annual excl tax'!$B32,'5.8.1 (Small excl tax)'!Y:Y) -> 6.0596809 | Y32: =AVERAGEIF('5.8.1 (Small excl tax)'!$A:$A,'Annual excl tax'!$B32,'5.8.1 (Small excl tax)'!Z:Z) -> 5.8547078 | Z32: =AVERAGEIF('5.8.1 (Small excl tax)'!$A:$A,'Annual excl tax'!$B32,'5.8.1 (Small excl tax)'!AA:AA) -> 9.4250676 | AA32: =AVERAGEIF('5.8.1 (Small excl tax)'!$A:$A,'Annual excl tax'!$B32,'5.8.1 (Small excl tax)'!AB:AB) -> 7.414562 | AB32: =AVERAGEIF('5.8.1 (Small excl tax)'!$A:$A,'Annual excl tax'!$B32,'5.8.1 (Small excl tax)'!AC:AC) -> 5.79913 | AD32: =AVERAGEIF('5.8.1 (Small excl tax)'!$A:$A,'Annual excl tax'!$B32,'5.8.1 (Small excl tax)'!AE:AE) -> 6.7386667 | AE32: =AVERAGEIF('5.8.1 (Small excl tax)'!$A:$A,'Annual excl tax'!$B32,'5.8.1 (Small excl tax)'!AF:AF) -> 5.2145126 | AF32: =AVERAGEIF('5.8.1 (Small excl tax)'!$A:$A,'Annual excl tax'!$B32,'5.8.1 (Small excl tax)'!AG:AG) -> 9.4184278 | AG32: =AVERAGEIF('5.8.1 (Small excl tax)'!$A:$A,'Annual excl tax'!$B32,'5.8.1 (Small excl tax)'!AH:AH) -> 7.5193486 | AH32: =MEDIAN(C32:Q32,U32:AG32) -> 6.7982179 | AI32: =(Q32-AH32)/AH32*100 -> -12.510208 | AJ32: =RANK(Q32,(C32:Q32,U32:AG32),1) -> 7
A33: Small | B33: 2024 | C33: =AVERAGEIF('5.8.1 (Small excl tax)'!$A:$A,'Annual excl tax'!$B33,'5.8.1 (Small excl tax)'!D:D) -> 6.1612744 | D33: =AVERAGEIF('5.8.1 (Small excl tax)'!$A:$A,'Annual excl tax'!$B33,'5.8.1 (Small excl tax)'!E:E) -> 4.7821873 | E33: =AVERAGEIF('5.8.1 (Small excl tax)'!$A:$A,'Annual excl tax'!$B33,'5.8.1 (Small excl tax)'!F:F) -> 5.1025341 | F33: =AVERAGEIF('5.8.1 (Small excl tax)'!$A:$A,'Annual excl tax'!$B33,'5.8.1 (Small excl tax)'!G:G) -> 6.0689027 | G33: =AVERAGEIF('5.8.1 (Small excl tax)'!$A:$A,'Annual excl tax'!$B33,'5.8.1 (Small excl tax)'!H:H) -> 6.5647887 | H33: =AVERAGEIF('5.8.1 (Small excl tax)'!$A:$A,'Annual excl tax'!$B33,'5.8.1 (Small excl tax)'!I:I) -> 5.8287221 | I33: =AVERAGEIF('5.8.1 (Small excl tax)'!$A:$A,'Annual excl tax'!$B33,'5.8.1 (Small excl tax)'!J:J) -> 4.4679226 | J33: =AVERAGEIF('5.8.1 (Small excl tax)'!$A:$A,'Annual excl tax'!$B33,'5.8.1 (Small excl tax)'!K:K) -> 6.1413963 | K33: =AVERAGEIF('5.8.1 (Small excl tax)'!$A:$A,'Annual excl tax'!$B33,'5.8.1 (Small excl tax)'!L:L) -> 5.552523 | L33: =AVERAGEIF('5.8.1 (Small excl tax)'!$A:$A,'Annual excl tax'!$B33,'5.8.1 (Small excl tax)'!M:M) -> 7.1834395 | M33: =AVERAGEIF('5.8.1 (Small excl tax)'!$A:$A,'Annual excl tax'!$B33,'5.8.1 (Small excl tax)'!N:N) -> 5.6976693 | N33: =AVERAGEIF('5.8.1 (Small excl tax)'!$A:$A,'Annual excl tax'!$B33,'5.8.1 (Small excl tax)'!O:O) -> 5.2920078 | O33: =AVERAGEIF('5.8.1 (Small excl tax)'!$A:$A,'Annual excl tax'!$B33,'5.8.1 (Small excl tax)'!P:P) -> 4.6588866 | P33: =AVERAGEIF('5.8.1 (Small excl tax)'!$A:$A,'Annual excl tax'!$B33,'5.8.1 (Small excl tax)'!Q:Q) -> 7.6179416 | Q33: =AVERAGEIF('5.8.1 (Small excl tax)'!$A:$A,'Annual excl tax'!$B33,'5.8.1 (Small excl tax)'!R:R) -> 5.1203999 | R33: =MEDIAN(C33:Q33) -> 5.6976693 | S33: =(Q33-R33)/R33*100 -> -10.131675 | T33: =RANK(Q33,(C33:Q33),1) -> 5 | U33: =AVERAGEIF('5.8.1 (Small excl tax)'!$A:$A,'Annual excl tax'!$B33,'5.8.1 (Small excl tax)'!V:V) -> 3.9798889 | V33: =AVERAGEIF('5.8.1 (Small excl tax)'!$A:$A,'Annual excl tax'!$B33,'5.8.1 (Small excl tax)'!W:W) -> 4.7770595 | X33: =AVERAGEIF('5.8.1 (Small excl tax)'!$A:$A,'Annual excl tax'!$B33,'5.8.1 (Small excl tax)'!Y:Y) -> 5.8942589 | Y33: =AVERAGEIF('5.8.1 (Small excl tax)'!$A:$A,'Annual excl tax'!$B33,'5.8.1 (Small excl tax)'!Z:Z) -> 4.5621823 | Z33: =AVERAGEIF('5.8.1 (Small excl tax)'!$A:$A,'Annual excl tax'!$B33,'5.8.1 (Small excl tax)'!AA:AA) -> 5.9602728 | AA33: =AVERAGEIF('5.8.1 (Small excl tax)'!$A:$A,'Annual excl tax'!$B33,'5.8.1 (Small excl tax)'!AB:AB) -> 4.7532258 | AB33: =AVERAGEIF('5.8.1 (Small excl tax)'!$A:$A,'Annual excl tax'!$B33,'5.8.1 (Small excl tax)'!AC:AC) -> 4.1230264 | AD33: =AVERAGEIF('5.8.1 (Small excl tax)'!$A:$A,'Annual excl tax'!$B33,'5.8.1 (Small excl tax)'!AE:AE) -> 6.3506987 | AE33: =AVERAGEIF('5.8.1 (Small excl tax)'!$A:$A,'Annual excl tax'!$B33,'5.8.1 (Small excl tax)'!AF:AF) -> 4.4368346 | AF33: =AVERAGEIF('5.8.1 (Small excl tax)'!$A:$A,'Annual excl tax'!$B33,'5.8.1 (Small excl tax)'!AG:AG) -> 6.718721 | AG33: =AVERAGEIF('5.8.1 (Small excl tax)'!$A:$A,'Annual excl tax'!$B33,'5.8.1 (Small excl tax)'!AH:AH) -> 5.453374 | AH33: =MEDIAN(C33:Q33,U33:AG33) -> 5.5029485 | AI33: =(Q33-AH33)/AH33*100 -> -6.9517014 | AJ33: =RANK(Q33,(C33:Q33,U33:AG33),1) -> 11
A34: Small | B34: 2025 | C34: =AVERAGEIF('5.8.1 (Small excl tax)'!$A:$A,'Annual excl tax'!$B34,'5.8.1 (Small excl tax)'!D:D) -> 5.5117896 | D34: =AVERAGEIF('5.8.1 (Small excl tax)'!$A:$A,'Annual excl tax'!$B34,'5.8.1 (Small excl tax)'!E:E) -> 5.2720822 | E34: =AVERAGEIF('5.8.1 (Small excl tax)'!$A:$A,'Annual excl tax'!$B34,'5.8.1 (Small excl tax)'!F:F) -> 4.3045506 | F34: =AVERAGEIF('5.8.1 (Small excl tax)'!$A:$A,'Annual excl tax'!$B34,'5.8.1 (Small excl tax)'!G:G) -> 6.6803941 | G34: =AVERAGEIF('5.8.1 (Small excl tax)'!$A:$A,'Annual excl tax'!$B34,'5.8.1 (Small excl tax)'!H:H) -> 6.3059544 | H34: =AVERAGEIF('5.8.1 (Small excl tax)'!$A:$A,'Annual excl tax'!$B34,'5.8.1 (Small excl tax)'!I:I) -> 5.8266134 | I34: =AVERAGEIF('5.8.1 (Small excl tax)'!$A:$A,'Annual excl tax'!$B34,'5.8.1 (Small excl tax)'!J:J) -> 5.2333786 | J34: =AVERAGEIF('5.8.1 (Small excl tax)'!$A:$A,'Annual excl tax'!$B34,'5.8.1 (Small excl tax)'!K:K) -> 6.212341 | K34: =AVERAGEIF('5.8.1 (Small excl tax)'!$A:$A,'Annual excl tax'!$B34,'5.8.1 (Small excl tax)'!L:L) -> 5.6379579 | L34: =AVERAGEIF('5.8.1 (Small excl tax)'!$A:$A,'Annual excl tax'!$B34,'5.8.1 (Small excl tax)'!M:M) -> 6.3730002 | M34: =AVERAGEIF('5.8.1 (Small excl tax)'!$A:$A,'Annual excl tax'!$B34,'5.8.1 (Small excl tax)'!N:N) -> 4.8126669 | N34: =AVERAGEIF('5.8.1 (Small excl tax)'!$A:$A,'Annual excl tax'!$B34,'5.8.1 (Small excl tax)'!O:O) -> 5.5429895 | O34: =AVERAGEIF('5.8.1 (Small excl tax)'!$A:$A,'Annual excl tax'!$B34,'5.8.1 (Small excl tax)'!P:P) -> 4.7752493 | P34: =AVERAGEIF('5.8.1 (Small excl tax)'!$A:$A,'Annual excl tax'!$B34,'5.8.1 (Small excl tax)'!Q:Q) -> 8.1663297 | Q34: =AVERAGEIF('5.8.1 (Small excl tax)'!$A:$A,'Annual excl tax'!$B34,'5.8.1 (Small excl tax)'!R:R) -> 4.5719725 | R34: =MEDIAN(C34:Q34) -> 5.5429895 | S34: =(Q34-R34)/R34*100 -> -17.517929 | T34: =RANK(Q34,(C34:Q34),1) -> 2 | U34: =AVERAGEIF('5.8.1 (Small excl tax)'!$A:$A,'Annual excl tax'!$B34,'5.8.1 (Small excl tax)'!V:V) -> 4.3623872 | V34: =AVERAGEIF('5.8.1 (Small excl tax)'!$A:$A,'Annual excl tax'!$B34,'5.8.1 (Small excl tax)'!W:W) -> 4.5558962 | X34: =AVERAGEIF('5.8.1 (Small excl tax)'!$A:$A,'Annual excl tax'!$B34,'5.8.1 (Small excl tax)'!Y:Y) -> 5.8506782 | Y34: =AVERAGEIF('5.8.1 (Small excl tax)'!$A:$A,'Annual excl tax'!$B34,'5.8.1 (Small excl tax)'!Z:Z) -> 4.6217298 | Z34: =AVERAGEIF('5.8.1 (Small excl tax)'!$A:$A,'Annual excl tax'!$B34,'5.8.1 (Small excl tax)'!AA:AA) -> 5.0328081 | AA34: =AVERAGEIF('5.8.1 (Small excl tax)'!$A:$A,'Annual excl tax'!$B34,'5.8.1 (Small excl tax)'!AB:AB) -> 5.0328081 | AB34: =AVERAGEIF('5.8.1 (Small excl tax)'!$A:$A,'Annual excl tax'!$B34,'5.8.1 (Small excl tax)'!AC:AC) -> 4.8556526 | AE34: =AVERAGEIF('5.8.1 (Small excl tax)'!$A:$A,'Annual excl tax'!$B34,'5.8.1 (Small excl tax)'!AF:AF) -> 4.72234 | AF34: =AVERAGEIF('5.8.1 (Small excl tax)'!$A:$A,'Annual excl tax'!$B34,'5.8.1 (Small excl tax)'!AG:AG) -> 6.1436498 | AG34: =AVERAGEIF('5.8.1 (Small excl tax)'!$A:$A,'Annual excl tax'!$B34,'5.8.1 (Small excl tax)'!AH:AH) -> 5.224386 | AH34: =MEDIAN(C34:Q34,U34:AG34) -> 5.2333786 | AI34: =(Q34-AH34)/AH34*100 -> -12.638224 | AJ34: =RANK(Q34,(C34:Q34,U34:AG34),1) -> 4
A35: Medium | B35: 2008 | D35: =AVERAGEIF('5.8.2 (Medium excl tax)'!$A:$A,'Annual excl tax'!$B35,'5.8.2 (Medium excl tax)'!E:E) -> 2.7956494 | E35: =AVERAGEIF('5.8.2 (Medium excl tax)'!$A:$A,'Annual excl tax'!$B35,'5.8.2 (Medium excl tax)'!F:F) -> 2.1632073 | F35: =AVERAGEIF('5.8.2 (Medium excl tax)'!$A:$A,'Annual excl tax'!$B35,'5.8.2 (Medium excl tax)'!G:G) -> 2.3278928 | G35: =AVERAGEIF('5.8.2 (Medium excl tax)'!$A:$A,'Annual excl tax'!$B35,'5.8.2 (Medium excl tax)'!H:H) -> 2.825359 | H35: =AVERAGEIF('5.8.2 (Medium excl tax)'!$A:$A,'Annual excl tax'!$B35,'5.8.2 (Medium excl tax)'!I:I) -> 3.4418863 | J35: =AVERAGEIF('5.8.2 (Medium excl tax)'!$A:$A,'Annual excl tax'!$B35,'5.8.2 (Medium excl tax)'!K:K) -> 3.1595609 | K35: =AVERAGEIF('5.8.2 (Medium excl tax)'!$A:$A,'Annual excl tax'!$B35,'5.8.2 (Medium excl tax)'!L:L) -> 2.8172456 | L35: =AVERAGEIF('5.8.2 (Medium excl tax)'!$A:$A,'Annual excl tax'!$B35,'5.8.2 (Medium excl tax)'!M:M) -> 3.1038823 | M35: =AVERAGEIF('5.8.2 (Medium excl tax)'!$A:$A,'Annual excl tax'!$B35,'5.8.2 (Medium excl tax)'!N:N) -> 2.4843703 | N35: =AVERAGEIF('5.8.2 (Medium excl tax)'!$A:$A,'Annual excl tax'!$B35,'5.8.2 (Medium excl tax)'!O:O) -> 2.5686873 | O35: =AVERAGEIF('5.8.2 (Medium excl tax)'!$A:$A,'Annual excl tax'!$B35,'5.8.2 (Medium excl tax)'!P:P) -> 2.3959649 | P35: =AVERAGEIF('5.8.2 (Medium excl tax)'!$A:$A,'Annual excl tax'!$B35,'5.8.2 (Medium excl tax)'!Q:Q) -> 3.6442623 | Q35: =AVERAGEIF('5.8.2 (Medium excl tax)'!$A:$A,'Annual excl tax'!$B35,'5.8.2 (Medium excl tax)'!R:R) -> 2.2298116 | R35: =MEDIAN(C35:Q35) -> 2.7956494 | S35: =(Q35-R35)/R35*100 -> -20.239944 | T35: =RANK(Q35,(C35:Q35),1) -> 2 | U35: =AVERAGEIF('5.8.2 (Medium excl tax)'!$A:$A,'Annual excl tax'!$B35,'5.8.2 (Medium excl tax)'!V:V) -> 1.8911789 | V35: =AVERAGEIF('5.8.2 (Medium excl tax)'!$A:$A,'Annual excl tax'!$B35,'5.8.2 (Medium excl tax)'!W:W) -> 1.7949768 | X35: =AVERAGEIF('5.8.2 (Medium excl tax)'!$A:$A,'Annual excl tax'!$B35,'5.8.2 (Medium excl tax)'!Y:Y) -> 2.7523037 | Y35: =AVERAGEIF('5.8.2 (Medium excl tax)'!$A:$A,'Annual excl tax'!$B35,'5.8.2 (Medium excl tax)'!Z:Z) -> 2.2064555 | Z35: =AVERAGEIF('5.8.2 (Medium excl tax)'!$A:$A,'Annual excl tax'!$B35,'5.8.2 (Medium excl tax)'!AA:AA) -> 2.989717 | AA35: =AVERAGEIF('5.8.2 (Medium excl tax)'!$A:$A,'Annual excl tax'!$B35,'5.8.2 (Medium excl tax)'!AB:AB) -> 2.7209705 | AB35: =AVERAGEIF('5.8.2 (Medium excl tax)'!$A:$A,'Annual excl tax'!$B35,'5.8.2 (Medium excl tax)'!AC:AC) -> 3.0133712 | AD35: =AVERAGEIF('5.8.2 (Medium excl tax)'!$A:$A,'Annual excl tax'!$B35,'5.8.2 (Medium excl tax)'!AE:AE) -> 2.5403371 | AE35: =AVERAGEIF('5.8.2 (Medium excl tax)'!$A:$A,'Annual excl tax'!$B35,'5.8.2 (Medium excl tax)'!AF:AF) -> 1.8055456 | AF35: =AVERAGEIF('5.8.2 (Medium excl tax)'!$A:$A,'Annual excl tax'!$B35,'5.8.2 (Medium excl tax)'!AG:AG) -> 3.1989429 | AG35: =AVERAGEIF('5.8.2 (Medium excl tax)'!$A:$A,'Annual excl tax'!$B35,'5.8.2 (Medium excl tax)'!AH:AH) -> 3.0490888 | AH35: =MEDIAN(C35:Q35,U35:AG35) -> 2.7366371 | AI35: =(Q35-AH35)/AH35*100 -> -18.520012 | AJ35: =RANK(Q35,(C35:Q35,U35:AG35),1) -> 6
A36: Medium | B36: 2009 | C36: =AVERAGEIF('5.8.2 (Medium excl tax)'!$A:$A,'Annual excl tax'!$B36,'5.8.2 (Medium excl tax)'!D:D) -> 2.709611 | D36: =AVERAGEIF('5.8.2 (Medium excl tax)'!$A:$A,'Annual excl tax'!$B36,'5.8.2 (Medium excl tax)'!E:E) -> 2.6937837 | E36: =AVERAGEIF('5.8.2 (Medium excl tax)'!$A:$A,'Annual excl tax'!$B36,'5.8.2 (Medium excl tax)'!F:F) -> 1.8395378 | F36: =AVERAGEIF('5.8.2 (Medium excl tax)'!$A:$A,'Annual excl tax'!$B36,'5.8.2 (Medium excl tax)'!G:G) -> 2.4692989 | G36: =AVERAGEIF('5.8.2 (Medium excl tax)'!$A:$A,'Annual excl tax'!$B36,'5.8.2 (Medium excl tax)'!H:H) -> 2.9281951 | H36: =AVERAGEIF('5.8.2 (Medium excl tax)'!$A:$A,'Annual excl tax'!$B36,'5.8.2 (Medium excl tax)'!I:I) -> 3.1035776 | J36: =AVERAGEIF('5.8.2 (Medium excl tax)'!$A:$A,'Annual excl tax'!$B36,'5.8.2 (Medium excl tax)'!K:K) -> 2.6640793 | K36: =AVERAGEIF('5.8.2 (Medium excl tax)'!$A:$A,'Annual excl tax'!$B36,'5.8.2 (Medium excl tax)'!L:L) -> 2.8570369 | L36: =AVERAGEIF('5.8.2 (Medium excl tax)'!$A:$A,'Annual excl tax'!$B36,'5.8.2 (Medium excl tax)'!M:M) -> 3.3738103 | M36: =AVERAGEIF('5.8.2 (Medium excl tax)'!$A:$A,'Annual excl tax'!$B36,'5.8.2 (Medium excl tax)'!N:N) -> 2.7944963 | N36: =AVERAGEIF('5.8.2 (Medium excl tax)'!$A:$A,'Annual excl tax'!$B36,'5.8.2 (Medium excl tax)'!O:O) -> 2.732379 | O36: =AVERAGEIF('5.8.2 (Medium excl tax)'!$A:$A,'Annual excl tax'!$B36,'5.8.2 (Medium excl tax)'!P:P) -> 2.6027406 | P36: =AVERAGEIF('5.8.2 (Medium excl tax)'!$A:$A,'Annual excl tax'!$B36,'5.8.2 (Medium excl tax)'!Q:Q) -> 3.1445105 | Q36: =AVERAGEIF('5.8.2 (Medium excl tax)'!$A:$A,'Annual excl tax'!$B36,'5.8.2 (Medium excl tax)'!R:R) -> 2.1503146 | R36: =MEDIAN(C36:Q36) -> 2.720995 | S36: =(Q36-R36)/R36*100 -> -20.973225 | T36: =RANK(Q36,(C36:Q36),1) -> 2 | U36: =AVERAGEIF('5.8.2 (Medium excl tax)'!$A:$A,'Annual excl tax'!$B36,'5.8.2 (Medium excl tax)'!V:V) -> 2.3582857 | V36: =AVERAGEIF('5.8.2 (Medium excl tax)'!$A:$A,'Annual excl tax'!$B36,'5.8.2 (Medium excl tax)'!W:W) -> 2.3655167 | X36: =AVERAGEIF('5.8.2 (Medium excl tax)'!$A:$A,'Annual excl tax'!$B36,'5.8.2 (Medium excl tax)'!Y:Y) -> 2.5999756 | Y36: =AVERAGEIF('5.8.2 (Medium excl tax)'!$A:$A,'Annual excl tax'!$B36,'5.8.2 (Medium excl tax)'!Z:Z) -> 2.096439 | Z36: =AVERAGEIF('5.8.2 (Medium excl tax)'!$A:$A,'Annual excl tax'!$B36,'5.8.2 (Medium excl tax)'!AA:AA) -> 3.1702249 | AA36: =AVERAGEIF('5.8.2 (Medium excl tax)'!$A:$A,'Annual excl tax'!$B36,'5.8.2 (Medium excl tax)'!AB:AB) -> 2.9750876 | AB36: =AVERAGEIF('5.8.2 (Medium excl tax)'!$A:$A,'Annual excl tax'!$B36,'5.8.2 (Medium excl tax)'!AC:AC) -> 2.6112874 | AD36: =AVERAGEIF('5.8.2 (Medium excl tax)'!$A:$A,'Annual excl tax'!$B36,'5.8.2 (Medium excl tax)'!AE:AE) -> 2.5794802 | AE36: =AVERAGEIF('5.8.2 (Medium excl tax)'!$A:$A,'Annual excl tax'!$B36,'5.8.2 (Medium excl tax)'!AF:AF) -> 1.3747661 | AF36: =AVERAGEIF('5.8.2 (Medium excl tax)'!$A:$A,'Annual excl tax'!$B36,'5.8.2 (Medium excl tax)'!AG:AG) -> 3.1831109 | AG36: =AVERAGEIF('5.8.2 (Medium excl tax)'!$A:$A,'Annual excl tax'!$B36,'5.8.2 (Medium excl tax)'!AH:AH) -> 3.2351212 | AH36: =MEDIAN(C36:Q36,U36:AG36) -> 2.6937837 | AI36: =(Q36-AH36)/AH36*100 -> -20.174934 | AJ36: =RANK(Q36,(C36:Q36,U36:AG36),1) -> 4
A37: Medium | B37: 2010 | C37: =AVERAGEIF('5.8.2 (Medium excl tax)'!$A:$A,'Annual excl tax'!$B37,'5.8.2 (Medium excl tax)'!D:D) -> 2.7785802 | D37: =AVERAGEIF('5.8.2 (Medium excl tax)'!$A:$A,'Annual excl tax'!$B37,'5.8.2 (Medium excl tax)'!E:E) -> 2.3599624 | E37: =AVERAGEIF('5.8.2 (Medium excl tax)'!$A:$A,'Annual excl tax'!$B37,'5.8.2 (Medium excl tax)'!F:F) -> 2.2027762 | F37: =AVERAGEIF('5.8.2 (Medium excl tax)'!$A:$A,'Annual excl tax'!$B37,'5.8.2 (Medium excl tax)'!G:G) -> 2.5468885 | G37: =AVERAGEIF('5.8.2 (Medium excl tax)'!$A:$A,'Annual excl tax'!$B37,'5.8.2 (Medium excl tax)'!H:H) -> 2.8301066 | H37: =AVERAGEIF('5.8.2 (Medium excl tax)'!$A:$A,'Annual excl tax'!$B37,'5.8.2 (Medium excl tax)'!I:I) -> 2.8500348 | J37: =AVERAGEIF('5.8.2 (Medium excl tax)'!$A:$A,'Annual excl tax'!$B37,'5.8.2 (Medium excl tax)'!K:K) -> 2.4316742 | K37: =AVERAGEIF('5.8.2 (Medium excl tax)'!$A:$A,'Annual excl tax'!$B37,'5.8.2 (Medium excl tax)'!L:L) -> 2.4260535 | L37: =AVERAGEIF('5.8.2 (Medium excl tax)'!$A:$A,'Annual excl tax'!$B37,'5.8.2 (Medium excl tax)'!M:M) -> 3.3499542 | M37: =AVERAGEIF('5.8.2 (Medium excl tax)'!$A:$A,'Annual excl tax'!$B37,'5.8.2 (Medium excl tax)'!N:N) -> 2.2615673 | N37: =AVERAGEIF('5.8.2 (Medium excl tax)'!$A:$A,'Annual excl tax'!$B37,'5.8.2 (Medium excl tax)'!O:O) -> 2.6058487 | O37: =AVERAGEIF('5.8.2 (Medium excl tax)'!$A:$A,'Annual excl tax'!$B37,'5.8.2 (Medium excl tax)'!P:P) -> 2.4374022 | P37: =AVERAGEIF('5.8.2 (Medium excl tax)'!$A:$A,'Annual excl tax'!$B37,'5.8.2 (Medium excl tax)'!Q:Q) -> 3.3928355 | Q37: =AVERAGEIF('5.8.2 (Medium excl tax)'!$A:$A,'Annual excl tax'!$B37,'5.8.2 (Medium excl tax)'!R:R) -> 1.8412478 | R37: =MEDIAN(C37:Q37) -> 2.4921454 | S37: =(Q37-R37)/R37*100 -> -26.117961 | T37: =RANK(Q37,(C37:Q37),1) -> 1 | U37: =AVERAGEIF('5.8.2 (Medium excl tax)'!$A:$A,'Annual excl tax'!$B37,'5.8.2 (Medium excl tax)'!V:V) -> 2.3245641 | V37: =AVERAGEIF('5.8.2 (Medium excl tax)'!$A:$A,'Annual excl tax'!$B37,'5.8.2 (Medium excl tax)'!W:W) -> 3.1469134 | X37: =AVERAGEIF('5.8.2 (Medium excl tax)'!$A:$A,'Annual excl tax'!$B37,'5.8.2 (Medium excl tax)'!Y:Y) -> 2.7694573 | Y37: =AVERAGEIF('5.8.2 (Medium excl tax)'!$A:$A,'Annual excl tax'!$B37,'5.8.2 (Medium excl tax)'!Z:Z) -> 2.2728005 | Z37: =AVERAGEIF('5.8.2 (Medium excl tax)'!$A:$A,'Annual excl tax'!$B37,'5.8.2 (Medium excl tax)'!AA:AA) -> 2.7136215 | AA37: =AVERAGEIF('5.8.2 (Medium excl tax)'!$A:$A,'Annual excl tax'!$B37,'5.8.2 (Medium excl tax)'!AB:AB) -> 2.4653191 | AB37: =AVERAGEIF('5.8.2 (Medium excl tax)'!$A:$A,'Annual excl tax'!$B37,'5.8.2 (Medium excl tax)'!AC:AC) -> 2.8271396 | AD37: =AVERAGEIF('5.8.2 (Medium excl tax)'!$A:$A,'Annual excl tax'!$B37,'5.8.2 (Medium excl tax)'!AE:AE) -> 2.6893381 | AE37: =AVERAGEIF('5.8.2 (Medium excl tax)'!$A:$A,'Annual excl tax'!$B37,'5.8.2 (Medium excl tax)'!AF:AF) -> 1.2631246 | AF37: =AVERAGEIF('5.8.2 (Medium excl tax)'!$A:$A,'Annual excl tax'!$B37,'5.8.2 (Medium excl tax)'!AG:AG) -> 2.8684969 | AG37: =AVERAGEIF('5.8.2 (Medium excl tax)'!$A:$A,'Annual excl tax'!$B37,'5.8.2 (Medium excl tax)'!AH:AH) -> 3.3137531 | AH37: =MEDIAN(C37:Q37,U37:AG37) -> 2.6058487 | AI37: =(Q37-AH37)/AH37*100 -> -29.341723 | AJ37: =RANK(Q37,(C37:Q37,U37:AG37),1) -> 2
A38: Medium | B38: 2011 | C38: =AVERAGEIF('5.8.2 (Medium excl tax)'!$A:$A,'Annual excl tax'!$B38,'5.8.2 (Medium excl tax)'!D:D) -> 2.8802107 | D38: =AVERAGEIF('5.8.2 (Medium excl tax)'!$A:$A,'Annual excl tax'!$B38,'5.8.2 (Medium excl tax)'!E:E) -> 2.7365339 | E38: =AVERAGEIF('5.8.2 (Medium excl tax)'!$A:$A,'Annual excl tax'!$B38,'5.8.2 (Medium excl tax)'!F:F) -> 2.7267679 | F38: =AVERAGEIF('5.8.2 (Medium excl tax)'!$A:$A,'Annual excl tax'!$B38,'5.8.2 (Medium excl tax)'!G:G) -> 3.101971 | G38: =AVERAGEIF('5.8.2 (Medium excl tax)'!$A:$A,'Annual excl tax'!$B38,'5.8.2 (Medium excl tax)'!H:H) -> 3.1301326 | H38: =AVERAGEIF('5.8.2 (Medium excl tax)'!$A:$A,'Annual excl tax'!$B38,'5.8.2 (Medium excl tax)'!I:I) -> 3.0910746 | J38: =AVERAGEIF('5.8.2 (Medium excl tax)'!$A:$A,'Annual excl tax'!$B38,'5.8.2 (Medium excl tax)'!K:K) -> 3.1145228 | K38: =AVERAGEIF('5.8.2 (Medium excl tax)'!$A:$A,'Annual excl tax'!$B38,'5.8.2 (Medium excl tax)'!L:L) -> 2.6865169 | L38: =AVERAGEIF('5.8.2 (Medium excl tax)'!$A:$A,'Annual excl tax'!$B38,'5.8.2 (Medium excl tax)'!M:M) -> 3.9360063 | M38: =AVERAGEIF('5.8.2 (Medium excl tax)'!$A:$A,'Annual excl tax'!$B38,'5.8.2 (Medium excl tax)'!N:N) -> 2.4194379 | N38: =AVERAGEIF('5.8.2 (Medium excl tax)'!$A:$A,'Annual excl tax'!$B38,'5.8.2 (Medium excl tax)'!O:O) -> 3.1144666 | O38: =AVERAGEIF('5.8.2 (Medium excl tax)'!$A:$A,'Annual excl tax'!$B38,'5.8.2 (Medium excl tax)'!P:P) -> 2.7989514 | P38: =AVERAGEIF('5.8.2 (Medium excl tax)'!$A:$A,'Annual excl tax'!$B38,'5.8.2 (Medium excl tax)'!Q:Q) -> 3.8711589 | Q38: =AVERAGEIF('5.8.2 (Medium excl tax)'!$A:$A,'Annual excl tax'!$B38,'5.8.2 (Medium excl tax)'!R:R) -> 2.154322 | R38: =MEDIAN(C38:Q38) -> 2.9856427 | S38: =(Q38-R38)/R38*100 -> -27.843944 | T38: =RANK(Q38,(C38:Q38),1) -> 1 | U38: =AVERAGEIF('5.8.2 (Medium excl tax)'!$A:$A,'Annual excl tax'!$B38,'5.8.2 (Medium excl tax)'!V:V) -> 2.6274358 | V38: =AVERAGEIF('5.8.2 (Medium excl tax)'!$A:$A,'Annual excl tax'!$B38,'5.8.2 (Medium excl tax)'!W:W) -> 3.6316817 | X38: =AVERAGEIF('5.8.2 (Medium excl tax)'!$A:$A,'Annual excl tax'!$B38,'5.8.2 (Medium excl tax)'!Y:Y) -> 2.7489391 | Y38: =AVERAGEIF('5.8.2 (Medium excl tax)'!$A:$A,'Annual excl tax'!$B38,'5.8.2 (Medium excl tax)'!Z:Z) -> 2.4319064 | Z38: =AVERAGEIF('5.8.2 (Medium excl tax)'!$A:$A,'Annual excl tax'!$B38,'5.8.2 (Medium excl tax)'!AA:AA) -> 3.1475254 | AA38: =AVERAGEIF('5.8.2 (Medium excl tax)'!$A:$A,'Annual excl tax'!$B38,'5.8.2 (Medium excl tax)'!AB:AB) -> 2.6406451 | AB38: =AVERAGEIF('5.8.2 (Medium excl tax)'!$A:$A,'Annual excl tax'!$B38,'5.8.2 (Medium excl tax)'!AC:AC) -> 3.3885955 | AD38: =AVERAGEIF('5.8.2 (Medium excl tax)'!$A:$A,'Annual excl tax'!$B38,'5.8.2 (Medium excl tax)'!AE:AE) -> 2.8009999 | AE38: =AVERAGEIF('5.8.2 (Medium excl tax)'!$A:$A,'Annual excl tax'!$B38,'5.8.2 (Medium excl tax)'!AF:AF) -> 1.4152201 | AF38: =AVERAGEIF('5.8.2 (Medium excl tax)'!$A:$A,'Annual excl tax'!$B38,'5.8.2 (Medium excl tax)'!AG:AG) -> 3.1581688 | AG38: =AVERAGEIF('5.8.2 (Medium excl tax)'!$A:$A,'Annual excl tax'!$B38,'5.8.2 (Medium excl tax)'!AH:AH) -> 3.8032443 | AH38: =MEDIAN(C38:Q38,U38:AG38) -> 2.8802107 | AI38: =(Q38-AH38)/AH38*100 -> -25.202625 | AJ38: =RANK(Q38,(C38:Q38,U38:AG38),1) -> 2
A39: Medium | B39: 2012 | C39: =AVERAGEIF('5.8.2 (Medium excl tax)'!$A:$A,'Annual excl tax'!$B39,'5.8.2 (Medium excl tax)'!D:D) -> 2.8501653 | D39: =AVERAGEIF('5.8.2 (Medium excl tax)'!$A:$A,'Annual excl tax'!$B39,'5.8.2 (Medium excl tax)'!E:E) -> 2.7037413 | E39: =AVERAGEIF('5.8.2 (Medium excl tax)'!$A:$A,'Annual excl tax'!$B39,'5.8.2 (Medium excl tax)'!F:F) -> 2.5834345 | F39: =AVERAGEIF('5.8.2 (Medium excl tax)'!$A:$A,'Annual excl tax'!$B39,'5.8.2 (Medium excl tax)'!G:G) -> 3.1870033 | G39: =AVERAGEIF('5.8.2 (Medium excl tax)'!$A:$A,'Annual excl tax'!$B39,'5.8.2 (Medium excl tax)'!H:H) -> 3.119301 | H39: =AVERAGEIF('5.8.2 (Medium excl tax)'!$A:$A,'Annual excl tax'!$B39,'5.8.2 (Medium excl tax)'!I:I) -> 2.7458774 | I39: =AVERAGEIF('5.8.2 (Medium excl tax)'!$A:$A,'Annual excl tax'!$B39,'5.8.2 (Medium excl tax)'!J:J) -> 4.1812947 | J39: =AVERAGEIF('5.8.2 (Medium excl tax)'!$A:$A,'Annual excl tax'!$B39,'5.8.2 (Medium excl tax)'!K:K) -> 2.9953662 | K39: =AVERAGEIF('5.8.2 (Medium excl tax)'!$A:$A,'Annual excl tax'!$B39,'5.8.2 (Medium excl tax)'!L:L) -> 3.0562783 | L39: =AVERAGEIF('5.8.2 (Medium excl tax)'!$A:$A,'Annual excl tax'!$B39,'5.8.2 (Medium excl tax)'!M:M) -> 4.093265 | M39: =AVERAGEIF('5.8.2 (Medium excl tax)'!$A:$A,'Annual excl tax'!$B39,'5.8.2 (Medium excl tax)'!N:N) -> 2.4256094 | N39: =AVERAGEIF('5.8.2 (Medium excl tax)'!$A:$A,'Annual excl tax'!$B39,'5.8.2 (Medium excl tax)'!O:O) -> 3.3159209 | O39: =AVERAGEIF('5.8.2 (Medium excl tax)'!$A:$A,'Annual excl tax'!$B39,'5.8.2 (Medium excl tax)'!P:P) -> 3.0871139 | P39: =AVERAGEIF('5.8.2 (Medium excl tax)'!$A:$A,'Annual excl tax'!$B39,'5.8.2 (Medium excl tax)'!Q:Q) -> 3.6279188 | Q39: =AVERAGEIF('5.8.2 (Medium excl tax)'!$A:$A,'Annual excl tax'!$B39,'5.8.2 (Medium excl tax)'!R:R) -> 2.5628544 | R39: =MEDIAN(C39:Q39) -> 3.0562783 | S39: =(Q39-R39)/R39*100 -> -16.144598 | T39: =RANK(Q39,(C39:Q39),1) -> 2 | U39: =AVERAGEIF('5.8.2 (Medium excl tax)'!$A:$A,'Annual excl tax'!$B39,'5.8.2 (Medium excl tax)'!V:V) -> 3.0743062 | V39: =AVERAGEIF('5.8.2 (Medium excl tax)'!$A:$A,'Annual excl tax'!$B39,'5.8.2 (Medium excl tax)'!W:W) -> 3.5990921 | X39: =AVERAGEIF('5.8.2 (Medium excl tax)'!$A:$A,'Annual excl tax'!$B39,'5.8.2 (Medium excl tax)'!Y:Y) -> 2.6299401 | Y39: =AVERAGEIF('5.8.2 (Medium excl tax)'!$A:$A,'Annual excl tax'!$B39,'5.8.2 (Medium excl tax)'!Z:Z) -> 2.8200723 | Z39: =AVERAGEIF('5.8.2 (Medium excl tax)'!$A:$A,'Annual excl tax'!$B39,'5.8.2 (Medium excl tax)'!AA:AA) -> 3.4926109 | AA39: =AVERAGEIF('5.8.2 (Medium excl tax)'!$A:$A,'Annual excl tax'!$B39,'5.8.2 (Medium excl tax)'!AB:AB) -> 2.9936363 | AB39: =AVERAGEIF('5.8.2 (Medium excl tax)'!$A:$A,'Annual excl tax'!$B39,'5.8.2 (Medium excl tax)'!AC:AC) -> 3.6878017 | AD39: =AVERAGEIF('5.8.2 (Medium excl tax)'!$A:$A,'Annual excl tax'!$B39,'5.8.2 (Medium excl tax)'!AE:AE) -> 2.8822419 | AE39: =AVERAGEIF('5.8.2 (Medium excl tax)'!$A:$A,'Annual excl tax'!$B39,'5.8.2 (Medium excl tax)'!AF:AF) -> 1.5589121 | AF39: =AVERAGEIF('5.8.2 (Medium excl tax)'!$A:$A,'Annual excl tax'!$B39,'5.8.2 (Medium excl tax)'!AG:AG) -> 3.1657127 | AG39: =AVERAGEIF('5.8.2 (Medium excl tax)'!$A:$A,'Annual excl tax'!$B39,'5.8.2 (Medium excl tax)'!AH:AH) -> 4.213129 | AH39: =MEDIAN(C39:Q39,U39:AG39) -> 3.0652922 | AI39: =(Q39-AH39)/AH39*100 -> -16.391188 | AJ39: =RANK(Q39,(C39:Q39,U39:AG39),1) -> 3
A40: Medium | B40: 2013 | C40: =AVERAGEIF('5.8.2 (Medium excl tax)'!$A:$A,'Annual excl tax'!$B40,'5.8.2 (Medium excl tax)'!D:D) -> 2.9470699 | D40: =AVERAGEIF('5.8.2 (Medium excl tax)'!$A:$A,'Annual excl tax'!$B40,'5.8.2 (Medium excl tax)'!E:E) -> 3.0361368 | E40: =AVERAGEIF('5.8.2 (Medium excl tax)'!$A:$A,'Annual excl tax'!$B40,'5.8.2 (Medium excl tax)'!F:F) -> 2.867674 | F40: =AVERAGEIF('5.8.2 (Medium excl tax)'!$A:$A,'Annual excl tax'!$B40,'5.8.2 (Medium excl tax)'!G:G) -> 3.1703347 | G40: =AVERAGEIF('5.8.2 (Medium excl tax)'!$A:$A,'Annual excl tax'!$B40,'5.8.2 (Medium excl tax)'!H:H) -> 3.2819556 | H40: =AVERAGEIF('5.8.2 (Medium excl tax)'!$A:$A,'Annual excl tax'!$B40,'5.8.2 (Medium excl tax)'!I:I) -> 3.720474 | I40: =AVERAGEIF('5.8.2 (Medium excl tax)'!$A:$A,'Annual excl tax'!$B40,'5.8.2 (Medium excl tax)'!J:J) -> 3.9453843 | J40: =AVERAGEIF('5.8.2 (Medium excl tax)'!$A:$A,'Annual excl tax'!$B40,'5.8.2 (Medium excl tax)'!K:K) -> 3.5091577 | K40: =AVERAGEIF('5.8.2 (Medium excl tax)'!$A:$A,'Annual excl tax'!$B40,'5.8.2 (Medium excl tax)'!L:L) -> 3.1031644 | L40: =AVERAGEIF('5.8.2 (Medium excl tax)'!$A:$A,'Annual excl tax'!$B40,'5.8.2 (Medium excl tax)'!M:M) -> 4.0343199 | M40: =AVERAGEIF('5.8.2 (Medium excl tax)'!$A:$A,'Annual excl tax'!$B40,'5.8.2 (Medium excl tax)'!N:N) -> 2.5710021 | N40: =AVERAGEIF('5.8.2 (Medium excl tax)'!$A:$A,'Annual excl tax'!$B40,'5.8.2 (Medium excl tax)'!O:O) -> 3.5003748 | O40: =AVERAGEIF('5.8.2 (Medium excl tax)'!$A:$A,'Annual excl tax'!$B40,'5.8.2 (Medium excl tax)'!P:P) -> 3.2054541 | P40: =AVERAGEIF('5.8.2 (Medium excl tax)'!$A:$A,'Annual excl tax'!$B40,'5.8.2 (Medium excl tax)'!Q:Q) -> 3.8884488 | Q40: =AVERAGEIF('5.8.2 (Medium excl tax)'!$A:$A,'Annual excl tax'!$B40,'5.8.2 (Medium excl tax)'!R:R) -> 2.8888512 | R40: =MEDIAN(C40:Q40) -> 3.2054541 | S40: =(Q40-R40)/R40*100 -> -9.8770063 | T40: =RANK(Q40,(C40:Q40),1) -> 3 | U40: =AVERAGEIF('5.8.2 (Medium excl tax)'!$A:$A,'Annual excl tax'!$B40,'5.8.2 (Medium excl tax)'!V:V) -> 2.998047 | V40: =AVERAGEIF('5.8.2 (Medium excl tax)'!$A:$A,'Annual excl tax'!$B40,'5.8.2 (Medium excl tax)'!W:W) -> 3.7219998 | X40: =AVERAGEIF('5.8.2 (Medium excl tax)'!$A:$A,'Annual excl tax'!$B40,'5.8.2 (Medium excl tax)'!Y:Y) -> 2.7344009 | Y40: =AVERAGEIF('5.8.2 (Medium excl tax)'!$A:$A,'Annual excl tax'!$B40,'5.8.2 (Medium excl tax)'!Z:Z) -> 2.9441556 | Z40: =AVERAGEIF('5.8.2 (Medium excl tax)'!$A:$A,'Annual excl tax'!$B40,'5.8.2 (Medium excl tax)'!AA:AA) -> 3.6381995 | AA40: =AVERAGEIF('5.8.2 (Medium excl tax)'!$A:$A,'Annual excl tax'!$B40,'5.8.2 (Medium excl tax)'!AB:AB) -> 3.0206533 | AB40: =AVERAGEIF('5.8.2 (Medium excl tax)'!$A:$A,'Annual excl tax'!$B40,'5.8.2 (Medium excl tax)'!AC:AC) -> 3.6042431 | AD40: =AVERAGEIF('5.8.2 (Medium excl tax)'!$A:$A,'Annual excl tax'!$B40,'5.8.2 (Medium excl tax)'!AE:AE) -> 3.0780132 | AE40: =AVERAGEIF('5.8.2 (Medium excl tax)'!$A:$A,'Annual excl tax'!$B40,'5.8.2 (Medium excl tax)'!AF:AF) -> 1.7594599 | AF40: =AVERAGEIF('5.8.2 (Medium excl tax)'!$A:$A,'Annual excl tax'!$B40,'5.8.2 (Medium excl tax)'!AG:AG) -> 3.0966903 | AG40: =AVERAGEIF('5.8.2 (Medium excl tax)'!$A:$A,'Annual excl tax'!$B40,'5.8.2 (Medium excl tax)'!AH:AH) -> 3.7267024 | AH40: =MEDIAN(C40:Q40,U40:AG40) -> 3.1367495 | AI40: =(Q40-AH40)/AH40*100 -> -7.9030321 | AJ40: =RANK(Q40,(C40:Q40,U40:AG40),1) -> 5
A41: Medium | B41: 2014 | C41: =AVERAGEIF('5.8.2 (Medium excl tax)'!$A:$A,'Annual excl tax'!$B41,'5.8.2 (Medium excl tax)'!D:D) -> 2.7142351 | D41: =AVERAGEIF('5.8.2 (Medium excl tax)'!$A:$A,'Annual excl tax'!$B41,'5.8.2 (Medium excl tax)'!E:E) -> 2.3356228 | E41: =AVERAGEIF('5.8.2 (Medium excl tax)'!$A:$A,'Annual excl tax'!$B41,'5.8.2 (Medium excl tax)'!F:F) -> 2.1614414 | F41: =AVERAGEIF('5.8.2 (Medium excl tax)'!$A:$A,'Annual excl tax'!$B41,'5.8.2 (Medium excl tax)'!G:G) -> 2.9270026 | G41: =AVERAGEIF('5.8.2 (Medium excl tax)'!$A:$A,'Annual excl tax'!$B41,'5.8.2 (Medium excl tax)'!H:H) -> 2.9556766 | H41: =AVERAGEIF('5.8.2 (Medium excl tax)'!$A:$A,'Annual excl tax'!$B41,'5.8.2 (Medium excl tax)'!I:I) -> 3.1062796 | I41: =AVERAGEIF('5.8.2 (Medium excl tax)'!$A:$A,'Annual excl tax'!$B41,'5.8.2 (Medium excl tax)'!J:J) -> 3.4109058 | J41: =AVERAGEIF('5.8.2 (Medium excl tax)'!$A:$A,'Annual excl tax'!$B41,'5.8.2 (Medium excl tax)'!K:K) -> 3.0473207 | K41: =AVERAGEIF('5.8.2 (Medium excl tax)'!$A:$A,'Annual excl tax'!$B41,'5.8.2 (Medium excl tax)'!L:L) -> 2.6979478 | L41: =AVERAGEIF('5.8.2 (Medium excl tax)'!$A:$A,'Annual excl tax'!$B41,'5.8.2 (Medium excl tax)'!M:M) -> 3.2677975 | M41: =AVERAGEIF('5.8.2 (Medium excl tax)'!$A:$A,'Annual excl tax'!$B41,'5.8.2 (Medium excl tax)'!N:N) -> 2.3496803 | N41: =AVERAGEIF('5.8.2 (Medium excl tax)'!$A:$A,'Annual excl tax'!$B41,'5.8.2 (Medium excl tax)'!O:O) -> 3.4482115 | O41: =AVERAGEIF('5.8.2 (Medium excl tax)'!$A:$A,'Annual excl tax'!$B41,'5.8.2 (Medium excl tax)'!P:P) -> 2.9706469 | P41: =AVERAGEIF('5.8.2 (Medium excl tax)'!$A:$A,'Annual excl tax'!$B41,'5.8.2 (Medium excl tax)'!Q:Q) -> 3.091699 | Q41: =AVERAGEIF('5.8.2 (Medium excl tax)'!$A:$A,'Annual excl tax'!$B41,'5.8.2 (Medium excl tax)'!R:R) -> 2.7679696 | R41: =MEDIAN(C41:Q41) -> 2.9556766 | S41: =(Q41-R41)/R41*100 -> -6.35073 | T41: =RANK(Q41,(C41:Q41),1) -> 6 | U41: =AVERAGEIF('5.8.2 (Medium excl tax)'!$A:$A,'Annual excl tax'!$B41,'5.8.2 (Medium excl tax)'!V:V) -> 2.7143266 | V41: =AVERAGEIF('5.8.2 (Medium excl tax)'!$A:$A,'Annual excl tax'!$B41,'5.8.2 (Medium excl tax)'!W:W) -> 3.2547842 | X41: =AVERAGEIF('5.8.2 (Medium excl tax)'!$A:$A,'Annual excl tax'!$B41,'5.8.2 (Medium excl tax)'!Y:Y) -> 2.4100318 | Y41: =AVERAGEIF('5.8.2 (Medium excl tax)'!$A:$A,'Annual excl tax'!$B41,'5.8.2 (Medium excl tax)'!Z:Z) -> 2.7939471 | Z41: =AVERAGEIF('5.8.2 (Medium excl tax)'!$A:$A,'Annual excl tax'!$B41,'5.8.2 (Medium excl tax)'!AA:AA) -> 3.0565112 | AA41: =AVERAGEIF('5.8.2 (Medium excl tax)'!$A:$A,'Annual excl tax'!$B41,'5.8.2 (Medium excl tax)'!AB:AB) -> 2.7174881 | AB41: =AVERAGEIF('5.8.2 (Medium excl tax)'!$A:$A,'Annual excl tax'!$B41,'5.8.2 (Medium excl tax)'!AC:AC) -> 3.1812985 | AD41: =AVERAGEIF('5.8.2 (Medium excl tax)'!$A:$A,'Annual excl tax'!$B41,'5.8.2 (Medium excl tax)'!AE:AE) -> 2.9408043 | AE41: =AVERAGEIF('5.8.2 (Medium excl tax)'!$A:$A,'Annual excl tax'!$B41,'5.8.2 (Medium excl tax)'!AF:AF) -> 1.7115713 | AF41: =AVERAGEIF('5.8.2 (Medium excl tax)'!$A:$A,'Annual excl tax'!$B41,'5.8.2 (Medium excl tax)'!AG:AG) -> 2.9005582 | AG41: =AVERAGEIF('5.8.2 (Medium excl tax)'!$A:$A,'Annual excl tax'!$B41,'5.8.2 (Medium excl tax)'!AH:AH) -> 3.0953456 | AH41: =MEDIAN(C41:Q41,U41:AG41) -> 2.9339034 | AI41: =(Q41-AH41)/AH41*100 -> -5.6557354 | AJ41: =RANK(Q41,(C41:Q41,U41:AG41),1) -> 10
A42: Medium | B42: 2015 | C42: =AVERAGEIF('5.8.2 (Medium excl tax)'!$A:$A,'Annual excl tax'!$B42,'5.8.2 (Medium excl tax)'!D:D) -> 2.1817804 | D42: =AVERAGEIF('5.8.2 (Medium excl tax)'!$A:$A,'Annual excl tax'!$B42,'5.8.2 (Medium excl tax)'!E:E) -> 1.960402 | E42: =AVERAGEIF('5.8.2 (Medium excl tax)'!$A:$A,'Annual excl tax'!$B42,'5.8.2 (Medium excl tax)'!F:F) -> 1.957183 | F42: =AVERAGEIF('5.8.2 (Medium excl tax)'!$A:$A,'Annual excl tax'!$B42,'5.8.2 (Medium excl tax)'!G:G) -> 2.1422647 | G42: =AVERAGEIF('5.8.2 (Medium excl tax)'!$A:$A,'Annual excl tax'!$B42,'5.8.2 (Medium excl tax)'!H:H) -> 2.4648948 | H42: =AVERAGEIF('5.8.2 (Medium excl tax)'!$A:$A,'Annual excl tax'!$B42,'5.8.2 (Medium excl tax)'!I:I) -> 2.5123017 | I42: =AVERAGEIF('5.8.2 (Medium excl tax)'!$A:$A,'Annual excl tax'!$B42,'5.8.2 (Medium excl tax)'!J:J) -> 2.3972895 | J42: =AVERAGEIF('5.8.2 (Medium excl tax)'!$A:$A,'Annual excl tax'!$B42,'5.8.2 (Medium excl tax)'!K:K) -> 2.5343956 | K42: =AVERAGEIF('5.8.2 (Medium excl tax)'!$A:$A,'Annual excl tax'!$B42,'5.8.2 (Medium excl tax)'!L:L) -> 2.2839167 | L42: =AVERAGEIF('5.8.2 (Medium excl tax)'!$A:$A,'Annual excl tax'!$B42,'5.8.2 (Medium excl tax)'!M:M) -> 2.7049586 | M42: =AVERAGEIF('5.8.2 (Medium excl tax)'!$A:$A,'Annual excl tax'!$B42,'5.8.2 (Medium excl tax)'!N:N) -> 1.9134374 | N42: =AVERAGEIF('5.8.2 (Medium excl tax)'!$A:$A,'Annual excl tax'!$B42,'5.8.2 (Medium excl tax)'!O:O) -> 2.8504614 | O42: =AVERAGEIF('5.8.2 (Medium excl tax)'!$A:$A,'Annual excl tax'!$B42,'5.8.2 (Medium excl tax)'!P:P) -> 2.3820758 | P42: =AVERAGEIF('5.8.2 (Medium excl tax)'!$A:$A,'Annual excl tax'!$B42,'5.8.2 (Medium excl tax)'!Q:Q) -> 2.5090827 | Q42: =AVERAGEIF('5.8.2 (Medium excl tax)'!$A:$A,'Annual excl tax'!$B42,'5.8.2 (Medium excl tax)'!R:R) -> 2.4429272 | R42: =MEDIAN(C42:Q42) -> 2.3972895 | S42: =(Q42-R42)/R42*100 -> 1.9037229 | T42: =RANK(Q42,(C42:Q42),1) -> 9 | U42: =AVERAGEIF('5.8.2 (Medium excl tax)'!$A:$A,'Annual excl tax'!$B42,'5.8.2 (Medium excl tax)'!V:V) -> 2.0705558 | V42: =AVERAGEIF('5.8.2 (Medium excl tax)'!$A:$A,'Annual excl tax'!$B42,'5.8.2 (Medium excl tax)'!W:W) -> 2.6545223 | X42: =AVERAGEIF('5.8.2 (Medium excl tax)'!$A:$A,'Annual excl tax'!$B42,'5.8.2 (Medium excl tax)'!Y:Y) -> 2.0617169 | Y42: =AVERAGEIF('5.8.2 (Medium excl tax)'!$A:$A,'Annual excl tax'!$B42,'5.8.2 (Medium excl tax)'!Z:Z) -> 2.1516091 | Z42: =AVERAGEIF('5.8.2 (Medium excl tax)'!$A:$A,'Annual excl tax'!$B42,'5.8.2 (Medium excl tax)'!AA:AA) -> 2.432828 | AA42: =AVERAGEIF('5.8.2 (Medium excl tax)'!$A:$A,'Annual excl tax'!$B42,'5.8.2 (Medium excl tax)'!AB:AB) -> 2.2048853 | AB42: =AVERAGEIF('5.8.2 (Medium excl tax)'!$A:$A,'Annual excl tax'!$B42,'5.8.2 (Medium excl tax)'!AC:AC) -> 1.8095354 | AD42: =AVERAGEIF('5.8.2 (Medium excl tax)'!$A:$A,'Annual excl tax'!$B42,'5.8.2 (Medium excl tax)'!AE:AE) -> 2.545569 | AE42: =AVERAGEIF('5.8.2 (Medium excl tax)'!$A:$A,'Annual excl tax'!$B42,'5.8.2 (Medium excl tax)'!AF:AF) -> 1.4882919 | AF42: =AVERAGEIF('5.8.2 (Medium excl tax)'!$A:$A,'Annual excl tax'!$B42,'5.8.2 (Medium excl tax)'!AG:AG) -> 2.4210228 | AG42: =AVERAGEIF('5.8.2 (Medium excl tax)'!$A:$A,'Annual excl tax'!$B42,'5.8.2 (Medium excl tax)'!AH:AH) -> 2.3482398 | AH42: =MEDIAN(C42:Q42,U42:AG42) -> 2.3651578 | AI42: =(Q42-AH42)/AH42*100 -> 3.2881282 | AJ42: =RANK(Q42,(C42:Q42,U42:AG42),1) -> 18
A43: Medium | B43: 2016 | C43: =AVERAGEIF('5.8.2 (Medium excl tax)'!$A:$A,'Annual excl tax'!$B43,'5.8.2 (Medium excl tax)'!D:D) -> 2.2205396 | D43: =AVERAGEIF('5.8.2 (Medium excl tax)'!$A:$A,'Annual excl tax'!$B43,'5.8.2 (Medium excl tax)'!E:E) -> 1.9314876 | E43: =AVERAGEIF('5.8.2 (Medium excl tax)'!$A:$A,'Annual excl tax'!$B43,'5.8.2 (Medium excl tax)'!F:F) -> 1.7023296 | F43: =AVERAGEIF('5.8.2 (Medium excl tax)'!$A:$A,'Annual excl tax'!$B43,'5.8.2 (Medium excl tax)'!G:G) -> 2.2163882 | G43: =AVERAGEIF('5.8.2 (Medium excl tax)'!$A:$A,'Annual excl tax'!$B43,'5.8.2 (Medium excl tax)'!H:H) -> 2.5402168 | H43: =AVERAGEIF('5.8.2 (Medium excl tax)'!$A:$A,'Annual excl tax'!$B43,'5.8.2 (Medium excl tax)'!I:I) -> 2.4142586 | I43: =AVERAGEIF('5.8.2 (Medium excl tax)'!$A:$A,'Annual excl tax'!$B43,'5.8.2 (Medium excl tax)'!J:J) -> 1.9100046 | J43: =AVERAGEIF('5.8.2 (Medium excl tax)'!$A:$A,'Annual excl tax'!$B43,'5.8.2 (Medium excl tax)'!K:K) -> 2.4354831 | K43: =AVERAGEIF('5.8.2 (Medium excl tax)'!$A:$A,'Annual excl tax'!$B43,'5.8.2 (Medium excl tax)'!L:L) -> 2.2210567 | L43: =AVERAGEIF('5.8.2 (Medium excl tax)'!$A:$A,'Annual excl tax'!$B43,'5.8.2 (Medium excl tax)'!M:M) -> 2.6933606 | M43: =AVERAGEIF('5.8.2 (Medium excl tax)'!$A:$A,'Annual excl tax'!$B43,'5.8.2 (Medium excl tax)'!N:N) -> 1.8465084 | N43: =AVERAGEIF('5.8.2 (Medium excl tax)'!$A:$A,'Annual excl tax'!$B43,'5.8.2 (Medium excl tax)'!O:O) -> 2.4606817 | O43: =AVERAGEIF('5.8.2 (Medium excl tax)'!$A:$A,'Annual excl tax'!$B43,'5.8.2 (Medium excl tax)'!P:P) -> 2.1657499 | P43: =AVERAGEIF('5.8.2 (Medium excl tax)'!$A:$A,'Annual excl tax'!$B43,'5.8.2 (Medium excl tax)'!Q:Q) -> 2.3941323 | Q43: =AVERAGEIF('5.8.2 (Medium excl tax)'!$A:$A,'Annual excl tax'!$B43,'5.8.2 (Medium excl tax)'!R:R) -> 2.0802216 | R43: =MEDIAN(C43:Q43) -> 2.2205396 | S43: =(Q43-R43)/R43*100 -> -6.3190942 | T43: =RANK(Q43,(C43:Q43),1) -> 5 | U43: =AVERAGEIF('5.8.2 (Medium excl tax)'!$A:$A,'Annual excl tax'!$B43,'5.8.2 (Medium excl tax)'!V:V) -> 1.6345048 | V43: =AVERAGEIF('5.8.2 (Medium excl tax)'!$A:$A,'Annual excl tax'!$B43,'5.8.2 (Medium excl tax)'!W:W) -> 2.4217537 | X43: =AVERAGEIF('5.8.2 (Medium excl tax)'!$A:$A,'Annual excl tax'!$B43,'5.8.2 (Medium excl tax)'!Y:Y) -> 2.0340571 | Y43: =AVERAGEIF('5.8.2 (Medium excl tax)'!$A:$A,'Annual excl tax'!$B43,'5.8.2 (Medium excl tax)'!Z:Z) -> 1.7220522 | Z43: =AVERAGEIF('5.8.2 (Medium excl tax)'!$A:$A,'Annual excl tax'!$B43,'5.8.2 (Medium excl tax)'!AA:AA) -> 2.2595808 | AA43: =AVERAGEIF('5.8.2 (Medium excl tax)'!$A:$A,'Annual excl tax'!$B43,'5.8.2 (Medium excl tax)'!AB:AB) -> 1.969608 | AB43: =AVERAGEIF('5.8.2 (Medium excl tax)'!$A:$A,'Annual excl tax'!$B43,'5.8.2 (Medium excl tax)'!AC:AC) -> 2.095938 | AD43: =AVERAGEIF('5.8.2 (Medium excl tax)'!$A:$A,'Annual excl tax'!$B43,'5.8.2 (Medium excl tax)'!AE:AE) -> 2.1315223 | AE43: =AVERAGEIF('5.8.2 (Medium excl tax)'!$A:$A,'Annual excl tax'!$B43,'5.8.2 (Medium excl tax)'!AF:AF) -> 1.5204023 | AF43: =AVERAGEIF('5.8.2 (Medium excl tax)'!$A:$A,'Annual excl tax'!$B43,'5.8.2 (Medium excl tax)'!AG:AG) -> 2.4213819 | AG43: =AVERAGEIF('5.8.2 (Medium excl tax)'!$A:$A,'Annual excl tax'!$B43,'5.8.2 (Medium excl tax)'!AH:AH) -> 2.3303455 | AH43: =MEDIAN(C43:Q43,U43:AG43) -> 2.1910691 | AI43: =(Q43-AH43)/AH43*100 -> -5.0590585 | AJ43: =RANK(Q43,(C43:Q43,U43:AG43),1) -> 10
A44: Medium | B44: 2017 | C44: =AVERAGEIF('5.8.2 (Medium excl tax)'!$A:$A,'Annual excl tax'!$B44,'5.8.2 (Medium excl tax)'!D:D) -> 2.3541147 | D44: =AVERAGEIF('5.8.2 (Medium excl tax)'!$A:$A,'Annual excl tax'!$B44,'5.8.2 (Medium excl tax)'!E:E) -> 1.9020687 | E44: =AVERAGEIF('5.8.2 (Medium excl tax)'!$A:$A,'Annual excl tax'!$B44,'5.8.2 (Medium excl tax)'!F:F) -> 2.0954156 | F44: =AVERAGEIF('5.8.2 (Medium excl tax)'!$A:$A,'Annual excl tax'!$B44,'5.8.2 (Medium excl tax)'!G:G) -> 2.9029129 | G44: =AVERAGEIF('5.8.2 (Medium excl tax)'!$A:$A,'Annual excl tax'!$B44,'5.8.2 (Medium excl tax)'!H:H) -> 2.4774869 | H44: =AVERAGEIF('5.8.2 (Medium excl tax)'!$A:$A,'Annual excl tax'!$B44,'5.8.2 (Medium excl tax)'!I:I) -> 2.3792995 | I44: =AVERAGEIF('5.8.2 (Medium excl tax)'!$A:$A,'Annual excl tax'!$B44,'5.8.2 (Medium excl tax)'!J:J) -> 2.0947781 | J44: =AVERAGEIF('5.8.2 (Medium excl tax)'!$A:$A,'Annual excl tax'!$B44,'5.8.2 (Medium excl tax)'!K:K) -> 2.5767907 | K44: =AVERAGEIF('5.8.2 (Medium excl tax)'!$A:$A,'Annual excl tax'!$B44,'5.8.2 (Medium excl tax)'!L:L) -> 2.1250634 | L44: =AVERAGEIF('5.8.2 (Medium excl tax)'!$A:$A,'Annual excl tax'!$B44,'5.8.2 (Medium excl tax)'!M:M) -> 2.7564296 | M44: =AVERAGEIF('5.8.2 (Medium excl tax)'!$A:$A,'Annual excl tax'!$B44,'5.8.2 (Medium excl tax)'!N:N) -> 1.8674797 | N44: =AVERAGEIF('5.8.2 (Medium excl tax)'!$A:$A,'Annual excl tax'!$B44,'5.8.2 (Medium excl tax)'!O:O) -> 2.3400881 | O44: =AVERAGEIF('5.8.2 (Medium excl tax)'!$A:$A,'Annual excl tax'!$B44,'5.8.2 (Medium excl tax)'!P:P) -> 2.3139472 | P44: =AVERAGEIF('5.8.2 (Medium excl tax)'!$A:$A,'Annual excl tax'!$B44,'5.8.2 (Medium excl tax)'!Q:Q) -> 3.1032736 | Q44: =AVERAGEIF('5.8.2 (Medium excl tax)'!$A:$A,'Annual excl tax'!$B44,'5.8.2 (Medium excl tax)'!R:R) -> 1.9661461 | R44: =MEDIAN(C44:Q44) -> 2.3400881 | S44: =(Q44-R44)/R44*100 -> -15.979825 | T44: =RANK(Q44,(C44:Q44),1) -> 3 | U44: =AVERAGEIF('5.8.2 (Medium excl tax)'!$A:$A,'Annual excl tax'!$B44,'5.8.2 (Medium excl tax)'!V:V) -> 1.9752307 | V44: =AVERAGEIF('5.8.2 (Medium excl tax)'!$A:$A,'Annual excl tax'!$B44,'5.8.2 (Medium excl tax)'!W:W) -> 2.1260196 | X44: =AVERAGEIF('5.8.2 (Medium excl tax)'!$A:$A,'Annual excl tax'!$B44,'5.8.2 (Medium excl tax)'!Y:Y) -> 2.0125297 | Y44: =AVERAGEIF('5.8.2 (Medium excl tax)'!$A:$A,'Annual excl tax'!$B44,'5.8.2 (Medium excl tax)'!Z:Z) -> 2.0909525 | Z44: =AVERAGEIF('5.8.2 (Medium excl tax)'!$A:$A,'Annual excl tax'!$B44,'5.8.2 (Medium excl tax)'!AA:AA) -> 2.0463219 | AA44: =AVERAGEIF('5.8.2 (Medium excl tax)'!$A:$A,'Annual excl tax'!$B44,'5.8.2 (Medium excl tax)'!AB:AB) -> 2.3158595 | AB44: =AVERAGEIF('5.8.2 (Medium excl tax)'!$A:$A,'Annual excl tax'!$B44,'5.8.2 (Medium excl tax)'!AC:AC) -> 2.2957753 | AD44: =AVERAGEIF('5.8.2 (Medium excl tax)'!$A:$A,'Annual excl tax'!$B44,'5.8.2 (Medium excl tax)'!AE:AE) -> 2.3496517 | AE44: =AVERAGEIF('5.8.2 (Medium excl tax)'!$A:$A,'Annual excl tax'!$B44,'5.8.2 (Medium excl tax)'!AF:AF) -> 2.2442912 | AF44: =AVERAGEIF('5.8.2 (Medium excl tax)'!$A:$A,'Annual excl tax'!$B44,'5.8.2 (Medium excl tax)'!AG:AG) -> 2.3939636 | AG44: =AVERAGEIF('5.8.2 (Medium excl tax)'!$A:$A,'Annual excl tax'!$B44,'5.8.2 (Medium excl tax)'!AH:AH) -> 2.310759 | AH44: =MEDIAN(C44:Q44,U44:AG44) -> 2.3032671 | AI44: =(Q44-AH44)/AH44*100 -> -14.636644 | AJ44: =RANK(Q44,(C44:Q44,U44:AG44),1) -> 3
A45: Medium | B45: 2018 | C45: =AVERAGEIF('5.8.2 (Medium excl tax)'!$A:$A,'Annual excl tax'!$B45,'5.8.2 (Medium excl tax)'!D:D) -> 2.3843494 | D45: =AVERAGEIF('5.8.2 (Medium excl tax)'!$A:$A,'Annual excl tax'!$B45,'5.8.2 (Medium excl tax)'!E:E) -> 1.9642388 | E45: =AVERAGEIF('5.8.2 (Medium excl tax)'!$A:$A,'Annual excl tax'!$B45,'5.8.2 (Medium excl tax)'!F:F) -> 2.4860538 | F45: =AVERAGEIF('5.8.2 (Medium excl tax)'!$A:$A,'Annual excl tax'!$B45,'5.8.2 (Medium excl tax)'!G:G) -> 3.4903365 | G45: =AVERAGEIF('5.8.2 (Medium excl tax)'!$A:$A,'Annual excl tax'!$B45,'5.8.2 (Medium excl tax)'!H:H) -> 2.636919 | H45: =AVERAGEIF('5.8.2 (Medium excl tax)'!$A:$A,'Annual excl tax'!$B45,'5.8.2 (Medium excl tax)'!I:I) -> 2.4414368 | I45: =AVERAGEIF('5.8.2 (Medium excl tax)'!$A:$A,'Annual excl tax'!$B45,'5.8.2 (Medium excl tax)'!J:J) -> 2.5268042 | J45: =AVERAGEIF('5.8.2 (Medium excl tax)'!$A:$A,'Annual excl tax'!$B45,'5.8.2 (Medium excl tax)'!K:K) -> 2.9114342 | K45: =AVERAGEIF('5.8.2 (Medium excl tax)'!$A:$A,'Annual excl tax'!$B45,'5.8.2 (Medium excl tax)'!L:L) -> 2.3887482 | L45: =AVERAGEIF('5.8.2 (Medium excl tax)'!$A:$A,'Annual excl tax'!$B45,'5.8.2 (Medium excl tax)'!M:M) -> 2.844291 | M45: =AVERAGEIF('5.8.2 (Medium excl tax)'!$A:$A,'Annual excl tax'!$B45,'5.8.2 (Medium excl tax)'!N:N) -> 2.0039731 | N45: =AVERAGEIF('5.8.2 (Medium excl tax)'!$A:$A,'Annual excl tax'!$B45,'5.8.2 (Medium excl tax)'!O:O) -> 2.4552623 | O45: =AVERAGEIF('5.8.2 (Medium excl tax)'!$A:$A,'Annual excl tax'!$B45,'5.8.2 (Medium excl tax)'!P:P) -> 2.5566763 | P45: =AVERAGEIF('5.8.2 (Medium excl tax)'!$A:$A,'Annual excl tax'!$B45,'5.8.2 (Medium excl tax)'!Q:Q) -> 3.4717735 | Q45: =AVERAGEIF('5.8.2 (Medium excl tax)'!$A:$A,'Annual excl tax'!$B45,'5.8.2 (Medium excl tax)'!R:R) -> 2.2744314 | R45: =MEDIAN(C45:Q45) -> 2.4860538 | S45: =(Q45-R45)/R45*100 -> -8.5123807 | T45: =RANK(Q45,(C45:Q45),1) -> 3 | U45: =AVERAGEIF('5.8.2 (Medium excl tax)'!$A:$A,'Annual excl tax'!$B45,'5.8.2 (Medium excl tax)'!V:V) -> 2.3228632 | V45: =AVERAGEIF('5.8.2 (Medium excl tax)'!$A:$A,'Annual excl tax'!$B45,'5.8.2 (Medium excl tax)'!W:W) -> 2.34041 | X45: =AVERAGEIF('5.8.2 (Medium excl tax)'!$A:$A,'Annual excl tax'!$B45,'5.8.2 (Medium excl tax)'!Y:Y) -> 2.1984874 | Y45: =AVERAGEIF('5.8.2 (Medium excl tax)'!$A:$A,'Annual excl tax'!$B45,'5.8.2 (Medium excl tax)'!Z:Z) -> 2.3667543 | Z45: =AVERAGEIF('5.8.2 (Medium excl tax)'!$A:$A,'Annual excl tax'!$B45,'5.8.2 (Medium excl tax)'!AA:AA) -> 2.1948629 | AA45: =AVERAGEIF('5.8.2 (Medium excl tax)'!$A:$A,'Annual excl tax'!$B45,'5.8.2 (Medium excl tax)'!AB:AB) -> 2.6455714 | AB45: =AVERAGEIF('5.8.2 (Medium excl tax)'!$A:$A,'Annual excl tax'!$B45,'5.8.2 (Medium excl tax)'!AC:AC) -> 2.7833855 | AD45: =AVERAGEIF('5.8.2 (Medium excl tax)'!$A:$A,'Annual excl tax'!$B45,'5.8.2 (Medium excl tax)'!AE:AE) -> 2.6583806 | AE45: =AVERAGEIF('5.8.2 (Medium excl tax)'!$A:$A,'Annual excl tax'!$B45,'5.8.2 (Medium excl tax)'!AF:AF) -> 2.3889418 | AF45: =AVERAGEIF('5.8.2 (Medium excl tax)'!$A:$A,'Annual excl tax'!$B45,'5.8.2 (Medium excl tax)'!AG:AG) -> 2.5259816 | AG45: =AVERAGEIF('5.8.2 (Medium excl tax)'!$A:$A,'Annual excl tax'!$B45,'5.8.2 (Medium excl tax)'!AH:AH) -> 2.5216312 | AH45: =MEDIAN(C45:Q45,U45:AG45) -> 2.470658 | AI45: =(Q45-AH45)/AH45*100 -> -7.9422817 | AJ45: =RANK(Q45,(C45:Q45,U45:AG45),1) -> 5
A46: Medium | B46: 2019 | C46: =AVERAGEIF('5.8.2 (Medium excl tax)'!$A:$A,'Annual excl tax'!$B46,'5.8.2 (Medium excl tax)'!D:D) -> 2.2701634 | D46: =AVERAGEIF('5.8.2 (Medium excl tax)'!$A:$A,'Annual excl tax'!$B46,'5.8.2 (Medium excl tax)'!E:E) -> 1.9382112 | E46: =AVERAGEIF('5.8.2 (Medium excl tax)'!$A:$A,'Annual excl tax'!$B46,'5.8.2 (Medium excl tax)'!F:F) -> 1.9918492 | F46: =AVERAGEIF('5.8.2 (Medium excl tax)'!$A:$A,'Annual excl tax'!$B46,'5.8.2 (Medium excl tax)'!G:G) -> 3.5854917 | G46: =AVERAGEIF('5.8.2 (Medium excl tax)'!$A:$A,'Annual excl tax'!$B46,'5.8.2 (Medium excl tax)'!H:H) -> 2.6725907 | H46: =AVERAGEIF('5.8.2 (Medium excl tax)'!$A:$A,'Annual excl tax'!$B46,'5.8.2 (Medium excl tax)'!I:I) -> 2.349986 | I46: =AVERAGEIF('5.8.2 (Medium excl tax)'!$A:$A,'Annual excl tax'!$B46,'5.8.2 (Medium excl tax)'!J:J) -> 2.7168812 | J46: =AVERAGEIF('5.8.2 (Medium excl tax)'!$A:$A,'Annual excl tax'!$B46,'5.8.2 (Medium excl tax)'!K:K) -> 2.6464061 | K46: =AVERAGEIF('5.8.2 (Medium excl tax)'!$A:$A,'Annual excl tax'!$B46,'5.8.2 (Medium excl tax)'!L:L) -> 2.48735 | L46: =AVERAGEIF('5.8.2 (Medium excl tax)'!$A:$A,'Annual excl tax'!$B46,'5.8.2 (Medium excl tax)'!M:M) -> 2.7088932 | M46: =AVERAGEIF('5.8.2 (Medium excl tax)'!$A:$A,'Annual excl tax'!$B46,'5.8.2 (Medium excl tax)'!N:N) -> 1.9293168 | N46: =AVERAGEIF('5.8.2 (Medium excl tax)'!$A:$A,'Annual excl tax'!$B46,'5.8.2 (Medium excl tax)'!O:O) -> 2.6948266 | O46: =AVERAGEIF('5.8.2 (Medium excl tax)'!$A:$A,'Annual excl tax'!$B46,'5.8.2 (Medium excl tax)'!P:P) -> 2.5618191 | P46: =AVERAGEIF('5.8.2 (Medium excl tax)'!$A:$A,'Annual excl tax'!$B46,'5.8.2 (Medium excl tax)'!Q:Q) -> 2.6157743 | Q46: =AVERAGEIF('5.8.2 (Medium excl tax)'!$A:$A,'Annual excl tax'!$B46,'5.8.2 (Medium excl tax)'!R:R) -> 2.2633493 | R46: =MEDIAN(C46:Q46) -> 2.5618191 | S46: =(Q46-R46)/R46*100 -> -11.650696 | T46: =RANK(Q46,(C46:Q46),1) -> 4 | U46: =AVERAGEIF('5.8.2 (Medium excl tax)'!$A:$A,'Annual excl tax'!$B46,'5.8.2 (Medium excl tax)'!V:V) -> 2.5049121 | V46: =AVERAGEIF('5.8.2 (Medium excl tax)'!$A:$A,'Annual excl tax'!$B46,'5.8.2 (Medium excl tax)'!W:W) -> 2.5663569 | X46: =AVERAGEIF('5.8.2 (Medium excl tax)'!$A:$A,'Annual excl tax'!$B46,'5.8.2 (Medium excl tax)'!Y:Y) -> 2.4513194 | Y46: =AVERAGEIF('5.8.2 (Medium excl tax)'!$A:$A,'Annual excl tax'!$B46,'5.8.2 (Medium excl tax)'!Z:Z) -> 2.5045043 | Z46: =AVERAGEIF('5.8.2 (Medium excl tax)'!$A:$A,'Annual excl tax'!$B46,'5.8.2 (Medium excl tax)'!AA:AA) -> 2.3321066 | AA46: =AVERAGEIF('5.8.2 (Medium excl tax)'!$A:$A,'Annual excl tax'!$B46,'5.8.2 (Medium excl tax)'!AB:AB) -> 2.5094046 | AB46: =AVERAGEIF('5.8.2 (Medium excl tax)'!$A:$A,'Annual excl tax'!$B46,'5.8.2 (Medium excl tax)'!AC:AC) -> 2.2356736 | AD46: =AVERAGEIF('5.8.2 (Medium excl tax)'!$A:$A,'Annual excl tax'!$B46,'5.8.2 (Medium excl tax)'!AE:AE) -> 2.9381071 | AE46: =AVERAGEIF('5.8.2 (Medium excl tax)'!$A:$A,'Annual excl tax'!$B46,'5.8.2 (Medium excl tax)'!AF:AF) -> 2.7387998 | AF46: =AVERAGEIF('5.8.2 (Medium excl tax)'!$A:$A,'Annual excl tax'!$B46,'5.8.2 (Medium excl tax)'!AG:AG) -> 2.9773613 | AG46: =AVERAGEIF('5.8.2 (Medium excl tax)'!$A:$A,'Annual excl tax'!$B46,'5.8.2 (Medium excl tax)'!AH:AH) -> 2.6109646 | AH46: =MEDIAN(C46:Q46,U46:AG46) -> 2.5356118 | AI46: =(Q46-AH46)/AH46*100 -> -10.737547 | AJ46: =RANK(Q46,(C46:Q46,U46:AG46),1) -> 5
A47: Medium | B47: 2020 | C47: =AVERAGEIF('5.8.2 (Medium excl tax)'!$A:$A,'Annual excl tax'!$B47,'5.8.2 (Medium excl tax)'!D:D) -> 2.1468601 | D47: =AVERAGEIF('5.8.2 (Medium excl tax)'!$A:$A,'Annual excl tax'!$B47,'5.8.2 (Medium excl tax)'!E:E) -> 1.7069667 | E47: =AVERAGEIF('5.8.2 (Medium excl tax)'!$A:$A,'Annual excl tax'!$B47,'5.8.2 (Medium excl tax)'!F:F) -> 1.6338342 | F47: =AVERAGEIF('5.8.2 (Medium excl tax)'!$A:$A,'Annual excl tax'!$B47,'5.8.2 (Medium excl tax)'!G:G) -> 2.7991065 | G47: =AVERAGEIF('5.8.2 (Medium excl tax)'!$A:$A,'Annual excl tax'!$B47,'5.8.2 (Medium excl tax)'!H:H) -> 2.4370833 | H47: =AVERAGEIF('5.8.2 (Medium excl tax)'!$A:$A,'Annual excl tax'!$B47,'5.8.2 (Medium excl tax)'!I:I) -> 2.1738299 | I47: =AVERAGEIF('5.8.2 (Medium excl tax)'!$A:$A,'Annual excl tax'!$B47,'5.8.2 (Medium excl tax)'!J:J) -> 1.8372259 | J47: =AVERAGEIF('5.8.2 (Medium excl tax)'!$A:$A,'Annual excl tax'!$B47,'5.8.2 (Medium excl tax)'!K:K) -> 2.3043072 | K47: =AVERAGEIF('5.8.2 (Medium excl tax)'!$A:$A,'Annual excl tax'!$B47,'5.8.2 (Medium excl tax)'!L:L) -> 2.171461 | L47: =AVERAGEIF('5.8.2 (Medium excl tax)'!$A:$A,'Annual excl tax'!$B47,'5.8.2 (Medium excl tax)'!M:M) -> 2.5726024 | M47: =AVERAGEIF('5.8.2 (Medium excl tax)'!$A:$A,'Annual excl tax'!$B47,'5.8.2 (Medium excl tax)'!N:N) -> 1.7785406 | N47: =AVERAGEIF('5.8.2 (Medium excl tax)'!$A:$A,'Annual excl tax'!$B47,'5.8.2 (Medium excl tax)'!O:O) -> 2.1666453 | O47: =AVERAGEIF('5.8.2 (Medium excl tax)'!$A:$A,'Annual excl tax'!$B47,'5.8.2 (Medium excl tax)'!P:P) -> 2.1567177 | P47: =AVERAGEIF('5.8.2 (Medium excl tax)'!$A:$A,'Annual excl tax'!$B47,'5.8.2 (Medium excl tax)'!Q:Q) -> 2.7347172 | Q47: =AVERAGEIF('5.8.2 (Medium excl tax)'!$A:$A,'Annual excl tax'!$B47,'5.8.2 (Medium excl tax)'!R:R) -> 2.1298188 | R47: =MEDIAN(C47:Q47) -> 2.1666453 | S47: =(Q47-R47)/R47*100 -> -1.6997029 | T47: =RANK(Q47,(C47:Q47),1) -> 5 | U47: =AVERAGEIF('5.8.2 (Medium excl tax)'!$A:$A,'Annual excl tax'!$B47,'5.8.2 (Medium excl tax)'!V:V) -> 1.829371 | V47: =AVERAGEIF('5.8.2 (Medium excl tax)'!$A:$A,'Annual excl tax'!$B47,'5.8.2 (Medium excl tax)'!W:W) -> 2.3418748 | X47: =AVERAGEIF('5.8.2 (Medium excl tax)'!$A:$A,'Annual excl tax'!$B47,'5.8.2 (Medium excl tax)'!Y:Y) -> 2.138265 | Y47: =AVERAGEIF('5.8.2 (Medium excl tax)'!$A:$A,'Annual excl tax'!$B47,'5.8.2 (Medium excl tax)'!Z:Z) -> 2.0214947 | Z47: =AVERAGEIF('5.8.2 (Medium excl tax)'!$A:$A,'Annual excl tax'!$B47,'5.8.2 (Medium excl tax)'!AA:AA) -> 2.0106788 | AA47: =AVERAGEIF('5.8.2 (Medium excl tax)'!$A:$A,'Annual excl tax'!$B47,'5.8.2 (Medium excl tax)'!AB:AB) -> 1.9794855 | AB47: =AVERAGEIF('5.8.2 (Medium excl tax)'!$A:$A,'Annual excl tax'!$B47,'5.8.2 (Medium excl tax)'!AC:AC) -> 1.6403565 | AD47: =AVERAGEIF('5.8.2 (Medium excl tax)'!$A:$A,'Annual excl tax'!$B47,'5.8.2 (Medium excl tax)'!AE:AE) -> 2.5335543 | AE47: =AVERAGEIF('5.8.2 (Medium excl tax)'!$A:$A,'Annual excl tax'!$B47,'5.8.2 (Medium excl tax)'!AF:AF) -> 2.3609197 | AF47: =AVERAGEIF('5.8.2 (Medium excl tax)'!$A:$A,'Annual excl tax'!$B47,'5.8.2 (Medium excl tax)'!AG:AG) -> 2.6638835 | AG47: =AVERAGEIF('5.8.2 (Medium excl tax)'!$A:$A,'Annual excl tax'!$B47,'5.8.2 (Medium excl tax)'!AH:AH) -> 2.2503676 | AH47: =MEDIAN(C47:Q47,U47:AG47) -> 2.1616815 | AI47: =(Q47-AH47)/AH47*100 -> -1.4739792 | AJ47: =RANK(Q47,(C47:Q47,U47:AG47),1) -> 10
A48: Medium | B48: 2021 | C48: =AVERAGEIF('5.8.2 (Medium excl tax)'!$A:$A,'Annual excl tax'!$B48,'5.8.2 (Medium excl tax)'!D:D) -> 2.8354529 | D48: =AVERAGEIF('5.8.2 (Medium excl tax)'!$A:$A,'Annual excl tax'!$B48,'5.8.2 (Medium excl tax)'!E:E) -> 2.2651322 | E48: =AVERAGEIF('5.8.2 (Medium excl tax)'!$A:$A,'Annual excl tax'!$B48,'5.8.2 (Medium excl tax)'!F:F) -> 4.0747602 | F48: =AVERAGEIF('5.8.2 (Medium excl tax)'!$A:$A,'Annual excl tax'!$B48,'5.8.2 (Medium excl tax)'!G:G) -> 5.086833 | G48: =AVERAGEIF('5.8.2 (Medium excl tax)'!$A:$A,'Annual excl tax'!$B48,'5.8.2 (Medium excl tax)'!H:H) -> 3.0159441 | H48: =AVERAGEIF('5.8.2 (Medium excl tax)'!$A:$A,'Annual excl tax'!$B48,'5.8.2 (Medium excl tax)'!I:I) -> 2.297764 | I48: =AVERAGEIF('5.8.2 (Medium excl tax)'!$A:$A,'Annual excl tax'!$B48,'5.8.2 (Medium excl tax)'!J:J) -> 2.9868467 | J48: =AVERAGEIF('5.8.2 (Medium excl tax)'!$A:$A,'Annual excl tax'!$B48,'5.8.2 (Medium excl tax)'!K:K) -> 3.413406 | K48: =AVERAGEIF('5.8.2 (Medium excl tax)'!$A:$A,'Annual excl tax'!$B48,'5.8.2 (Medium excl tax)'!L:L) -> 2.5779765 | L48: =AVERAGEIF('5.8.2 (Medium excl tax)'!$A:$A,'Annual excl tax'!$B48,'5.8.2 (Medium excl tax)'!M:M) -> 2.9908728 | M48: =AVERAGEIF('5.8.2 (Medium excl tax)'!$A:$A,'Annual excl tax'!$B48,'5.8.2 (Medium excl tax)'!N:N) -> 2.5046866 | N48: =AVERAGEIF('5.8.2 (Medium excl tax)'!$A:$A,'Annual excl tax'!$B48,'5.8.2 (Medium excl tax)'!O:O) -> 2.3522461 | O48: =AVERAGEIF('5.8.2 (Medium excl tax)'!$A:$A,'Annual excl tax'!$B48,'5.8.2 (Medium excl tax)'!P:P) -> 2.3348072 | P48: =AVERAGEIF('5.8.2 (Medium excl tax)'!$A:$A,'Annual excl tax'!$B48,'5.8.2 (Medium excl tax)'!Q:Q) -> 5.3172338 | Q48: =AVERAGEIF('5.8.2 (Medium excl tax)'!$A:$A,'Annual excl tax'!$B48,'5.8.2 (Medium excl tax)'!R:R) -> 2.8846014 | R48: =MEDIAN(C48:Q48) -> 2.8846014 | S48: =(Q48-R48)/R48*100 -> 0 | T48: =RANK(Q48,(C48:Q48),1) -> 8 | U48: =AVERAGEIF('5.8.2 (Medium excl tax)'!$A:$A,'Annual excl tax'!$B48,'5.8.2 (Medium excl tax)'!V:V) -> 3.1494964 | V48: =AVERAGEIF('5.8.2 (Medium excl tax)'!$A:$A,'Annual excl tax'!$B48,'5.8.2 (Medium excl tax)'!W:W) -> 2.743686 | X48: =AVERAGEIF('5.8.2 (Medium excl tax)'!$A:$A,'Annual excl tax'!$B48,'5.8.2 (Medium excl tax)'!Y:Y) -> 2.3786862 | Y48: =AVERAGEIF('5.8.2 (Medium excl tax)'!$A:$A,'Annual excl tax'!$B48,'5.8.2 (Medium excl tax)'!Z:Z) -> 3.9110724 | Z48: =AVERAGEIF('5.8.2 (Medium excl tax)'!$A:$A,'Annual excl tax'!$B48,'5.8.2 (Medium excl tax)'!AA:AA) -> 2.7808817 | AA48: =AVERAGEIF('5.8.2 (Medium excl tax)'!$A:$A,'Annual excl tax'!$B48,'5.8.2 (Medium excl tax)'!AB:AB) -> 2.8243581 | AB48: =AVERAGEIF('5.8.2 (Medium excl tax)'!$A:$A,'Annual excl tax'!$B48,'5.8.2 (Medium excl tax)'!AC:AC) -> 4.0627882 | AD48: =AVERAGEIF('5.8.2 (Medium excl tax)'!$A:$A,'Annual excl tax'!$B48,'5.8.2 (Medium excl tax)'!AE:AE) -> 2.8881721 | AE48: =AVERAGEIF('5.8.2 (Medium excl tax)'!$A:$A,'Annual excl tax'!$B48,'5.8.2 (Medium excl tax)'!AF:AF) -> 2.8554599 | AF48: =AVERAGEIF('5.8.2 (Medium excl tax)'!$A:$A,'Annual excl tax'!$B48,'5.8.2 (Medium excl tax)'!AG:AG) -> 2.4742376 | AG48: =AVERAGEIF('5.8.2 (Medium excl tax)'!$A:$A,'Annual excl tax'!$B48,'5.8.2 (Medium excl tax)'!AH:AH) -> 2.8143992 | AH48: =MEDIAN(C48:Q48,U48:AG48) -> 2.8454564 | AI48: =(Q48-AH48)/AH48*100 -> 1.3757039 | AJ48: =RANK(Q48,(C48:Q48,U48:AG48),1) -> 15
A49: Medium | B49: 2022 | C49: =AVERAGEIF('5.8.2 (Medium excl tax)'!$A:$A,'Annual excl tax'!$B49,'5.8.2 (Medium excl tax)'!D:D) -> 5.9976417 | D49: =AVERAGEIF('5.8.2 (Medium excl tax)'!$A:$A,'Annual excl tax'!$B49,'5.8.2 (Medium excl tax)'!E:E) -> 4.6845201 | E49: =AVERAGEIF('5.8.2 (Medium excl tax)'!$A:$A,'Annual excl tax'!$B49,'5.8.2 (Medium excl tax)'!F:F) -> 9.6509225 | F49: =AVERAGEIF('5.8.2 (Medium excl tax)'!$A:$A,'Annual excl tax'!$B49,'5.8.2 (Medium excl tax)'!G:G) -> 11.810542 | G49: =AVERAGEIF('5.8.2 (Medium excl tax)'!$A:$A,'Annual excl tax'!$B49,'5.8.2 (Medium excl tax)'!H:H) -> 5.1559426 | H49: =AVERAGEIF('5.8.2 (Medium excl tax)'!$A:$A,'Annual excl tax'!$B49,'5.8.2 (Medium excl tax)'!I:I) -> 4.1176681 | I49: =AVERAGEIF('5.8.2 (Medium excl tax)'!$A:$A,'Annual excl tax'!$B49,'5.8.2 (Medium excl tax)'!J:J) -> 10.377413 | J49: =AVERAGEIF('5.8.2 (Medium excl tax)'!$A:$A,'Annual excl tax'!$B49,'5.8.2 (Medium excl tax)'!K:K) -> 5.8693867 | K49: =AVERAGEIF('5.8.2 (Medium excl tax)'!$A:$A,'Annual excl tax'!$B49,'5.8.2 (Medium excl tax)'!L:L) -> 7.7109904 | L49: =AVERAGEIF('5.8.2 (Medium excl tax)'!$A:$A,'Annual excl tax'!$B49,'5.8.2 (Medium excl tax)'!M:M) -> 7.8977052 | M49: =AVERAGEIF('5.8.2 (Medium excl tax)'!$A:$A,'Annual excl tax'!$B49,'5.8.2 (Medium excl tax)'!N:N) -> 4.925911 | N49: =AVERAGEIF('5.8.2 (Medium excl tax)'!$A:$A,'Annual excl tax'!$B49,'5.8.2 (Medium excl tax)'!O:O) -> 7.1018291 | O49: =AVERAGEIF('5.8.2 (Medium excl tax)'!$A:$A,'Annual excl tax'!$B49,'5.8.2 (Medium excl tax)'!P:P) -> 7.2041381 | P49: =AVERAGEIF('5.8.2 (Medium excl tax)'!$A:$A,'Annual excl tax'!$B49,'5.8.2 (Medium excl tax)'!Q:Q) -> 10.802169 | Q49: =AVERAGEIF('5.8.2 (Medium excl tax)'!$A:$A,'Annual excl tax'!$B49,'5.8.2 (Medium excl tax)'!R:R) -> 4.5912528 | R49: =MEDIAN(C49:Q49) -> 7.1018291 | S49: =(Q49-R49)/R49*100 -> -35.351122 | T49: =RANK(Q49,(C49:Q49),1) -> 2 | U49: =AVERAGEIF('5.8.2 (Medium excl tax)'!$A:$A,'Annual excl tax'!$B49,'5.8.2 (Medium excl tax)'!V:V) -> 8.1903491 | V49: =AVERAGEIF('5.8.2 (Medium excl tax)'!$A:$A,'Annual excl tax'!$B49,'5.8.2 (Medium excl tax)'!W:W) -> 5.7647273 | X49: =AVERAGEIF('5.8.2 (Medium excl tax)'!$A:$A,'Annual excl tax'!$B49,'5.8.2 (Medium excl tax)'!Y:Y) -> 6.2952485 | Y49: =AVERAGEIF('5.8.2 (Medium excl tax)'!$A:$A,'Annual excl tax'!$B49,'5.8.2 (Medium excl tax)'!Z:Z) -> 9.7367124 | Z49: =AVERAGEIF('5.8.2 (Medium excl tax)'!$A:$A,'Annual excl tax'!$B49,'5.8.2 (Medium excl tax)'!AA:AA) -> 8.5253355 | AA49: =AVERAGEIF('5.8.2 (Medium excl tax)'!$A:$A,'Annual excl tax'!$B49,'5.8.2 (Medium excl tax)'!AB:AB) -> 9.0843659 | AB49: =AVERAGEIF('5.8.2 (Medium excl tax)'!$A:$A,'Annual excl tax'!$B49,'5.8.2 (Medium excl tax)'!AC:AC) -> 9.5354602 | AD49: =AVERAGEIF('5.8.2 (Medium excl tax)'!$A:$A,'Annual excl tax'!$B49,'5.8.2 (Medium excl tax)'!AE:AE) -> 7.2283884 | AE49: =AVERAGEIF('5.8.2 (Medium excl tax)'!$A:$A,'Annual excl tax'!$B49,'5.8.2 (Medium excl tax)'!AF:AF) -> 9.8387924 | AF49: =AVERAGEIF('5.8.2 (Medium excl tax)'!$A:$A,'Annual excl tax'!$B49,'5.8.2 (Medium excl tax)'!AG:AG) -> 5.7519427 | AG49: =AVERAGEIF('5.8.2 (Medium excl tax)'!$A:$A,'Annual excl tax'!$B49,'5.8.2 (Medium excl tax)'!AH:AH) -> 6.0186406 | AH49: =MEDIAN(C49:Q49,U49:AG49) -> 7.2162633 | AI49: =(Q49-AH49)/AH49*100 -> -36.376312 | AJ49: =RANK(Q49,(C49:Q49,U49:AG49),1) -> 2
A50: Medium | B50: 2023 | C50: =AVERAGEIF('5.8.2 (Medium excl tax)'!$A:$A,'Annual excl tax'!$B50,'5.8.2 (Medium excl tax)'!D:D) -> 5.7824114 | D50: =AVERAGEIF('5.8.2 (Medium excl tax)'!$A:$A,'Annual excl tax'!$B50,'5.8.2 (Medium excl tax)'!E:E) -> 4.9465627 | E50: =AVERAGEIF('5.8.2 (Medium excl tax)'!$A:$A,'Annual excl tax'!$B50,'5.8.2 (Medium excl tax)'!F:F) -> 4.6374967 | F50: =AVERAGEIF('5.8.2 (Medium excl tax)'!$A:$A,'Annual excl tax'!$B50,'5.8.2 (Medium excl tax)'!G:G) -> 7.4862479 | G50: =AVERAGEIF('5.8.2 (Medium excl tax)'!$A:$A,'Annual excl tax'!$B50,'5.8.2 (Medium excl tax)'!H:H) -> 6.398215 | H50: =AVERAGEIF('5.8.2 (Medium excl tax)'!$A:$A,'Annual excl tax'!$B50,'5.8.2 (Medium excl tax)'!I:I) -> 5.6151333 | I50: =AVERAGEIF('5.8.2 (Medium excl tax)'!$A:$A,'Annual excl tax'!$B50,'5.8.2 (Medium excl tax)'!J:J) -> 5.2382878 | J50: =AVERAGEIF('5.8.2 (Medium excl tax)'!$A:$A,'Annual excl tax'!$B50,'5.8.2 (Medium excl tax)'!K:K) -> 5.7465029 | K50: =AVERAGEIF('5.8.2 (Medium excl tax)'!$A:$A,'Annual excl tax'!$B50,'5.8.2 (Medium excl tax)'!L:L) -> 6.4716726 | L50: =AVERAGEIF('5.8.2 (Medium excl tax)'!$A:$A,'Annual excl tax'!$B50,'5.8.2 (Medium excl tax)'!M:M) -> 8.778703 | M50: =AVERAGEIF('5.8.2 (Medium excl tax)'!$A:$A,'Annual excl tax'!$B50,'5.8.2 (Medium excl tax)'!N:N) -> 5.3819277 | N50: =AVERAGEIF('5.8.2 (Medium excl tax)'!$A:$A,'Annual excl tax'!$B50,'5.8.2 (Medium excl tax)'!O:O) -> 5.56161 | O50: =AVERAGEIF('5.8.2 (Medium excl tax)'!$A:$A,'Annual excl tax'!$B50,'5.8.2 (Medium excl tax)'!P:P) -> 5.2167725 | P50: =AVERAGEIF('5.8.2 (Medium excl tax)'!$A:$A,'Annual excl tax'!$B50,'5.8.2 (Medium excl tax)'!Q:Q) -> 8.3042168 | Q50: =AVERAGEIF('5.8.2 (Medium excl tax)'!$A:$A,'Annual excl tax'!$B50,'5.8.2 (Medium excl tax)'!R:R) -> 5.3039285 | R50: =MEDIAN(C50:Q50) -> 5.6151333 | S50: =(Q50-R50)/R50*100 -> -5.5422519 | T50: =RANK(Q50,(C50:Q50),1) -> 5 | U50: =AVERAGEIF('5.8.2 (Medium excl tax)'!$A:$A,'Annual excl tax'!$B50,'5.8.2 (Medium excl tax)'!V:V) -> 4.7672198 | V50: =AVERAGEIF('5.8.2 (Medium excl tax)'!$A:$A,'Annual excl tax'!$B50,'5.8.2 (Medium excl tax)'!W:W) -> 5.5098047 | X50: =AVERAGEIF('5.8.2 (Medium excl tax)'!$A:$A,'Annual excl tax'!$B50,'5.8.2 (Medium excl tax)'!Y:Y) -> 6.2600597 | Y50: =AVERAGEIF('5.8.2 (Medium excl tax)'!$A:$A,'Annual excl tax'!$B50,'5.8.2 (Medium excl tax)'!Z:Z) -> 5.8965087 | Z50: =AVERAGEIF('5.8.2 (Medium excl tax)'!$A:$A,'Annual excl tax'!$B50,'5.8.2 (Medium excl tax)'!AA:AA) -> 7.7557014 | AA50: =AVERAGEIF('5.8.2 (Medium excl tax)'!$A:$A,'Annual excl tax'!$B50,'5.8.2 (Medium excl tax)'!AB:AB) -> 7.0641714 | AB50: =AVERAGEIF('5.8.2 (Medium excl tax)'!$A:$A,'Annual excl tax'!$B50,'5.8.2 (Medium excl tax)'!AC:AC) -> 5.6039588 | AD50: =AVERAGEIF('5.8.2 (Medium excl tax)'!$A:$A,'Annual excl tax'!$B50,'5.8.2 (Medium excl tax)'!AE:AE) -> 8.1654392 | AE50: =AVERAGEIF('5.8.2 (Medium excl tax)'!$A:$A,'Annual excl tax'!$B50,'5.8.2 (Medium excl tax)'!AF:AF) -> 4.8796794 | AF50: =AVERAGEIF('5.8.2 (Medium excl tax)'!$A:$A,'Annual excl tax'!$B50,'5.8.2 (Medium excl tax)'!AG:AG) -> 8.333956 | AG50: =AVERAGEIF('5.8.2 (Medium excl tax)'!$A:$A,'Annual excl tax'!$B50,'5.8.2 (Medium excl tax)'!AH:AH) -> 6.1280022 | AH50: =MEDIAN(C50:Q50,U50:AG50) -> 5.7644572 | AI50: =(Q50-AH50)/AH50*100 -> -7.9891082 | AJ50: =RANK(Q50,(C50:Q50,U50:AG50),1) -> 7
... A52: Medium | B52: 2025 | C52: =AVERAGEIF('5.8.2 (Medium excl tax)'!$A:$A,'Annual excl tax'!$B52,'5.8.2 (Medium excl tax)'!D:D) -> 4.4005193 | D52: =AVERAGEIF('5.8.2 (Medium excl tax)'!$A:$A,'Annual excl tax'!$B52,'5.8.2 (Medium excl tax)'!E:E) -> 4.0725591 | E52: =AVERAGEIF('5.8.2 (Medium excl tax)'!$A:$A,'Annual excl tax'!$B52,'5.8.2 (Medium excl tax)'!F:F) -> 4.0167184 | F52: =AVERAGEIF('5.8.2 (Medium excl tax)'!$A:$A,'Annual excl tax'!$B52,'5.8.2 (Medium excl tax)'!G:G) -> 6.0755255 | G52: =AVERAGEIF('5.8.2 (Medium excl tax)'!$A:$A,'Annual excl tax'!$B52,'5.8.2 (Medium excl tax)'!H:H) -> 4.7014187 | H52: =AVERAGEIF('5.8.2 (Medium excl tax)'!$A:$A,'Annual excl tax'!$B52,'5.8.2 (Medium excl tax)'!I:I) -> 4.7761803 | I52: =AVERAGEIF('5.8.2 (Medium excl tax)'!$A:$A,'Annual excl tax'!$B52,'5.8.2 (Medium excl tax)'!J:J) -> 3.6824021 | J52: =AVERAGEIF('5.8.2 (Medium excl tax)'!$A:$A,'Annual excl tax'!$B52,'5.8.2 (Medium excl tax)'!K:K) -> 5.0267378 | K52: =AVERAGEIF('5.8.2 (Medium excl tax)'!$A:$A,'Annual excl tax'!$B52,'5.8.2 (Medium excl tax)'!L:L) -> 4.588525 | L52: =AVERAGEIF('5.8.2 (Medium excl tax)'!$A:$A,'Annual excl tax'!$B52,'5.8.2 (Medium excl tax)'!M:M) -> 5.1049978 | M52: =AVERAGEIF('5.8.2 (Medium excl tax)'!$A:$A,'Annual excl tax'!$B52,'5.8.2 (Medium excl tax)'!N:N) -> 3.5770812 | N52: =AVERAGEIF('5.8.2 (Medium excl tax)'!$A:$A,'Annual excl tax'!$B52,'5.8.2 (Medium excl tax)'!O:O) -> 4.1086171 | O52: =AVERAGEIF('5.8.2 (Medium excl tax)'!$A:$A,'Annual excl tax'!$B52,'5.8.2 (Medium excl tax)'!P:P) -> 4.1253992 | P52: =AVERAGEIF('5.8.2 (Medium excl tax)'!$A:$A,'Annual excl tax'!$B52,'5.8.2 (Medium excl tax)'!Q:Q) -> 6.2256939 | Q52: =AVERAGEIF('5.8.2 (Medium excl tax)'!$A:$A,'Annual excl tax'!$B52,'5.8.2 (Medium excl tax)'!R:R) -> 4.2520543 | R52: =MEDIAN(C52:Q52) -> 4.4005193 | S52: =(Q52-R52)/R52*100 -> -3.3738057 | T52: =RANK(Q52,(C52:Q52),1) -> 7 | U52: =AVERAGEIF('5.8.2 (Medium excl tax)'!$A:$A,'Annual excl tax'!$B52,'5.8.2 (Medium excl tax)'!V:V) -> 3.7946505 | V52: =AVERAGEIF('5.8.2 (Medium excl tax)'!$A:$A,'Annual excl tax'!$B52,'5.8.2 (Medium excl tax)'!W:W) -> 4.2051573 | X52: =AVERAGEIF('5.8.2 (Medium excl tax)'!$A:$A,'Annual excl tax'!$B52,'5.8.2 (Medium excl tax)'!Y:Y) -> 4.8607227 | Y52: =AVERAGEIF('5.8.2 (Medium excl tax)'!$A:$A,'Annual excl tax'!$B52,'5.8.2 (Medium excl tax)'!Z:Z) -> 4.8276608 | Z52: =AVERAGEIF('5.8.2 (Medium excl tax)'!$A:$A,'Annual excl tax'!$B52,'5.8.2 (Medium excl tax)'!AA:AA) -> 4.268064 | AA52: =AVERAGEIF('5.8.2 (Medium excl tax)'!$A:$A,'Annual excl tax'!$B52,'5.8.2 (Medium excl tax)'!AB:AB) -> 4.4192281 | AB52: =AVERAGEIF('5.8.2 (Medium excl tax)'!$A:$A,'Annual excl tax'!$B52,'5.8.2 (Medium excl tax)'!AC:AC) -> 4.465855 | AD52: =AVERAGEIF('5.8.2 (Medium excl tax)'!$A:$A,'Annual excl tax'!$B52,'5.8.2 (Medium excl tax)'!AE:AE) -> 5.6012592 | AE52: =AVERAGEIF('5.8.2 (Medium excl tax)'!$A:$A,'Annual excl tax'!$B52,'5.8.2 (Medium excl tax)'!AF:AF) -> 4.5251204 | AF52: =AVERAGEIF('5.8.2 (Medium excl tax)'!$A:$A,'Annual excl tax'!$B52,'5.8.2 (Medium excl tax)'!AG:AG) -> 5.4525241 | AG52: =AVERAGEIF('5.8.2 (Medium excl tax)'!$A:$A,'Annual excl tax'!$B52,'5.8.2 (Medium excl tax)'!AH:AH) -> 4.5845288 | AH52: =MEDIAN(C52:Q52,U52:AG52) -> 4.4954877 | AI52: =(Q52-AH52)/AH52*100 -> -5.4150617 | AJ52: =RANK(Q52,(C52:Q52,U52:AG52),1) -> 9
A53: Large | B53: 2008 | D53: =AVERAGEIF('5.8.3 (Large excl tax)'!$A:$A,'Annual excl tax'!$B53,'5.8.3 (Large excl tax)'!E:E) -> 2.5494167 | E53: =AVERAGEIF('5.8.3 (Large excl tax)'!$A:$A,'Annual excl tax'!$B53,'5.8.3 (Large excl tax)'!F:F) -> 2.0674255 | F53: =AVERAGEIF('5.8.3 (Large excl tax)'!$A:$A,'Annual excl tax'!$B53,'5.8.3 (Large excl tax)'!G:G) -> 2.2131998 | G53: =AVERAGEIF('5.8.3 (Large excl tax)'!$A:$A,'Annual excl tax'!$B53,'5.8.3 (Large excl tax)'!H:H) -> 2.496865 | H53: =AVERAGEIF('5.8.3 (Large excl tax)'!$A:$A,'Annual excl tax'!$B53,'5.8.3 (Large excl tax)'!I:I) -> 2.7993164 | J53: =AVERAGEIF('5.8.3 (Large excl tax)'!$A:$A,'Annual excl tax'!$B53,'5.8.3 (Large excl tax)'!K:K) -> 2.4583346 | K53: =AVERAGEIF('5.8.3 (Large excl tax)'!$A:$A,'Annual excl tax'!$B53,'5.8.3 (Large excl tax)'!L:L) -> 2.6585711 | L53: =AVERAGEIF('5.8.3 (Large excl tax)'!$A:$A,'Annual excl tax'!$B53,'5.8.3 (Large excl tax)'!M:M) -> 1.8351129 | M53: =AVERAGEIF('5.8.3 (Large excl tax)'!$A:$A,'Annual excl tax'!$B53,'5.8.3 (Large excl tax)'!N:N) -> 2.3508483 | N53: =AVERAGEIF('5.8.3 (Large excl tax)'!$A:$A,'Annual excl tax'!$B53,'5.8.3 (Large excl tax)'!O:O) -> 1.9859485 | O53: =AVERAGEIF('5.8.3 (Large excl tax)'!$A:$A,'Annual excl tax'!$B53,'5.8.3 (Large excl tax)'!P:P) -> 2.2382042 | P53: =AVERAGEIF('5.8.3 (Large excl tax)'!$A:$A,'Annual excl tax'!$B53,'5.8.3 (Large excl tax)'!Q:Q) -> 3.1214982 | Q53: =AVERAGEIF('5.8.3 (Large excl tax)'!$A:$A,'Annual excl tax'!$B53,'5.8.3 (Large excl tax)'!R:R) -> 2.1505635 | R53: =MEDIAN(C53:Q53) -> 2.3508483 | S53: =(Q53-R53)/R53*100 -> -8.5196809 | T53: =RANK(Q53,(C53:Q53),1) -> 4 | U53: =AVERAGEIF('5.8.3 (Large excl tax)'!$A:$A,'Annual excl tax'!$B53,'5.8.3 (Large excl tax)'!V:V) -> 1.7671268 | V53: =AVERAGEIF('5.8.3 (Large excl tax)'!$A:$A,'Annual excl tax'!$B53,'5.8.3 (Large excl tax)'!W:W) -> 1.8875727 | X53: =AVERAGEIF('5.8.3 (Large excl tax)'!$A:$A,'Annual excl tax'!$B53,'5.8.3 (Large excl tax)'!Y:Y) -> 2.5556174 | Y53: =AVERAGEIF('5.8.3 (Large excl tax)'!$A:$A,'Annual excl tax'!$B53,'5.8.3 (Large excl tax)'!Z:Z) -> 2.0017685 | Z53: =AVERAGEIF('5.8.3 (Large excl tax)'!$A:$A,'Annual excl tax'!$B53,'5.8.3 (Large excl tax)'!AA:AA) -> 2.5059605 | AA53: =AVERAGEIF('5.8.3 (Large excl tax)'!$A:$A,'Annual excl tax'!$B53,'5.8.3 (Large excl tax)'!AB:AB) -> 2.6445993 | AB53: =AVERAGEIF('5.8.3 (Large excl tax)'!$A:$A,'Annual excl tax'!$B53,'5.8.3 (Large excl tax)'!AC:AC) -> 2.6982388 | AD53: =AVERAGEIF('5.8.3 (Large excl tax)'!$A:$A,'Annual excl tax'!$B53,'5.8.3 (Large excl tax)'!AE:AE) -> 2.25649 | AE53: =AVERAGEIF('5.8.3 (Large excl tax)'!$A:$A,'Annual excl tax'!$B53,'5.8.3 (Large excl tax)'!AF:AF) -> 1.7463536 | AF53: =AVERAGEIF('5.8.3 (Large excl tax)'!$A:$A,'Annual excl tax'!$B53,'5.8.3 (Large excl tax)'!AG:AG) -> 2.950585 | AG53: =AVERAGEIF('5.8.3 (Large excl tax)'!$A:$A,'Annual excl tax'!$B53,'5.8.3 (Large excl tax)'!AH:AH) -> 2.7691036 | AH53: =MEDIAN(C53:Q53,U53:AG53) -> 2.4045915 | AI53: =(Q53-AH53)/AH53*100 -> -10.564287 | AJ53: =RANK(Q53,(C53:Q53,U53:AG53),1) -> 8
A54: Large | B54: 2009 | C54: =AVERAGEIF('5.8.3 (Large excl tax)'!$A:$A,'Annual excl tax'!$B54,'5.8.3 (Large excl tax)'!D:D) -> 2.1820552 | D54: =AVERAGEIF('5.8.3 (Large excl tax)'!$A:$A,'Annual excl tax'!$B54,'5.8.3 (Large excl tax)'!E:E) -> 2.5284416 | E54: =AVERAGEIF('5.8.3 (Large excl tax)'!$A:$A,'Annual excl tax'!$B54,'5.8.3 (Large excl tax)'!F:F) -> 1.7357462 | F54: =AVERAGEIF('5.8.3 (Large excl tax)'!$A:$A,'Annual excl tax'!$B54,'5.8.3 (Large excl tax)'!G:G) -> 2.4050563 | G54: =AVERAGEIF('5.8.3 (Large excl tax)'!$A:$A,'Annual excl tax'!$B54,'5.8.3 (Large excl tax)'!H:H) -> 2.4791458 | H54: =AVERAGEIF('5.8.3 (Large excl tax)'!$A:$A,'Annual excl tax'!$B54,'5.8.3 (Large excl tax)'!I:I) -> 2.703494 | J54: =AVERAGEIF('5.8.3 (Large excl tax)'!$A:$A,'Annual excl tax'!$B54,'5.8.3 (Large excl tax)'!K:K) -> 2.4285825 | K54: =AVERAGEIF('5.8.3 (Large excl tax)'!$A:$A,'Annual excl tax'!$B54,'5.8.3 (Large excl tax)'!L:L) -> 2.5406094 | L54: =AVERAGEIF('5.8.3 (Large excl tax)'!$A:$A,'Annual excl tax'!$B54,'5.8.3 (Large excl tax)'!M:M) -> 2.2864408 | M54: =AVERAGEIF('5.8.3 (Large excl tax)'!$A:$A,'Annual excl tax'!$B54,'5.8.3 (Large excl tax)'!N:N) -> 2.5061558 | N54: =AVERAGEIF('5.8.3 (Large excl tax)'!$A:$A,'Annual excl tax'!$B54,'5.8.3 (Large excl tax)'!O:O) -> 2.1613574 | O54: =AVERAGEIF('5.8.3 (Large excl tax)'!$A:$A,'Annual excl tax'!$B54,'5.8.3 (Large excl tax)'!P:P) -> 2.2428124 | P54: =AVERAGEIF('5.8.3 (Large excl tax)'!$A:$A,'Annual excl tax'!$B54,'5.8.3 (Large excl tax)'!Q:Q) -> 2.6426781 | Q54: =AVERAGEIF('5.8.3 (Large excl tax)'!$A:$A,'Annual excl tax'!$B54,'5.8.3 (Large excl tax)'!R:R) -> 1.9469845 | R54: =MEDIAN(C54:Q54) -> 2.4168194 | S54: =(Q54-R54)/R54*100 -> -19.440214 | T54: =RANK(Q54,(C54:Q54),1) -> 2 | U54: =AVERAGEIF('5.8.3 (Large excl tax)'!$A:$A,'Annual excl tax'!$B54,'5.8.3 (Large excl tax)'!V:V) -> 2.1452396 | V54: =AVERAGEIF('5.8.3 (Large excl tax)'!$A:$A,'Annual excl tax'!$B54,'5.8.3 (Large excl tax)'!W:W) -> 2.3655167 | X54: =AVERAGEIF('5.8.3 (Large excl tax)'!$A:$A,'Annual excl tax'!$B54,'5.8.3 (Large excl tax)'!Y:Y) -> 2.3239515 | Y54: =AVERAGEIF('5.8.3 (Large excl tax)'!$A:$A,'Annual excl tax'!$B54,'5.8.3 (Large excl tax)'!Z:Z) -> 2.0081176 | Z54: =AVERAGEIF('5.8.3 (Large excl tax)'!$A:$A,'Annual excl tax'!$B54,'5.8.3 (Large excl tax)'!AA:AA) -> 2.7210718 | AA54: =AVERAGEIF('5.8.3 (Large excl tax)'!$A:$A,'Annual excl tax'!$B54,'5.8.3 (Large excl tax)'!AB:AB) -> 2.7616847 | AB54: =AVERAGEIF('5.8.3 (Large excl tax)'!$A:$A,'Annual excl tax'!$B54,'5.8.3 (Large excl tax)'!AC:AC) -> 2.1770137 | AD54: =AVERAGEIF('5.8.3 (Large excl tax)'!$A:$A,'Annual excl tax'!$B54,'5.8.3 (Large excl tax)'!AE:AE) -> 2.2479276 | AE54: =AVERAGEIF('5.8.3 (Large excl tax)'!$A:$A,'Annual excl tax'!$B54,'5.8.3 (Large excl tax)'!AF:AF) -> 1.2953447 | AF54: =AVERAGEIF('5.8.3 (Large excl tax)'!$A:$A,'Annual excl tax'!$B54,'5.8.3 (Large excl tax)'!AG:AG) -> 2.8676938 | AG54: =AVERAGEIF('5.8.3 (Large excl tax)'!$A:$A,'Annual excl tax'!$B54,'5.8.3 (Large excl tax)'!AH:AH) -> 2.4583783 | AH54: =MEDIAN(C54:Q54,U54:AG54) -> 2.3655167 | AI54: =(Q54-AH54)/AH54*100 -> -17.693054 | AJ54: =RANK(Q54,(C54:Q54,U54:AG54),1) -> 3
A55: Large | B55: 2010 | C55: =AVERAGEIF('5.8.3 (Large excl tax)'!$A:$A,'Annual excl tax'!$B55,'5.8.3 (Large excl tax)'!D:D) -> 2.1313168 | D55: =AVERAGEIF('5.8.3 (Large excl tax)'!$A:$A,'Annual excl tax'!$B55,'5.8.3 (Large excl tax)'!E:E) -> 1.9998633 | E55: =AVERAGEIF('5.8.3 (Large excl tax)'!$A:$A,'Annual excl tax'!$B55,'5.8.3 (Large excl tax)'!F:F) -> 2.0880966 | F55: =AVERAGEIF('5.8.3 (Large excl tax)'!$A:$A,'Annual excl tax'!$B55,'5.8.3 (Large excl tax)'!G:G) -> 2.4579317 | G55: =AVERAGEIF('5.8.3 (Large excl tax)'!$A:$A,'Annual excl tax'!$B55,'5.8.3 (Large excl tax)'!H:H) -> 2.2857417 | H55: =AVERAGEIF('5.8.3 (Large excl tax)'!$A:$A,'Annual excl tax'!$B55,'5.8.3 (Large excl tax)'!I:I) -> 2.5020972 | J55: =AVERAGEIF('5.8.3 (Large excl tax)'!$A:$A,'Annual excl tax'!$B55,'5.8.3 (Large excl tax)'!K:K) -> 1.9706253 | K55: =AVERAGEIF('5.8.3 (Large excl tax)'!$A:$A,'Annual excl tax'!$B55,'5.8.3 (Large excl tax)'!L:L) -> 2.2131298 | L55: =AVERAGEIF('5.8.3 (Large excl tax)'!$A:$A,'Annual excl tax'!$B55,'5.8.3 (Large excl tax)'!M:M) -> 2.2282546 | M55: =AVERAGEIF('5.8.3 (Large excl tax)'!$A:$A,'Annual excl tax'!$B55,'5.8.3 (Large excl tax)'!N:N) -> 2.0345076 | N55: =AVERAGEIF('5.8.3 (Large excl tax)'!$A:$A,'Annual excl tax'!$B55,'5.8.3 (Large excl tax)'!O:O) -> 2.3541808 | O55: =AVERAGEIF('5.8.3 (Large excl tax)'!$A:$A,'Annual excl tax'!$B55,'5.8.3 (Large excl tax)'!P:P) -> 2.1302365 | P55: =AVERAGEIF('5.8.3 (Large excl tax)'!$A:$A,'Annual excl tax'!$B55,'5.8.3 (Large excl tax)'!Q:Q) -> 3.088873 | Q55: =AVERAGEIF('5.8.3 (Large excl tax)'!$A:$A,'Annual excl tax'!$B55,'5.8.3 (Large excl tax)'!R:R) -> 1.7188325 | R55: =MEDIAN(C55:Q55) -> 2.1722233 | S55: =(Q55-R55)/R55*100 -> -20.8722 | T55: =RANK(Q55,(C55:Q55),1) -> 1 | U55: =AVERAGEIF('5.8.3 (Large excl tax)'!$A:$A,'Annual excl tax'!$B55,'5.8.3 (Large excl tax)'!V:V) -> 2.1002406 | V55: =AVERAGEIF('5.8.3 (Large excl tax)'!$A:$A,'Annual excl tax'!$B55,'5.8.3 (Large excl tax)'!W:W) -> 3.1469134 | X55: =AVERAGEIF('5.8.3 (Large excl tax)'!$A:$A,'Annual excl tax'!$B55,'5.8.3 (Large excl tax)'!Y:Y) -> 2.4245404 | Y55: =AVERAGEIF('5.8.3 (Large excl tax)'!$A:$A,'Annual excl tax'!$B55,'5.8.3 (Large excl tax)'!Z:Z) -> 2.2071056 | Z55: =AVERAGEIF('5.8.3 (Large excl tax)'!$A:$A,'Annual excl tax'!$B55,'5.8.3 (Large excl tax)'!AA:AA) -> 2.5560615 | AA55: =AVERAGEIF('5.8.3 (Large excl tax)'!$A:$A,'Annual excl tax'!$B55,'5.8.3 (Large excl tax)'!AB:AB) -> 2.3326722 | AB55: =AVERAGEIF('5.8.3 (Large excl tax)'!$A:$A,'Annual excl tax'!$B55,'5.8.3 (Large excl tax)'!AC:AC) -> 2.5762519 | AD55: =AVERAGEIF('5.8.3 (Large excl tax)'!$A:$A,'Annual excl tax'!$B55,'5.8.3 (Large excl tax)'!AE:AE) -> 2.3632235 | AE55: =AVERAGEIF('5.8.3 (Large excl tax)'!$A:$A,'Annual excl tax'!$B55,'5.8.3 (Large excl tax)'!AF:AF) -> 1.2228215 | AF55: =AVERAGEIF('5.8.3 (Large excl tax)'!$A:$A,'Annual excl tax'!$B55,'5.8.3 (Large excl tax)'!AG:AG) -> 2.4566213 | AG55: =AVERAGEIF('5.8.3 (Large excl tax)'!$A:$A,'Annual excl tax'!$B55,'5.8.3 (Large excl tax)'!AH:AH) -> 2.9570721 | AH55: =MEDIAN(C55:Q55,U55:AG55) -> 2.2857417 | AI55: =(Q55-AH55)/AH55*100 -> -24.80198 | AJ55: =RANK(Q55,(C55:Q55,U55:AG55),1) -> 2
A56: Large | B56: 2011 | C56: =AVERAGEIF('5.8.3 (Large excl tax)'!$A:$A,'Annual excl tax'!$B56,'5.8.3 (Large excl tax)'!D:D) -> 2.4912908 | D56: =AVERAGEIF('5.8.3 (Large excl tax)'!$A:$A,'Annual excl tax'!$B56,'5.8.3 (Large excl tax)'!E:E) -> 2.2866801 | E56: =AVERAGEIF('5.8.3 (Large excl tax)'!$A:$A,'Annual excl tax'!$B56,'5.8.3 (Large excl tax)'!F:F) -> 2.6099964 | F56: =AVERAGEIF('5.8.3 (Large excl tax)'!$A:$A,'Annual excl tax'!$B56,'5.8.3 (Large excl tax)'!G:G) -> 3.1066206 | G56: =AVERAGEIF('5.8.3 (Large excl tax)'!$A:$A,'Annual excl tax'!$B56,'5.8.3 (Large excl tax)'!H:H) -> 2.3522788 | H56: =AVERAGEIF('5.8.3 (Large excl tax)'!$A:$A,'Annual excl tax'!$B56,'5.8.3 (Large excl tax)'!I:I) -> 2.7224574 | J56: =AVERAGEIF('5.8.3 (Large excl tax)'!$A:$A,'Annual excl tax'!$B56,'5.8.3 (Large excl tax)'!K:K) -> 2.3070217 | K56: =AVERAGEIF('5.8.3 (Large excl tax)'!$A:$A,'Annual excl tax'!$B56,'5.8.3 (Large excl tax)'!L:L) -> 2.4709655 | L56: =AVERAGEIF('5.8.3 (Large excl tax)'!$A:$A,'Annual excl tax'!$B56,'5.8.3 (Large excl tax)'!M:M) -> 3.0535467 | M56: =AVERAGEIF('5.8.3 (Large excl tax)'!$A:$A,'Annual excl tax'!$B56,'5.8.3 (Large excl tax)'!N:N) -> 2.2117086 | N56: =AVERAGEIF('5.8.3 (Large excl tax)'!$A:$A,'Annual excl tax'!$B56,'5.8.3 (Large excl tax)'!O:O) -> 2.7036653 | O56: =AVERAGEIF('5.8.3 (Large excl tax)'!$A:$A,'Annual excl tax'!$B56,'5.8.3 (Large excl tax)'!P:P) -> 2.5099942 | P56: =AVERAGEIF('5.8.3 (Large excl tax)'!$A:$A,'Annual excl tax'!$B56,'5.8.3 (Large excl tax)'!Q:Q) -> 3.4739546 | Q56: =AVERAGEIF('5.8.3 (Large excl tax)'!$A:$A,'Annual excl tax'!$B56,'5.8.3 (Large excl tax)'!R:R) -> 2.0769429 | R56: =MEDIAN(C56:Q56) -> 2.5006425 | S56: =(Q56-R56)/R56*100 -> -16.94363 | T56: =RANK(Q56,(C56:Q56),1) -> 1 | U56: =AVERAGEIF('5.8.3 (Large excl tax)'!$A:$A,'Annual excl tax'!$B56,'5.8.3 (Large excl tax)'!V:V) -> 2.4213877 | V56: =AVERAGEIF('5.8.3 (Large excl tax)'!$A:$A,'Annual excl tax'!$B56,'5.8.3 (Large excl tax)'!W:W) -> 3.6316817 | X56: =AVERAGEIF('5.8.3 (Large excl tax)'!$A:$A,'Annual excl tax'!$B56,'5.8.3 (Large excl tax)'!Y:Y) -> 2.5880704 | Y56: =AVERAGEIF('5.8.3 (Large excl tax)'!$A:$A,'Annual excl tax'!$B56,'5.8.3 (Large excl tax)'!Z:Z) -> 2.3756762 | Z56: =AVERAGEIF('5.8.3 (Large excl tax)'!$A:$A,'Annual excl tax'!$B56,'5.8.3 (Large excl tax)'!AA:AA) -> 3.1643616 | AA56: =AVERAGEIF('5.8.3 (Large excl tax)'!$A:$A,'Annual excl tax'!$B56,'5.8.3 (Large excl tax)'!AB:AB) -> 2.5566342 | AB56: =AVERAGEIF('5.8.3 (Large excl tax)'!$A:$A,'Annual excl tax'!$B56,'5.8.3 (Large excl tax)'!AC:AC) -> 3.2592425 | AD56: =AVERAGEIF('5.8.3 (Large excl tax)'!$A:$A,'Annual excl tax'!$B56,'5.8.3 (Large excl tax)'!AE:AE) -> 2.4363664 | AE56: =AVERAGEIF('5.8.3 (Large excl tax)'!$A:$A,'Annual excl tax'!$B56,'5.8.3 (Large excl tax)'!AF:AF) -> 1.4521144 | AF56: =AVERAGEIF('5.8.3 (Large excl tax)'!$A:$A,'Annual excl tax'!$B56,'5.8.3 (Large excl tax)'!AG:AG) -> 2.6131122 | AG56: =AVERAGEIF('5.8.3 (Large excl tax)'!$A:$A,'Annual excl tax'!$B56,'5.8.3 (Large excl tax)'!AH:AH) -> 2.8435489 | AH56: =MEDIAN(C56:Q56,U56:AG56) -> 2.5566342 | AI56: =(Q56-AH56)/AH56*100 -> -18.76261 | AJ56: =RANK(Q56,(C56:Q56,U56:AG56),1) -> 2
A57: Large | B57: 2012 | C57: =AVERAGEIF('5.8.3 (Large excl tax)'!$A:$A,'Annual excl tax'!$B57,'5.8.3 (Large excl tax)'!D:D) -> 2.4758817 | D57: =AVERAGEIF('5.8.3 (Large excl tax)'!$A:$A,'Annual excl tax'!$B57,'5.8.3 (Large excl tax)'!E:E) -> 2.2602292 | E57: =AVERAGEIF('5.8.3 (Large excl tax)'!$A:$A,'Annual excl tax'!$B57,'5.8.3 (Large excl tax)'!F:F) -> 2.4815007 | F57: =AVERAGEIF('5.8.3 (Large excl tax)'!$A:$A,'Annual excl tax'!$B57,'5.8.3 (Large excl tax)'!G:G) -> 3.0933607 | G57: =AVERAGEIF('5.8.3 (Large excl tax)'!$A:$A,'Annual excl tax'!$B57,'5.8.3 (Large excl tax)'!H:H) -> 2.420714 | H57: =AVERAGEIF('5.8.3 (Large excl tax)'!$A:$A,'Annual excl tax'!$B57,'5.8.3 (Large excl tax)'!I:I) -> 2.4879249 | I57: =AVERAGEIF('5.8.3 (Large excl tax)'!$A:$A,'Annual excl tax'!$B57,'5.8.3 (Large excl tax)'!J:J) -> 3.8043163 | J57: =AVERAGEIF('5.8.3 (Large excl tax)'!$A:$A,'Annual excl tax'!$B57,'5.8.3 (Large excl tax)'!K:K) -> 2.4901883 | K57: =AVERAGEIF('5.8.3 (Large excl tax)'!$A:$A,'Annual excl tax'!$B57,'5.8.3 (Large excl tax)'!L:L) -> 2.7903534 | L57: =AVERAGEIF('5.8.3 (Large excl tax)'!$A:$A,'Annual excl tax'!$B57,'5.8.3 (Large excl tax)'!M:M) -> 3.0793927 | M57: =AVERAGEIF('5.8.3 (Large excl tax)'!$A:$A,'Annual excl tax'!$B57,'5.8.3 (Large excl tax)'!N:N) -> 2.2679203 | N57: =AVERAGEIF('5.8.3 (Large excl tax)'!$A:$A,'Annual excl tax'!$B57,'5.8.3 (Large excl tax)'!O:O) -> 2.9295477 | O57: =AVERAGEIF('5.8.3 (Large excl tax)'!$A:$A,'Annual excl tax'!$B57,'5.8.3 (Large excl tax)'!P:P) -> 2.7807374 | P57: =AVERAGEIF('5.8.3 (Large excl tax)'!$A:$A,'Annual excl tax'!$B57,'5.8.3 (Large excl tax)'!Q:Q) -> 3.2108257 | Q57: =AVERAGEIF('5.8.3 (Large excl tax)'!$A:$A,'Annual excl tax'!$B57,'5.8.3 (Large excl tax)'!R:R) -> 2.3540783 | R57: =MEDIAN(C57:Q57) -> 2.4901883 | S57: =(Q57-R57)/R57*100 -> -5.4658519 | T57: =RANK(Q57,(C57:Q57),1) -> 3 | U57: =AVERAGEIF('5.8.3 (Large excl tax)'!$A:$A,'Annual excl tax'!$B57,'5.8.3 (Large excl tax)'!V:V) -> 2.8356088 | V57: =AVERAGEIF('5.8.3 (Large excl tax)'!$A:$A,'Annual excl tax'!$B57,'5.8.3 (Large excl tax)'!W:W) -> 3.418281 | X57: =AVERAGEIF('5.8.3 (Large excl tax)'!$A:$A,'Annual excl tax'!$B57,'5.8.3 (Large excl tax)'!Y:Y) -> 2.4817319 | Y57: =AVERAGEIF('5.8.3 (Large excl tax)'!$A:$A,'Annual excl tax'!$B57,'5.8.3 (Large excl tax)'!Z:Z) -> 2.753271 | Z57: =AVERAGEIF('5.8.3 (Large excl tax)'!$A:$A,'Annual excl tax'!$B57,'5.8.3 (Large excl tax)'!AA:AA) -> 3.3489689 | AA57: =AVERAGEIF('5.8.3 (Large excl tax)'!$A:$A,'Annual excl tax'!$B57,'5.8.3 (Large excl tax)'!AB:AB) -> 2.8617153 | AB57: =AVERAGEIF('5.8.3 (Large excl tax)'!$A:$A,'Annual excl tax'!$B57,'5.8.3 (Large excl tax)'!AC:AC) -> 3.6440409 | AD57: =AVERAGEIF('5.8.3 (Large excl tax)'!$A:$A,'Annual excl tax'!$B57,'5.8.3 (Large excl tax)'!AE:AE) -> 2.5935212 | AE57: =AVERAGEIF('5.8.3 (Large excl tax)'!$A:$A,'Annual excl tax'!$B57,'5.8.3 (Large excl tax)'!AF:AF) -> 1.6530046 | AF57: =AVERAGEIF('5.8.3 (Large excl tax)'!$A:$A,'Annual excl tax'!$B57,'5.8.3 (Large excl tax)'!AG:AG) -> 2.5442803 | AG57: =AVERAGEIF('5.8.3 (Large excl tax)'!$A:$A,'Annual excl tax'!$B57,'5.8.3 (Large excl tax)'!AH:AH) -> 3.4771374 | AH57: =MEDIAN(C57:Q57,U57:AG57) -> 2.7670042 | AI57: =(Q57-AH57)/AH57*100 -> -14.923212 | AJ57: =RANK(Q57,(C57:Q57,U57:AG57),1) -> 4
A58: Large | B58: 2013 | C58: =AVERAGEIF('5.8.3 (Large excl tax)'!$A:$A,'Annual excl tax'!$B58,'5.8.3 (Large excl tax)'!D:D) -> 2.5254027 | D58: =AVERAGEIF('5.8.3 (Large excl tax)'!$A:$A,'Annual excl tax'!$B58,'5.8.3 (Large excl tax)'!E:E) -> 2.482375 | E58: =AVERAGEIF('5.8.3 (Large excl tax)'!$A:$A,'Annual excl tax'!$B58,'5.8.3 (Large excl tax)'!F:F) -> 2.7498181 | F58: =AVERAGEIF('5.8.3 (Large excl tax)'!$A:$A,'Annual excl tax'!$B58,'5.8.3 (Large excl tax)'!G:G) -> 3.1533865 | G58: =AVERAGEIF('5.8.3 (Large excl tax)'!$A:$A,'Annual excl tax'!$B58,'5.8.3 (Large excl tax)'!H:H) -> 2.6870801 | H58: =AVERAGEIF('5.8.3 (Large excl tax)'!$A:$A,'Annual excl tax'!$B58,'5.8.3 (Large excl tax)'!I:I) -> 2.8491402 | I58: =AVERAGEIF('5.8.3 (Large excl tax)'!$A:$A,'Annual excl tax'!$B58,'5.8.3 (Large excl tax)'!J:J) -> 3.5358484 | J58: =AVERAGEIF('5.8.3 (Large excl tax)'!$A:$A,'Annual excl tax'!$B58,'5.8.3 (Large excl tax)'!K:K) -> 2.9102535 | K58: =AVERAGEIF('5.8.3 (Large excl tax)'!$A:$A,'Annual excl tax'!$B58,'5.8.3 (Large excl tax)'!L:L) -> 2.7789585 | L58: =AVERAGEIF('5.8.3 (Large excl tax)'!$A:$A,'Annual excl tax'!$B58,'5.8.3 (Large excl tax)'!M:M) -> 3.2364477 | M58: =AVERAGEIF('5.8.3 (Large excl tax)'!$A:$A,'Annual excl tax'!$B58,'5.8.3 (Large excl tax)'!N:N) -> 2.5098545 | N58: =AVERAGEIF('5.8.3 (Large excl tax)'!$A:$A,'Annual excl tax'!$B58,'5.8.3 (Large excl tax)'!O:O) -> 3.0632508 | O58: =AVERAGEIF('5.8.3 (Large excl tax)'!$A:$A,'Annual excl tax'!$B58,'5.8.3 (Large excl tax)'!P:P) -> 2.8706884 | P58: =AVERAGEIF('5.8.3 (Large excl tax)'!$A:$A,'Annual excl tax'!$B58,'5.8.3 (Large excl tax)'!Q:Q) -> 3.2998766 | Q58: =AVERAGEIF('5.8.3 (Large excl tax)'!$A:$A,'Annual excl tax'!$B58,'5.8.3 (Large excl tax)'!R:R) -> 2.5630744 | R58: =MEDIAN(C58:Q58) -> 2.8491402 | S58: =(Q58-R58)/R58*100 -> -10.040428 | T58: =RANK(Q58,(C58:Q58),1) -> 4 | U58: =AVERAGEIF('5.8.3 (Large excl tax)'!$A:$A,'Annual excl tax'!$B58,'5.8.3 (Large excl tax)'!V:V) -> 2.7284423 | V58: =AVERAGEIF('5.8.3 (Large excl tax)'!$A:$A,'Annual excl tax'!$B58,'5.8.3 (Large excl tax)'!W:W) -> 3.2961014 | X58: =AVERAGEIF('5.8.3 (Large excl tax)'!$A:$A,'Annual excl tax'!$B58,'5.8.3 (Large excl tax)'!Y:Y) -> 2.511218 | Y58: =AVERAGEIF('5.8.3 (Large excl tax)'!$A:$A,'Annual excl tax'!$B58,'5.8.3 (Large excl tax)'!Z:Z) -> 2.8676884 | Z58: =AVERAGEIF('5.8.3 (Large excl tax)'!$A:$A,'Annual excl tax'!$B58,'5.8.3 (Large excl tax)'!AA:AA) -> 3.3108948 | AA58: =AVERAGEIF('5.8.3 (Large excl tax)'!$A:$A,'Annual excl tax'!$B58,'5.8.3 (Large excl tax)'!AB:AB) -> 2.878968 | AB58: =AVERAGEIF('5.8.3 (Large excl tax)'!$A:$A,'Annual excl tax'!$B58,'5.8.3 (Large excl tax)'!AC:AC) -> 3.5704067 | AD58: =AVERAGEIF('5.8.3 (Large excl tax)'!$A:$A,'Annual excl tax'!$B58,'5.8.3 (Large excl tax)'!AE:AE) -> 2.7397819 | AE58: =AVERAGEIF('5.8.3 (Large excl tax)'!$A:$A,'Annual excl tax'!$B58,'5.8.3 (Large excl tax)'!AF:AF) -> 1.6221862 | AF58: =AVERAGEIF('5.8.3 (Large excl tax)'!$A:$A,'Annual excl tax'!$B58,'5.8.3 (Large excl tax)'!AG:AG) -> 2.8783282 | AG58: =AVERAGEIF('5.8.3 (Large excl tax)'!$A:$A,'Annual excl tax'!$B58,'5.8.3 (Large excl tax)'!AH:AH) -> 3.0434054 | AH58: =MEDIAN(C58:Q58,U58:AG58) -> 2.8691884 | AI58: =(Q58-AH58)/AH58*100 -> -10.669011 | AJ58: =RANK(Q58,(C58:Q58,U58:AG58),1) -> 6
A59: Large | B59: 2014 | C59: =AVERAGEIF('5.8.3 (Large excl tax)'!$A:$A,'Annual excl tax'!$B59,'5.8.3 (Large excl tax)'!D:D) -> 2.2137729 | D59: =AVERAGEIF('5.8.3 (Large excl tax)'!$A:$A,'Annual excl tax'!$B59,'5.8.3 (Large excl tax)'!E:E) -> 2.1024054 | E59: =AVERAGEIF('5.8.3 (Large excl tax)'!$A:$A,'Annual excl tax'!$B59,'5.8.3 (Large excl tax)'!F:F) -> 2.1001171 | F59: =AVERAGEIF('5.8.3 (Large excl tax)'!$A:$A,'Annual excl tax'!$B59,'5.8.3 (Large excl tax)'!G:G) -> 2.7244742 | G59: =AVERAGEIF('5.8.3 (Large excl tax)'!$A:$A,'Annual excl tax'!$B59,'5.8.3 (Large excl tax)'!H:H) -> 2.4199301 | H59: =AVERAGEIF('5.8.3 (Large excl tax)'!$A:$A,'Annual excl tax'!$B59,'5.8.3 (Large excl tax)'!I:I) -> 2.3884578 | I59: =AVERAGEIF('5.8.3 (Large excl tax)'!$A:$A,'Annual excl tax'!$B59,'5.8.3 (Large excl tax)'!J:J) -> 3.0321893 | J59: =AVERAGEIF('5.8.3 (Large excl tax)'!$A:$A,'Annual excl tax'!$B59,'5.8.3 (Large excl tax)'!K:K) -> 2.4956342 | K59: =AVERAGEIF('5.8.3 (Large excl tax)'!$A:$A,'Annual excl tax'!$B59,'5.8.3 (Large excl tax)'!L:L) -> 2.4031596 | L59: =AVERAGEIF('5.8.3 (Large excl tax)'!$A:$A,'Annual excl tax'!$B59,'5.8.3 (Large excl tax)'!M:M) -> 2.5593558 | M59: =AVERAGEIF('5.8.3 (Large excl tax)'!$A:$A,'Annual excl tax'!$B59,'5.8.3 (Large excl tax)'!N:N) -> 2.1244692 | N59: =AVERAGEIF('5.8.3 (Large excl tax)'!$A:$A,'Annual excl tax'!$B59,'5.8.3 (Large excl tax)'!O:O) -> 2.967934 | O59: =AVERAGEIF('5.8.3 (Large excl tax)'!$A:$A,'Annual excl tax'!$B59,'5.8.3 (Large excl tax)'!P:P) -> 2.7115221 | P59: =AVERAGEIF('5.8.3 (Large excl tax)'!$A:$A,'Annual excl tax'!$B59,'5.8.3 (Large excl tax)'!Q:Q) -> 2.6401632 | Q59: =AVERAGEIF('5.8.3 (Large excl tax)'!$A:$A,'Annual excl tax'!$B59,'5.8.3 (Large excl tax)'!R:R) -> 2.3180475 | R59: =MEDIAN(C59:Q59) -> 2.4199301 | S59: =(Q59-R59)/R59*100 -> -4.210147 | T59: =RANK(Q59,(C59:Q59),1) -> 5 | U59: =AVERAGEIF('5.8.3 (Large excl tax)'!$A:$A,'Annual excl tax'!$B59,'5.8.3 (Large excl tax)'!V:V) -> 2.4598102 | V59: =AVERAGEIF('5.8.3 (Large excl tax)'!$A:$A,'Annual excl tax'!$B59,'5.8.3 (Large excl tax)'!W:W) -> 2.7661339 | X59: =AVERAGEIF('5.8.3 (Large excl tax)'!$A:$A,'Annual excl tax'!$B59,'5.8.3 (Large excl tax)'!Y:Y) -> 2.252964 | Y59: =AVERAGEIF('5.8.3 (Large excl tax)'!$A:$A,'Annual excl tax'!$B59,'5.8.3 (Large excl tax)'!Z:Z) -> 2.7342586 | Z59: =AVERAGEIF('5.8.3 (Large excl tax)'!$A:$A,'Annual excl tax'!$B59,'5.8.3 (Large excl tax)'!AA:AA) -> 2.3817063 | AA59: =AVERAGEIF('5.8.3 (Large excl tax)'!$A:$A,'Annual excl tax'!$B59,'5.8.3 (Large excl tax)'!AB:AB) -> 2.564867 | AB59: =AVERAGEIF('5.8.3 (Large excl tax)'!$A:$A,'Annual excl tax'!$B59,'5.8.3 (Large excl tax)'!AC:AC) -> 2.8066173 | AD59: =AVERAGEIF('5.8.3 (Large excl tax)'!$A:$A,'Annual excl tax'!$B59,'5.8.3 (Large excl tax)'!AE:AE) -> 2.5934231 | AE59: =AVERAGEIF('5.8.3 (Large excl tax)'!$A:$A,'Annual excl tax'!$B59,'5.8.3 (Large excl tax)'!AF:AF) -> 1.6569035 | AF59: =AVERAGEIF('5.8.3 (Large excl tax)'!$A:$A,'Annual excl tax'!$B59,'5.8.3 (Large excl tax)'!AG:AG) -> 2.6568048 | AG59: =AVERAGEIF('5.8.3 (Large excl tax)'!$A:$A,'Annual excl tax'!$B59,'5.8.3 (Large excl tax)'!AH:AH) -> 2.5028383 | AH59: =MEDIAN(C59:Q59,U59:AG59) -> 2.4992363 | AI59: =(Q59-AH59)/AH59*100 -> -7.2497661 | AJ59: =RANK(Q59,(C59:Q59,U59:AG59),1) -> 7
A60: Large | B60: 2015 | C60: =AVERAGEIF('5.8.3 (Large excl tax)'!$A:$A,'Annual excl tax'!$B60,'5.8.3 (Large excl tax)'!D:D) -> 1.8623061 | D60: =AVERAGEIF('5.8.3 (Large excl tax)'!$A:$A,'Annual excl tax'!$B60,'5.8.3 (Large excl tax)'!E:E) -> 1.7608016 | E60: =AVERAGEIF('5.8.3 (Large excl tax)'!$A:$A,'Annual excl tax'!$B60,'5.8.3 (Large excl tax)'!F:F) -> 1.8700709 | F60: =AVERAGEIF('5.8.3 (Large excl tax)'!$A:$A,'Annual excl tax'!$B60,'5.8.3 (Large excl tax)'!G:G) -> 1.9903871 | G60: =AVERAGEIF('5.8.3 (Large excl tax)'!$A:$A,'Annual excl tax'!$B60,'5.8.3 (Large excl tax)'!H:H) -> 2.0329954 | H60: =AVERAGEIF('5.8.3 (Large excl tax)'!$A:$A,'Annual excl tax'!$B60,'5.8.3 (Large excl tax)'!I:I) -> 1.9388135 | I60: =AVERAGEIF('5.8.3 (Large excl tax)'!$A:$A,'Annual excl tax'!$B60,'5.8.3 (Large excl tax)'!J:J) -> 2.1288833 | J60: =AVERAGEIF('5.8.3 (Large excl tax)'!$A:$A,'Annual excl tax'!$B60,'5.8.3 (Large excl tax)'!K:K) -> 2.0797705 | K60: =AVERAGEIF('5.8.3 (Large excl tax)'!$A:$A,'Annual excl tax'!$B60,'5.8.3 (Large excl tax)'!L:L) -> 2.0185399 | L60: =AVERAGEIF('5.8.3 (Large excl tax)'!$A:$A,'Annual excl tax'!$B60,'5.8.3 (Large excl tax)'!M:M) -> 2.2074724 | M60: =AVERAGEIF('5.8.3 (Large excl tax)'!$A:$A,'Annual excl tax'!$B60,'5.8.3 (Large excl tax)'!N:N) -> 1.8046104 | N60: =AVERAGEIF('5.8.3 (Large excl tax)'!$A:$A,'Annual excl tax'!$B60,'5.8.3 (Large excl tax)'!O:O) -> 2.4545429 | O60: =AVERAGEIF('5.8.3 (Large excl tax)'!$A:$A,'Annual excl tax'!$B60,'5.8.3 (Large excl tax)'!P:P) -> 2.1713021 | P60: =AVERAGEIF('5.8.3 (Large excl tax)'!$A:$A,'Annual excl tax'!$B60,'5.8.3 (Large excl tax)'!Q:Q) -> 2.2697139 | Q60: =AVERAGEIF('5.8.3 (Large excl tax)'!$A:$A,'Annual excl tax'!$B60,'5.8.3 (Large excl tax)'!R:R) -> 1.9895026 | R60: =MEDIAN(C60:Q60) -> 2.0185399 | S60: =(Q60-R60)/R60*100 -> -1.4385337 | T60: =RANK(Q60,(C60:Q60),1) -> 6 | U60: =AVERAGEIF('5.8.3 (Large excl tax)'!$A:$A,'Annual excl tax'!$B60,'5.8.3 (Large excl tax)'!V:V) -> 1.8093458 | V60: =AVERAGEIF('5.8.3 (Large excl tax)'!$A:$A,'Annual excl tax'!$B60,'5.8.3 (Large excl tax)'!W:W) -> 2.3179422 | X60: =AVERAGEIF('5.8.3 (Large excl tax)'!$A:$A,'Annual excl tax'!$B60,'5.8.3 (Large excl tax)'!Y:Y) -> 1.8585816 | Y60: =AVERAGEIF('5.8.3 (Large excl tax)'!$A:$A,'Annual excl tax'!$B60,'5.8.3 (Large excl tax)'!Z:Z) -> 2.0204986 | Z60: =AVERAGEIF('5.8.3 (Large excl tax)'!$A:$A,'Annual excl tax'!$B60,'5.8.3 (Large excl tax)'!AA:AA) -> 1.9523845 | AA60: =AVERAGEIF('5.8.3 (Large excl tax)'!$A:$A,'Annual excl tax'!$B60,'5.8.3 (Large excl tax)'!AB:AB) -> 2.0923339 | AB60: =AVERAGEIF('5.8.3 (Large excl tax)'!$A:$A,'Annual excl tax'!$B60,'5.8.3 (Large excl tax)'!AC:AC) -> 1.4052201 | AD60: =AVERAGEIF('5.8.3 (Large excl tax)'!$A:$A,'Annual excl tax'!$B60,'5.8.3 (Large excl tax)'!AE:AE) -> 2.2079147 | AE60: =AVERAGEIF('5.8.3 (Large excl tax)'!$A:$A,'Annual excl tax'!$B60,'5.8.3 (Large excl tax)'!AF:AF) -> 1.4085023 | AF60: =AVERAGEIF('5.8.3 (Large excl tax)'!$A:$A,'Annual excl tax'!$B60,'5.8.3 (Large excl tax)'!AG:AG) -> 2.2432005 | AG60: =AVERAGEIF('5.8.3 (Large excl tax)'!$A:$A,'Annual excl tax'!$B60,'5.8.3 (Large excl tax)'!AH:AH) -> 2.0696081 | AH60: =MEDIAN(C60:Q60,U60:AG60) -> 2.0195193 | AI60: =(Q60-AH60)/AH60*100 -> -1.4863297 | AJ60: =RANK(Q60,(C60:Q60,U60:AG60),1) -> 11
A61: Large | B61: 2016 | C61: =AVERAGEIF('5.8.3 (Large excl tax)'!$A:$A,'Annual excl tax'!$B61,'5.8.3 (Large excl tax)'!D:D) -> 1.7576364 | D61: =AVERAGEIF('5.8.3 (Large excl tax)'!$A:$A,'Annual excl tax'!$B61,'5.8.3 (Large excl tax)'!E:E) -> 1.6319687 | E61: =AVERAGEIF('5.8.3 (Large excl tax)'!$A:$A,'Annual excl tax'!$B61,'5.8.3 (Large excl tax)'!F:F) -> 1.5989526 | F61: =AVERAGEIF('5.8.3 (Large excl tax)'!$A:$A,'Annual excl tax'!$B61,'5.8.3 (Large excl tax)'!G:G) -> 2.0149969 | G61: =AVERAGEIF('5.8.3 (Large excl tax)'!$A:$A,'Annual excl tax'!$B61,'5.8.3 (Large excl tax)'!H:H) -> 1.7865012 | H61: =AVERAGEIF('5.8.3 (Large excl tax)'!$A:$A,'Annual excl tax'!$B61,'5.8.3 (Large excl tax)'!I:I) -> 1.838319 | I61: =AVERAGEIF('5.8.3 (Large excl tax)'!$A:$A,'Annual excl tax'!$B61,'5.8.3 (Large excl tax)'!J:J) -> 1.6012302 | J61: =AVERAGEIF('5.8.3 (Large excl tax)'!$A:$A,'Annual excl tax'!$B61,'5.8.3 (Large excl tax)'!K:K) -> 1.9523083 | K61: =AVERAGEIF('5.8.3 (Large excl tax)'!$A:$A,'Annual excl tax'!$B61,'5.8.3 (Large excl tax)'!L:L) -> 1.9290648 | L61: =AVERAGEIF('5.8.3 (Large excl tax)'!$A:$A,'Annual excl tax'!$B61,'5.8.3 (Large excl tax)'!M:M) -> 2.0363347 | M61: =AVERAGEIF('5.8.3 (Large excl tax)'!$A:$A,'Annual excl tax'!$B61,'5.8.3 (Large excl tax)'!N:N) -> 1.7007144 | N61: =AVERAGEIF('5.8.3 (Large excl tax)'!$A:$A,'Annual excl tax'!$B61,'5.8.3 (Large excl tax)'!O:O) -> 2.0677356 | O61: =AVERAGEIF('5.8.3 (Large excl tax)'!$A:$A,'Annual excl tax'!$B61,'5.8.3 (Large excl tax)'!P:P) -> 1.9357842 | P61: =AVERAGEIF('5.8.3 (Large excl tax)'!$A:$A,'Annual excl tax'!$B61,'5.8.3 (Large excl tax)'!Q:Q) -> 2.1449612 | Q61: =AVERAGEIF('5.8.3 (Large excl tax)'!$A:$A,'Annual excl tax'!$B61,'5.8.3 (Large excl tax)'!R:R) -> 1.6322273 | R61: =MEDIAN(C61:Q61) -> 1.838319 | S61: =(Q61-R61)/R61*100 -> -11.210881 | T61: =RANK(Q61,(C61:Q61),1) -> 4 | U61: =AVERAGEIF('5.8.3 (Large excl tax)'!$A:$A,'Annual excl tax'!$B61,'5.8.3 (Large excl tax)'!V:V) -> 1.3310931 | V61: =AVERAGEIF('5.8.3 (Large excl tax)'!$A:$A,'Annual excl tax'!$B61,'5.8.3 (Large excl tax)'!W:W) -> 2.0187444 | X61: =AVERAGEIF('5.8.3 (Large excl tax)'!$A:$A,'Annual excl tax'!$B61,'5.8.3 (Large excl tax)'!Y:Y) -> 1.7646144 | Y61: =AVERAGEIF('5.8.3 (Large excl tax)'!$A:$A,'Annual excl tax'!$B61,'5.8.3 (Large excl tax)'!Z:Z) -> 1.6833827 | Z61: =AVERAGEIF('5.8.3 (Large excl tax)'!$A:$A,'Annual excl tax'!$B61,'5.8.3 (Large excl tax)'!AA:AA) -> 2.0031732 | AA61: =AVERAGEIF('5.8.3 (Large excl tax)'!$A:$A,'Annual excl tax'!$B61,'5.8.3 (Large excl tax)'!AB:AB) -> 1.8268992 | AB61: =AVERAGEIF('5.8.3 (Large excl tax)'!$A:$A,'Annual excl tax'!$B61,'5.8.3 (Large excl tax)'!AC:AC) -> 1.6201451 | AD61: =AVERAGEIF('5.8.3 (Large excl tax)'!$A:$A,'Annual excl tax'!$B61,'5.8.3 (Large excl tax)'!AE:AE) -> 1.7914602 | AE61: =AVERAGEIF('5.8.3 (Large excl tax)'!$A:$A,'Annual excl tax'!$B61,'5.8.3 (Large excl tax)'!AF:AF) -> 1.3971574 | AF61: =AVERAGEIF('5.8.3 (Large excl tax)'!$A:$A,'Annual excl tax'!$B61,'5.8.3 (Large excl tax)'!AG:AG) -> 2.1775735 | AG61: =AVERAGEIF('5.8.3 (Large excl tax)'!$A:$A,'Annual excl tax'!$B61,'5.8.3 (Large excl tax)'!AH:AH) -> 1.8950958 | AH61: =MEDIAN(C61:Q61,U61:AG61) -> 1.8091797 | AI61: =(Q61-AH61)/AH61*100 -> -9.7808088 | AJ61: =RANK(Q61,(C61:Q61,U61:AG61),1) -> 7
A62: Large | B62: 2017 | C62: =AVERAGEIF('5.8.3 (Large excl tax)'!$A:$A,'Annual excl tax'!$B62,'5.8.3 (Large excl tax)'!D:D) -> 1.9116323 | D62: =AVERAGEIF('5.8.3 (Large excl tax)'!$A:$A,'Annual excl tax'!$B62,'5.8.3 (Large excl tax)'!E:E) -> 1.6521363 | E62: =AVERAGEIF('5.8.3 (Large excl tax)'!$A:$A,'Annual excl tax'!$B62,'5.8.3 (Large excl tax)'!F:F) -> 1.9068505 | F62: =AVERAGEIF('5.8.3 (Large excl tax)'!$A:$A,'Annual excl tax'!$B62,'5.8.3 (Large excl tax)'!G:G) -> 2.4445019 | G62: =AVERAGEIF('5.8.3 (Large excl tax)'!$A:$A,'Annual excl tax'!$B62,'5.8.3 (Large excl tax)'!H:H) -> 1.9459025 | H62: =AVERAGEIF('5.8.3 (Large excl tax)'!$A:$A,'Annual excl tax'!$B62,'5.8.3 (Large excl tax)'!I:I) -> 1.9106761 | I62: =AVERAGEIF('5.8.3 (Large excl tax)'!$A:$A,'Annual excl tax'!$B62,'5.8.3 (Large excl tax)'!J:J) -> 2.0061543 | J62: =AVERAGEIF('5.8.3 (Large excl tax)'!$A:$A,'Annual excl tax'!$B62,'5.8.3 (Large excl tax)'!K:K) -> 2.0071105 | K62: =AVERAGEIF('5.8.3 (Large excl tax)'!$A:$A,'Annual excl tax'!$B62,'5.8.3 (Large excl tax)'!L:L) -> 1.9240653 | L62: =AVERAGEIF('5.8.3 (Large excl tax)'!$A:$A,'Annual excl tax'!$B62,'5.8.3 (Large excl tax)'!M:M) -> 1.9315572 | M62: =AVERAGEIF('5.8.3 (Large excl tax)'!$A:$A,'Annual excl tax'!$B62,'5.8.3 (Large excl tax)'!N:N) -> 1.7755084 | N62: =AVERAGEIF('5.8.3 (Large excl tax)'!$A:$A,'Annual excl tax'!$B62,'5.8.3 (Large excl tax)'!O:O) -> 2.0110955 | O62: =AVERAGEIF('5.8.3 (Large excl tax)'!$A:$A,'Annual excl tax'!$B62,'5.8.3 (Large excl tax)'!P:P) -> 2.0640148 | P62: =AVERAGEIF('5.8.3 (Large excl tax)'!$A:$A,'Annual excl tax'!$B62,'5.8.3 (Large excl tax)'!Q:Q) -> 2.4196255 | Q62: =AVERAGEIF('5.8.3 (Large excl tax)'!$A:$A,'Annual excl tax'!$B62,'5.8.3 (Large excl tax)'!R:R) -> 1.5421534 | R62: =MEDIAN(C62:Q62) -> 1.9315572 | S62: =(Q62-R62)/R62*100 -> -20.160097 | T62: =RANK(Q62,(C62:Q62),1) -> 1 | U62: =AVERAGEIF('5.8.3 (Large excl tax)'!$A:$A,'Annual excl tax'!$B62,'5.8.3 (Large excl tax)'!V:V) -> 1.5843926 | V62: =AVERAGEIF('5.8.3 (Large excl tax)'!$A:$A,'Annual excl tax'!$B62,'5.8.3 (Large excl tax)'!W:W) -> 1.9326727 | X62: =AVERAGEIF('5.8.3 (Large excl tax)'!$A:$A,'Annual excl tax'!$B62,'5.8.3 (Large excl tax)'!Y:Y) -> 1.9076473 | Y62: =AVERAGEIF('5.8.3 (Large excl tax)'!$A:$A,'Annual excl tax'!$B62,'5.8.3 (Large excl tax)'!Z:Z) -> 2.0061543 | Z62: =AVERAGEIF('5.8.3 (Large excl tax)'!$A:$A,'Annual excl tax'!$B62,'5.8.3 (Large excl tax)'!AA:AA) -> 1.9500469 | AA62: =AVERAGEIF('5.8.3 (Large excl tax)'!$A:$A,'Annual excl tax'!$B62,'5.8.3 (Large excl tax)'!AB:AB) -> 2.1441905 | AB62: =AVERAGEIF('5.8.3 (Large excl tax)'!$A:$A,'Annual excl tax'!$B62,'5.8.3 (Large excl tax)'!AC:AC) -> 2.1027471 | AD62: =AVERAGEIF('5.8.3 (Large excl tax)'!$A:$A,'Annual excl tax'!$B62,'5.8.3 (Large excl tax)'!AE:AE) -> 1.9581762 | AE62: =AVERAGEIF('5.8.3 (Large excl tax)'!$A:$A,'Annual excl tax'!$B62,'5.8.3 (Large excl tax)'!AF:AF) -> 1.9242247 | AF62: =AVERAGEIF('5.8.3 (Large excl tax)'!$A:$A,'Annual excl tax'!$B62,'5.8.3 (Large excl tax)'!AG:AG) -> 2.0641741 | AG62: =AVERAGEIF('5.8.3 (Large excl tax)'!$A:$A,'Annual excl tax'!$B62,'5.8.3 (Large excl tax)'!AH:AH) -> 1.9459025 | AH62: =MEDIAN(C62:Q62,U62:AG62) -> 1.9459025 | AI62: =(Q62-AH62)/AH62*100 -> -20.748683 | AJ62: =RANK(Q62,(C62:Q62,U62:AG62),1) -> 1
A63: Large | B63: 2018 | C63: =AVERAGEIF('5.8.3 (Large excl tax)'!$A:$A,'Annual excl tax'!$B63,'5.8.3 (Large excl tax)'!D:D) -> 1.9778707 | D63: =AVERAGEIF('5.8.3 (Large excl tax)'!$A:$A,'Annual excl tax'!$B63,'5.8.3 (Large excl tax)'!E:E) -> 1.7473434 | E63: =AVERAGEIF('5.8.3 (Large excl tax)'!$A:$A,'Annual excl tax'!$B63,'5.8.3 (Large excl tax)'!F:F) -> 2.3404583 | G63: =AVERAGEIF('5.8.3 (Large excl tax)'!$A:$A,'Annual excl tax'!$B63,'5.8.3 (Large excl tax)'!H:H) -> 2.176058 | H63: =AVERAGEIF('5.8.3 (Large excl tax)'!$A:$A,'Annual excl tax'!$B63,'5.8.3 (Large excl tax)'!I:I) -> 1.9551509 | I63: =AVERAGEIF('5.8.3 (Large excl tax)'!$A:$A,'Annual excl tax'!$B63,'5.8.3 (Large excl tax)'!J:J) -> 2.3319027 | J63: =AVERAGEIF('5.8.3 (Large excl tax)'!$A:$A,'Annual excl tax'!$B63,'5.8.3 (Large excl tax)'!K:K) -> 2.3003854 | K63: =AVERAGEIF('5.8.3 (Large excl tax)'!$A:$A,'Annual excl tax'!$B63,'5.8.3 (Large excl tax)'!L:L) -> 2.2076721 | L63: =AVERAGEIF('5.8.3 (Large excl tax)'!$A:$A,'Annual excl tax'!$B63,'5.8.3 (Large excl tax)'!M:M) -> 2.0410356 | M63: =AVERAGEIF('5.8.3 (Large excl tax)'!$A:$A,'Annual excl tax'!$B63,'5.8.3 (Large excl tax)'!N:N) -> 1.8934228 | N63: =AVERAGEIF('5.8.3 (Large excl tax)'!$A:$A,'Annual excl tax'!$B63,'5.8.3 (Large excl tax)'!O:O) -> 2.2167117 | O63: =AVERAGEIF('5.8.3 (Large excl tax)'!$A:$A,'Annual excl tax'!$B63,'5.8.3 (Large excl tax)'!P:P) -> 2.2697391 | P63: =AVERAGEIF('5.8.3 (Large excl tax)'!$A:$A,'Annual excl tax'!$B63,'5.8.3 (Large excl tax)'!Q:Q) -> 2.9234691 | Q63: =AVERAGEIF('5.8.3 (Large excl tax)'!$A:$A,'Annual excl tax'!$B63,'5.8.3 (Large excl tax)'!R:R) -> 1.8152856 | R63: =MEDIAN(C63:Q63) -> 2.1918651 | S63: =(Q63-R63)/R63*100 -> -17.180778 | T63: =RANK(Q63,(C63:Q63),1) -> 2 | U63: =AVERAGEIF('5.8.3 (Large excl tax)'!$A:$A,'Annual excl tax'!$B63,'5.8.3 (Large excl tax)'!V:V) -> 1.8983539 | V63: =AVERAGEIF('5.8.3 (Large excl tax)'!$A:$A,'Annual excl tax'!$B63,'5.8.3 (Large excl tax)'!W:W) -> 2.1812794 | X63: =AVERAGEIF('5.8.3 (Large excl tax)'!$A:$A,'Annual excl tax'!$B63,'5.8.3 (Large excl tax)'!Y:Y) -> 2.0968799 | Y63: =AVERAGEIF('5.8.3 (Large excl tax)'!$A:$A,'Annual excl tax'!$B63,'5.8.3 (Large excl tax)'!Z:Z) -> 2.3672382 | Z63: =AVERAGEIF('5.8.3 (Large excl tax)'!$A:$A,'Annual excl tax'!$B63,'5.8.3 (Large excl tax)'!AA:AA) -> 2.2034669 | AA63: =AVERAGEIF('5.8.3 (Large excl tax)'!$A:$A,'Annual excl tax'!$B63,'5.8.3 (Large excl tax)'!AB:AB) -> 2.4335103 | AB63: =AVERAGEIF('5.8.3 (Large excl tax)'!$A:$A,'Annual excl tax'!$B63,'5.8.3 (Large excl tax)'!AC:AC) -> 2.5709857 | AD63: =AVERAGEIF('5.8.3 (Large excl tax)'!$A:$A,'Annual excl tax'!$B63,'5.8.3 (Large excl tax)'!AE:AE) -> 2.1809891 | AE63: =AVERAGEIF('5.8.3 (Large excl tax)'!$A:$A,'Annual excl tax'!$B63,'5.8.3 (Large excl tax)'!AF:AF) -> 2.1146202 | AF63: =AVERAGEIF('5.8.3 (Large excl tax)'!$A:$A,'Annual excl tax'!$B63,'5.8.3 (Large excl tax)'!AG:AG) -> 2.1587532 | AG63: =AVERAGEIF('5.8.3 (Large excl tax)'!$A:$A,'Annual excl tax'!$B63,'5.8.3 (Large excl tax)'!AH:AH) -> 2.1014722 | AH63: =MEDIAN(C63:Q63,U63:AG63) -> 2.1809891 | AI63: =(Q63-AH63)/AH63*100 -> -16.767782 | AJ63: =RANK(Q63,(C63:Q63,U63:AG63),1) -> 2
A64: Large | B64: 2019 | C64: =AVERAGEIF('5.8.3 (Large excl tax)'!$A:$A,'Annual excl tax'!$B64,'5.8.3 (Large excl tax)'!D:D) -> 1.7923607 | D64: =AVERAGEIF('5.8.3 (Large excl tax)'!$A:$A,'Annual excl tax'!$B64,'5.8.3 (Large excl tax)'!E:E) -> 1.6331233 | E64: =AVERAGEIF('5.8.3 (Large excl tax)'!$A:$A,'Annual excl tax'!$B64,'5.8.3 (Large excl tax)'!F:F) -> 1.7309159 | G64: =AVERAGEIF('5.8.3 (Large excl tax)'!$A:$A,'Annual excl tax'!$B64,'5.8.3 (Large excl tax)'!H:H) -> 2.0445356 | H64: =AVERAGEIF('5.8.3 (Large excl tax)'!$A:$A,'Annual excl tax'!$B64,'5.8.3 (Large excl tax)'!I:I) -> 1.9427037 | I64: =AVERAGEIF('5.8.3 (Large excl tax)'!$A:$A,'Annual excl tax'!$B64,'5.8.3 (Large excl tax)'!J:J) -> 2.4249536 | J64: =AVERAGEIF('5.8.3 (Large excl tax)'!$A:$A,'Annual excl tax'!$B64,'5.8.3 (Large excl tax)'!K:K) -> 2.1198204 | K64: =AVERAGEIF('5.8.3 (Large excl tax)'!$A:$A,'Annual excl tax'!$B64,'5.8.3 (Large excl tax)'!L:L) -> 2.1601622 | L64: =AVERAGEIF('5.8.3 (Large excl tax)'!$A:$A,'Annual excl tax'!$B64,'5.8.3 (Large excl tax)'!M:M) -> 1.9478636 | M64: =AVERAGEIF('5.8.3 (Large excl tax)'!$A:$A,'Annual excl tax'!$B64,'5.8.3 (Large excl tax)'!N:N) -> 1.7040515 | N64: =AVERAGEIF('5.8.3 (Large excl tax)'!$A:$A,'Annual excl tax'!$B64,'5.8.3 (Large excl tax)'!O:O) -> 2.371814 | O64: =AVERAGEIF('5.8.3 (Large excl tax)'!$A:$A,'Annual excl tax'!$B64,'5.8.3 (Large excl tax)'!P:P) -> 2.3142273 | P64: =AVERAGEIF('5.8.3 (Large excl tax)'!$A:$A,'Annual excl tax'!$B64,'5.8.3 (Large excl tax)'!Q:Q) -> 2.1508147 | Q64: =AVERAGEIF('5.8.3 (Large excl tax)'!$A:$A,'Annual excl tax'!$B64,'5.8.3 (Large excl tax)'!R:R) -> 1.791547 | R64: =MEDIAN(C64:Q64) -> 1.9961996 | S64: =(Q64-R64)/R64*100 -> -10.252109 | T64: =RANK(Q64,(C64:Q64),1) -> 4 | U64: =AVERAGEIF('5.8.3 (Large excl tax)'!$A:$A,'Annual excl tax'!$B64,'5.8.3 (Large excl tax)'!V:V) -> 2.067134 | V64: =AVERAGEIF('5.8.3 (Large excl tax)'!$A:$A,'Annual excl tax'!$B64,'5.8.3 (Large excl tax)'!W:W) -> 2.2971637 | X64: =AVERAGEIF('5.8.3 (Large excl tax)'!$A:$A,'Annual excl tax'!$B64,'5.8.3 (Large excl tax)'!Y:Y) -> 2.1240863 | Y64: =AVERAGEIF('5.8.3 (Large excl tax)'!$A:$A,'Annual excl tax'!$B64,'5.8.3 (Large excl tax)'!Z:Z) -> 2.4028536 | Z64: =AVERAGEIF('5.8.3 (Large excl tax)'!$A:$A,'Annual excl tax'!$B64,'5.8.3 (Large excl tax)'!AA:AA) -> 2.1025301 | AA64: =AVERAGEIF('5.8.3 (Large excl tax)'!$A:$A,'Annual excl tax'!$B64,'5.8.3 (Large excl tax)'!AB:AB) -> 2.2354923 | AB64: =AVERAGEIF('5.8.3 (Large excl tax)'!$A:$A,'Annual excl tax'!$B64,'5.8.3 (Large excl tax)'!AC:AC) -> 1.9483744 | AD64: =AVERAGEIF('5.8.3 (Large excl tax)'!$A:$A,'Annual excl tax'!$B64,'5.8.3 (Large excl tax)'!AE:AE) -> 2.3278407 | AE64: =AVERAGEIF('5.8.3 (Large excl tax)'!$A:$A,'Annual excl tax'!$B64,'5.8.3 (Large excl tax)'!AF:AF) -> 2.3941405 | AF64: =AVERAGEIF('5.8.3 (Large excl tax)'!$A:$A,'Annual excl tax'!$B64,'5.8.3 (Large excl tax)'!AG:AG) -> 2.3406385 | AG64: =AVERAGEIF('5.8.3 (Large excl tax)'!$A:$A,'Annual excl tax'!$B64,'5.8.3 (Large excl tax)'!AH:AH) -> 2.1373372 | AH64: =MEDIAN(C64:Q64,U64:AG64) -> 2.1240863 | AI64: =(Q64-AH64)/AH64*100 -> -15.655637 | AJ64: =RANK(Q64,(C64:Q64,U64:AG64),1) -> 4
A65: Large | B65: 2020 | C65: =AVERAGEIF('5.8.3 (Large excl tax)'!$A:$A,'Annual excl tax'!$B65,'5.8.3 (Large excl tax)'!D:D) -> 1.5787102 | D65: =AVERAGEIF('5.8.3 (Large excl tax)'!$A:$A,'Annual excl tax'!$B65,'5.8.3 (Large excl tax)'!E:E) -> 1.4087406 | E65: =AVERAGEIF('5.8.3 (Large excl tax)'!$A:$A,'Annual excl tax'!$B65,'5.8.3 (Large excl tax)'!F:F) -> 1.3662092 | G65: =AVERAGEIF('5.8.3 (Large excl tax)'!$A:$A,'Annual excl tax'!$B65,'5.8.3 (Large excl tax)'!H:H) -> 1.6448762 | H65: =AVERAGEIF('5.8.3 (Large excl tax)'!$A:$A,'Annual excl tax'!$B65,'5.8.3 (Large excl tax)'!I:I) -> 1.7028912 | I65: =AVERAGEIF('5.8.3 (Large excl tax)'!$A:$A,'Annual excl tax'!$B65,'5.8.3 (Large excl tax)'!J:J) -> 1.5885678 | J65: =AVERAGEIF('5.8.3 (Large excl tax)'!$A:$A,'Annual excl tax'!$B65,'5.8.3 (Large excl tax)'!K:K) -> 1.7591296 | K65: =AVERAGEIF('5.8.3 (Large excl tax)'!$A:$A,'Annual excl tax'!$B65,'5.8.3 (Large excl tax)'!L:L) -> 1.8168485 | L65: =AVERAGEIF('5.8.3 (Large excl tax)'!$A:$A,'Annual excl tax'!$B65,'5.8.3 (Large excl tax)'!M:M) -> 1.6262295 | M65: =AVERAGEIF('5.8.3 (Large excl tax)'!$A:$A,'Annual excl tax'!$B65,'5.8.3 (Large excl tax)'!N:N) -> 1.4583085 | N65: =AVERAGEIF('5.8.3 (Large excl tax)'!$A:$A,'Annual excl tax'!$B65,'5.8.3 (Large excl tax)'!O:O) -> 1.9002047 | O65: =AVERAGEIF('5.8.3 (Large excl tax)'!$A:$A,'Annual excl tax'!$B65,'5.8.3 (Large excl tax)'!P:P) -> 1.7888424 | P65: =AVERAGEIF('5.8.3 (Large excl tax)'!$A:$A,'Annual excl tax'!$B65,'5.8.3 (Large excl tax)'!Q:Q) -> 1.771698 | Q65: =AVERAGEIF('5.8.3 (Large excl tax)'!$A:$A,'Annual excl tax'!$B65,'5.8.3 (Large excl tax)'!R:R) -> 1.701864 | R65: =MEDIAN(C65:Q65) -> 1.6733701 | S65: =(Q65-R65)/R65*100 -> 1.7027872 | T65: =RANK(Q65,(C65:Q65),1) -> 8 | U65: =AVERAGEIF('5.8.3 (Large excl tax)'!$A:$A,'Annual excl tax'!$B65,'5.8.3 (Large excl tax)'!V:V) -> 1.3982208 | V65: =AVERAGEIF('5.8.3 (Large excl tax)'!$A:$A,'Annual excl tax'!$B65,'5.8.3 (Large excl tax)'!W:W) -> 2.0777331 | X65: =AVERAGEIF('5.8.3 (Large excl tax)'!$A:$A,'Annual excl tax'!$B65,'5.8.3 (Large excl tax)'!Y:Y) -> 1.7943984 | Y65: =AVERAGEIF('5.8.3 (Large excl tax)'!$A:$A,'Annual excl tax'!$B65,'5.8.3 (Large excl tax)'!Z:Z) -> 1.7877279 | Z65: =AVERAGEIF('5.8.3 (Large excl tax)'!$A:$A,'Annual excl tax'!$B65,'5.8.3 (Large excl tax)'!AA:AA) -> 1.6744409 | AA65: =AVERAGEIF('5.8.3 (Large excl tax)'!$A:$A,'Annual excl tax'!$B65,'5.8.3 (Large excl tax)'!AB:AB) -> 1.66103 | AB65: =AVERAGEIF('5.8.3 (Large excl tax)'!$A:$A,'Annual excl tax'!$B65,'5.8.3 (Large excl tax)'!AC:AC) -> 1.4581605 | AD65: =AVERAGEIF('5.8.3 (Large excl tax)'!$A:$A,'Annual excl tax'!$B65,'5.8.3 (Large excl tax)'!AE:AE) -> 1.9863739 | AE65: =AVERAGEIF('5.8.3 (Large excl tax)'!$A:$A,'Annual excl tax'!$B65,'5.8.3 (Large excl tax)'!AF:AF) -> 1.8764221 | AF65: =AVERAGEIF('5.8.3 (Large excl tax)'!$A:$A,'Annual excl tax'!$B65,'5.8.3 (Large excl tax)'!AG:AG) -> 2.1432288 | AG65: =AVERAGEIF('5.8.3 (Large excl tax)'!$A:$A,'Annual excl tax'!$B65,'5.8.3 (Large excl tax)'!AH:AH) -> 1.9371021 | AH65: =MEDIAN(C65:Q65,U65:AG65) -> 1.7028912 | AI65: =(Q65-AH65)/AH65*100 -> -0.060318702 | AJ65: =RANK(Q65,(C65:Q65,U65:AG65),1) -> 12
A66: Large | B66: 2021 | C66: =AVERAGEIF('5.8.3 (Large excl tax)'!$A:$A,'Annual excl tax'!$B66,'5.8.3 (Large excl tax)'!D:D) -> 2.7008452 | D66: =AVERAGEIF('5.8.3 (Large excl tax)'!$A:$A,'Annual excl tax'!$B66,'5.8.3 (Large excl tax)'!E:E) -> 2.2381284 | E66: =AVERAGEIF('5.8.3 (Large excl tax)'!$A:$A,'Annual excl tax'!$B66,'5.8.3 (Large excl tax)'!F:F) -> 4.1210463 | F66: =AVERAGEIF('5.8.3 (Large excl tax)'!$A:$A,'Annual excl tax'!$B66,'5.8.3 (Large excl tax)'!G:G) -> 3.9746362 | G66: =AVERAGEIF('5.8.3 (Large excl tax)'!$A:$A,'Annual excl tax'!$B66,'5.8.3 (Large excl tax)'!H:H) -> 2.7165931 | H66: =AVERAGEIF('5.8.3 (Large excl tax)'!$A:$A,'Annual excl tax'!$B66,'5.8.3 (Large excl tax)'!I:I) -> 2.2438369 | I66: =AVERAGEIF('5.8.3 (Large excl tax)'!$A:$A,'Annual excl tax'!$B66,'5.8.3 (Large excl tax)'!J:J) -> 2.734032 | J66: =AVERAGEIF('5.8.3 (Large excl tax)'!$A:$A,'Annual excl tax'!$B66,'5.8.3 (Large excl tax)'!K:K) -> 2.9246517 | K66: =AVERAGEIF('5.8.3 (Large excl tax)'!$A:$A,'Annual excl tax'!$B66,'5.8.3 (Large excl tax)'!L:L) -> 2.4827471 | L66: =AVERAGEIF('5.8.3 (Large excl tax)'!$A:$A,'Annual excl tax'!$B66,'5.8.3 (Large excl tax)'!M:M) -> 1.8486641 | M66: =AVERAGEIF('5.8.3 (Large excl tax)'!$A:$A,'Annual excl tax'!$B66,'5.8.3 (Large excl tax)'!N:N) -> 2.4391902 | N66: =AVERAGEIF('5.8.3 (Large excl tax)'!$A:$A,'Annual excl tax'!$B66,'5.8.3 (Large excl tax)'!O:O) -> 2.2433538 | O66: =AVERAGEIF('5.8.3 (Large excl tax)'!$A:$A,'Annual excl tax'!$B66,'5.8.3 (Large excl tax)'!P:P) -> 2.4444156 | P66: =AVERAGEIF('5.8.3 (Large excl tax)'!$A:$A,'Annual excl tax'!$B66,'5.8.3 (Large excl tax)'!Q:Q) -> 4.9708634 | Q66: =AVERAGEIF('5.8.3 (Large excl tax)'!$A:$A,'Annual excl tax'!$B66,'5.8.3 (Large excl tax)'!R:R) -> 2.34233 | R66: =MEDIAN(C66:Q66) -> 2.4827471 | S66: =(Q66-R66)/R66*100 -> -5.6557173 | T66: =RANK(Q66,(C66:Q66),1) -> 5 | U66: =AVERAGEIF('5.8.3 (Large excl tax)'!$A:$A,'Annual excl tax'!$B66,'5.8.3 (Large excl tax)'!V:V) -> 2.8352832 | V66: =AVERAGEIF('5.8.3 (Large excl tax)'!$A:$A,'Annual excl tax'!$B66,'5.8.3 (Large excl tax)'!W:W) -> 2.9915084 | X66: =AVERAGEIF('5.8.3 (Large excl tax)'!$A:$A,'Annual excl tax'!$B66,'5.8.3 (Large excl tax)'!Y:Y) -> 2.6160665 | Y66: =AVERAGEIF('5.8.3 (Large excl tax)'!$A:$A,'Annual excl tax'!$B66,'5.8.3 (Large excl tax)'!Z:Z) -> 3.2614399 | Z66: =AVERAGEIF('5.8.3 (Large excl tax)'!$A:$A,'Annual excl tax'!$B66,'5.8.3 (Large excl tax)'!AA:AA) -> 2.8489462 | AA66: =AVERAGEIF('5.8.3 (Large excl tax)'!$A:$A,'Annual excl tax'!$B66,'5.8.3 (Large excl tax)'!AB:AB) -> 2.1229726 | AB66: =AVERAGEIF('5.8.3 (Large excl tax)'!$A:$A,'Annual excl tax'!$B66,'5.8.3 (Large excl tax)'!AC:AC) -> 3.6388862 | AD66: =AVERAGEIF('5.8.3 (Large excl tax)'!$A:$A,'Annual excl tax'!$B66,'5.8.3 (Large excl tax)'!AE:AE) -> 2.8086907 | AE66: =AVERAGEIF('5.8.3 (Large excl tax)'!$A:$A,'Annual excl tax'!$B66,'5.8.3 (Large excl tax)'!AF:AF) -> 2.8097288 | AF66: =AVERAGEIF('5.8.3 (Large excl tax)'!$A:$A,'Annual excl tax'!$B66,'5.8.3 (Large excl tax)'!AG:AG) -> 2.1880664 | AG66: =AVERAGEIF('5.8.3 (Large excl tax)'!$A:$A,'Annual excl tax'!$B66,'5.8.3 (Large excl tax)'!AH:AH) -> 2.6668532 | AH66: =MEDIAN(C66:Q66,U66:AG66) -> 2.7087191 | AI66: =(Q66-AH66)/AH66*100 -> -13.526288 | AJ66: =RANK(Q66,(C66:Q66,U66:AG66),1) -> 7
A67: Large | B67: 2022 | C67: =AVERAGEIF('5.8.3 (Large excl tax)'!$A:$A,'Annual excl tax'!$B67,'5.8.3 (Large excl tax)'!D:D) -> 6.1912279 | D67: =AVERAGEIF('5.8.3 (Large excl tax)'!$A:$A,'Annual excl tax'!$B67,'5.8.3 (Large excl tax)'!E:E) -> 4.6657651 | E67: =AVERAGEIF('5.8.3 (Large excl tax)'!$A:$A,'Annual excl tax'!$B67,'5.8.3 (Large excl tax)'!F:F) -> 10.022108 | F67: =AVERAGEIF('5.8.3 (Large excl tax)'!$A:$A,'Annual excl tax'!$B67,'5.8.3 (Large excl tax)'!G:G) -> 9.523675 | G67: =AVERAGEIF('5.8.3 (Large excl tax)'!$A:$A,'Annual excl tax'!$B67,'5.8.3 (Large excl tax)'!H:H) -> 5.4477919 | H67: =AVERAGEIF('5.8.3 (Large excl tax)'!$A:$A,'Annual excl tax'!$B67,'5.8.3 (Large excl tax)'!I:I) -> 4.7606131 | I67: =AVERAGEIF('5.8.3 (Large excl tax)'!$A:$A,'Annual excl tax'!$B67,'5.8.3 (Large excl tax)'!J:J) -> 10.448658 | J67: =AVERAGEIF('5.8.3 (Large excl tax)'!$A:$A,'Annual excl tax'!$B67,'5.8.3 (Large excl tax)'!K:K) -> 4.7750028 | K67: =AVERAGEIF('5.8.3 (Large excl tax)'!$A:$A,'Annual excl tax'!$B67,'5.8.3 (Large excl tax)'!L:L) -> 7.2645144 | L67: =AVERAGEIF('5.8.3 (Large excl tax)'!$A:$A,'Annual excl tax'!$B67,'5.8.3 (Large excl tax)'!M:M) -> 5.438855 | M67: =AVERAGEIF('5.8.3 (Large excl tax)'!$A:$A,'Annual excl tax'!$B67,'5.8.3 (Large excl tax)'!N:N) -> 5.3533126 | N67: =AVERAGEIF('5.8.3 (Large excl tax)'!$A:$A,'Annual excl tax'!$B67,'5.8.3 (Large excl tax)'!O:O) -> 6.6773022 | O67: =AVERAGEIF('5.8.3 (Large excl tax)'!$A:$A,'Annual excl tax'!$B67,'5.8.3 (Large excl tax)'!P:P) -> 7.7329477 | P67: =AVERAGEIF('5.8.3 (Large excl tax)'!$A:$A,'Annual excl tax'!$B67,'5.8.3 (Large excl tax)'!Q:Q) -> 10.996648 | Q67: =AVERAGEIF('5.8.3 (Large excl tax)'!$A:$A,'Annual excl tax'!$B67,'5.8.3 (Large excl tax)'!R:R) -> 4.7269307 | R67: =MEDIAN(C67:Q67) -> 6.1912279 | S67: =(Q67-R67)/R67*100 -> -23.65116 | T67: =RANK(Q67,(C67:Q67),1) -> 2 | U67: =AVERAGEIF('5.8.3 (Large excl tax)'!$A:$A,'Annual excl tax'!$B67,'5.8.3 (Large excl tax)'!V:V) -> 8.2223719 | V67: =AVERAGEIF('5.8.3 (Large excl tax)'!$A:$A,'Annual excl tax'!$B67,'5.8.3 (Large excl tax)'!W:W) -> 5.5124191 | X67: =AVERAGEIF('5.8.3 (Large excl tax)'!$A:$A,'Annual excl tax'!$B67,'5.8.3 (Large excl tax)'!Y:Y) -> 6.8638613 | Y67: =AVERAGEIF('5.8.3 (Large excl tax)'!$A:$A,'Annual excl tax'!$B67,'5.8.3 (Large excl tax)'!Z:Z) -> 9.1403848 | Z67: =AVERAGEIF('5.8.3 (Large excl tax)'!$A:$A,'Annual excl tax'!$B67,'5.8.3 (Large excl tax)'!AA:AA) -> 8.1014555 | AA67: =AVERAGEIF('5.8.3 (Large excl tax)'!$A:$A,'Annual excl tax'!$B67,'5.8.3 (Large excl tax)'!AB:AB) -> 9.0595751 | AB67: =AVERAGEIF('5.8.3 (Large excl tax)'!$A:$A,'Annual excl tax'!$B67,'5.8.3 (Large excl tax)'!AC:AC) -> 8.2378995 | AD67: =AVERAGEIF('5.8.3 (Large excl tax)'!$A:$A,'Annual excl tax'!$B67,'5.8.3 (Large excl tax)'!AE:AE) -> 7.238675 | AE67: =AVERAGEIF('5.8.3 (Large excl tax)'!$A:$A,'Annual excl tax'!$B67,'5.8.3 (Large excl tax)'!AF:AF) -> 8.6211085 | AF67: =AVERAGEIF('5.8.3 (Large excl tax)'!$A:$A,'Annual excl tax'!$B67,'5.8.3 (Large excl tax)'!AG:AG) -> 6.4728479 | AG67: =AVERAGEIF('5.8.3 (Large excl tax)'!$A:$A,'Annual excl tax'!$B67,'5.8.3 (Large excl tax)'!AH:AH) -> 5.1956394 | AH67: =MEDIAN(C67:Q67,U67:AG67) -> 7.0512681 | AI67: =(Q67-AH67)/AH67*100 -> -32.963396 | AJ67: =RANK(Q67,(C67:Q67,U67:AG67),1) -> 2
A68: Large | B68: 2023 | C68: =AVERAGEIF('5.8.3 (Large excl tax)'!$A:$A,'Annual excl tax'!$B68,'5.8.3 (Large excl tax)'!D:D) -> 4.2681932 | D68: =AVERAGEIF('5.8.3 (Large excl tax)'!$A:$A,'Annual excl tax'!$B68,'5.8.3 (Large excl tax)'!E:E) -> 4.6301631 | E68: =AVERAGEIF('5.8.3 (Large excl tax)'!$A:$A,'Annual excl tax'!$B68,'5.8.3 (Large excl tax)'!F:F) -> 4.3066384 | F68: =AVERAGEIF('5.8.3 (Large excl tax)'!$A:$A,'Annual excl tax'!$B68,'5.8.3 (Large excl tax)'!G:G) -> 6.7573713 | G68: =AVERAGEIF('5.8.3 (Large excl tax)'!$A:$A,'Annual excl tax'!$B68,'5.8.3 (Large excl tax)'!H:H) -> 5.0957496 | H68: =AVERAGEIF('5.8.3 (Large excl tax)'!$A:$A,'Annual excl tax'!$B68,'5.8.3 (Large excl tax)'!I:I) -> 5.2668687 | I68: =AVERAGEIF('5.8.3 (Large excl tax)'!$A:$A,'Annual excl tax'!$B68,'5.8.3 (Large excl tax)'!J:J) -> 4.4828252 | J68: =AVERAGEIF('5.8.3 (Large excl tax)'!$A:$A,'Annual excl tax'!$B68,'5.8.3 (Large excl tax)'!K:K) -> 4.9981655 | K68: =AVERAGEIF('5.8.3 (Large excl tax)'!$A:$A,'Annual excl tax'!$B68,'5.8.3 (Large excl tax)'!L:L) -> 5.7602738 | L68: =AVERAGEIF('5.8.3 (Large excl tax)'!$A:$A,'Annual excl tax'!$B68,'5.8.3 (Large excl tax)'!M:M) -> 6.4471799 | M68: =AVERAGEIF('5.8.3 (Large excl tax)'!$A:$A,'Annual excl tax'!$B68,'5.8.3 (Large excl tax)'!N:N) -> 5.4714934 | N68: =AVERAGEIF('5.8.3 (Large excl tax)'!$A:$A,'Annual excl tax'!$B68,'5.8.3 (Large excl tax)'!O:O) -> 5.0226285 | O68: =AVERAGEIF('5.8.3 (Large excl tax)'!$A:$A,'Annual excl tax'!$B68,'5.8.3 (Large excl tax)'!P:P) -> 4.8691242 | P68: =AVERAGEIF('5.8.3 (Large excl tax)'!$A:$A,'Annual excl tax'!$B68,'5.8.3 (Large excl tax)'!Q:Q) -> 9.123475 | Q68: =AVERAGEIF('5.8.3 (Large excl tax)'!$A:$A,'Annual excl tax'!$B68,'5.8.3 (Large excl tax)'!R:R) -> 5.2120667 | R68: =MEDIAN(C68:Q68) -> 5.0957496 | S68: =(Q68-R68)/R68*100 -> 2.2826294 | T68: =RANK(Q68,(C68:Q68),1) -> 9 | U68: =AVERAGEIF('5.8.3 (Large excl tax)'!$A:$A,'Annual excl tax'!$B68,'5.8.3 (Large excl tax)'!V:V) -> 4.4721331 | V68: =AVERAGEIF('5.8.3 (Large excl tax)'!$A:$A,'Annual excl tax'!$B68,'5.8.3 (Large excl tax)'!W:W) -> 4.4138875 | X68: =AVERAGEIF('5.8.3 (Large excl tax)'!$A:$A,'Annual excl tax'!$B68,'5.8.3 (Large excl tax)'!Y:Y) -> 6.0914774 | Y68: =AVERAGEIF('5.8.3 (Large excl tax)'!$A:$A,'Annual excl tax'!$B68,'5.8.3 (Large excl tax)'!Z:Z) -> 6.3961517 | Z68: =AVERAGEIF('5.8.3 (Large excl tax)'!$A:$A,'Annual excl tax'!$B68,'5.8.3 (Large excl tax)'!AA:AA) -> 6.7085763 | AA68: =AVERAGEIF('5.8.3 (Large excl tax)'!$A:$A,'Annual excl tax'!$B68,'5.8.3 (Large excl tax)'!AB:AB) -> 6.5970069 | AB68: =AVERAGEIF('5.8.3 (Large excl tax)'!$A:$A,'Annual excl tax'!$B68,'5.8.3 (Large excl tax)'!AC:AC) -> 5.8604632 | AD68: =AVERAGEIF('5.8.3 (Large excl tax)'!$A:$A,'Annual excl tax'!$B68,'5.8.3 (Large excl tax)'!AE:AE) -> 7.3462435 | AE68: =AVERAGEIF('5.8.3 (Large excl tax)'!$A:$A,'Annual excl tax'!$B68,'5.8.3 (Large excl tax)'!AF:AF) -> 4.11044 | AF68: =AVERAGEIF('5.8.3 (Large excl tax)'!$A:$A,'Annual excl tax'!$B68,'5.8.3 (Large excl tax)'!AG:AG) -> 6.922461 | AG68: =AVERAGEIF('5.8.3 (Large excl tax)'!$A:$A,'Annual excl tax'!$B68,'5.8.3 (Large excl tax)'!AH:AH) -> 4.8723459 | AH68: =MEDIAN(C68:Q68,U68:AG68) -> 5.2394677 | AI68: =(Q68-AH68)/AH68*100 -> -0.52297296 | AJ68: =RANK(Q68,(C68:Q68,U68:AG68),1) -> 13
A69: Large | B69: 2024 | C69: =AVERAGEIF('5.8.3 (Large excl tax)'!$A:$A,'Annual excl tax'!$B69,'5.8.3 (Large excl tax)'!D:D) -> 3.5670908 | D69: =AVERAGEIF('5.8.3 (Large excl tax)'!$A:$A,'Annual excl tax'!$B69,'5.8.3 (Large excl tax)'!E:E) -> 3.4117477 | E69: =AVERAGEIF('5.8.3 (Large excl tax)'!$A:$A,'Annual excl tax'!$B69,'5.8.3 (Large excl tax)'!F:F) -> 3.9038166 | F69: =AVERAGEIF('5.8.3 (Large excl tax)'!$A:$A,'Annual excl tax'!$B69,'5.8.3 (Large excl tax)'!G:G) -> 5.1237642 | G69: =AVERAGEIF('5.8.3 (Large excl tax)'!$A:$A,'Annual excl tax'!$B69,'5.8.3 (Large excl tax)'!H:H) -> 3.5679656 | H69: =AVERAGEIF('5.8.3 (Large excl tax)'!$A:$A,'Annual excl tax'!$B69,'5.8.3 (Large excl tax)'!I:I) -> 4.038289 | I69: =AVERAGEIF('5.8.3 (Large excl tax)'!$A:$A,'Annual excl tax'!$B69,'5.8.3 (Large excl tax)'!J:J) -> 3.0495182 | J69: =AVERAGEIF('5.8.3 (Large excl tax)'!$A:$A,'Annual excl tax'!$B69,'5.8.3 (Large excl tax)'!K:K) -> 4.0606118 | K69: =AVERAGEIF('5.8.3 (Large excl tax)'!$A:$A,'Annual excl tax'!$B69,'5.8.3 (Large excl tax)'!L:L) -> 3.9545648 | M69: =AVERAGEIF('5.8.3 (Large excl tax)'!$A:$A,'Annual excl tax'!$B69,'5.8.3 (Large excl tax)'!N:N) -> 3.5571326 | N69: =AVERAGEIF('5.8.3 (Large excl tax)'!$A:$A,'Annual excl tax'!$B69,'5.8.3 (Large excl tax)'!O:O) -> 3.6229668 | O69: =AVERAGEIF('5.8.3 (Large excl tax)'!$A:$A,'Annual excl tax'!$B69,'5.8.3 (Large excl tax)'!P:P) -> 3.4012122 | P69: =AVERAGEIF('5.8.3 (Large excl tax)'!$A:$A,'Annual excl tax'!$B69,'5.8.3 (Large excl tax)'!Q:Q) -> 5.0820404 | Q69: =AVERAGEIF('5.8.3 (Large excl tax)'!$A:$A,'Annual excl tax'!$B69,'5.8.3 (Large excl tax)'!R:R) -> 4.2695995 | R69: =MEDIAN(C69:Q69) -> 3.7633917 | S69: =(Q69-R69)/R69*100 -> 13.45084 | T69: =RANK(Q69,(C69:Q69),1) -> 12 | U69: =AVERAGEIF('5.8.3 (Large excl tax)'!$A:$A,'Annual excl tax'!$B69,'5.8.3 (Large excl tax)'!V:V) -> 3.170931 | V69: =AVERAGEIF('5.8.3 (Large excl tax)'!$A:$A,'Annual excl tax'!$B69,'5.8.3 (Large excl tax)'!W:W) -> 3.9862891 | X69: =AVERAGEIF('5.8.3 (Large excl tax)'!$A:$A,'Annual excl tax'!$B69,'5.8.3 (Large excl tax)'!Y:Y) -> 4.5760372 | Y69: =AVERAGEIF('5.8.3 (Large excl tax)'!$A:$A,'Annual excl tax'!$B69,'5.8.3 (Large excl tax)'!Z:Z) -> 4.2866193 | Z69: =AVERAGEIF('5.8.3 (Large excl tax)'!$A:$A,'Annual excl tax'!$B69,'5.8.3 (Large excl tax)'!AA:AA) -> 4.4164205 | AA69: =AVERAGEIF('5.8.3 (Large excl tax)'!$A:$A,'Annual excl tax'!$B69,'5.8.3 (Large excl tax)'!AB:AB) -> 4.040336 | AB69: =AVERAGEIF('5.8.3 (Large excl tax)'!$A:$A,'Annual excl tax'!$B69,'5.8.3 (Large excl tax)'!AC:AC) -> 2.6156523 | AD69: =AVERAGEIF('5.8.3 (Large excl tax)'!$A:$A,'Annual excl tax'!$B69,'5.8.3 (Large excl tax)'!AE:AE) -> 4.9399956 | AE69: =AVERAGEIF('5.8.3 (Large excl tax)'!$A:$A,'Annual excl tax'!$B69,'5.8.3 (Large excl tax)'!AF:AF) -> 3.3728869 | AF69: =AVERAGEIF('5.8.3 (Large excl tax)'!$A:$A,'Annual excl tax'!$B69,'5.8.3 (Large excl tax)'!AG:AG) -> 4.9871652 | AG69: =AVERAGEIF('5.8.3 (Large excl tax)'!$A:$A,'Annual excl tax'!$B69,'5.8.3 (Large excl tax)'!AH:AH) -> 3.8557134 | AH69: =MEDIAN(C69:Q69,U69:AG69) -> 3.9545648 | AI69: =(Q69-AH69)/AH69*100 -> 7.9663544 | AJ69: =RANK(Q69,(C69:Q69,U69:AG69),1) -> 18
A70: Large | B70: 2025 | C70: =AVERAGEIF('5.8.3 (Large excl tax)'!$A:$A,'Annual excl tax'!$B70,'5.8.3 (Large excl tax)'!D:D) -> 3.663624 | D70: =AVERAGEIF('5.8.3 (Large excl tax)'!$A:$A,'Annual excl tax'!$B70,'5.8.3 (Large excl tax)'!E:E) -> 3.468262 | E70: =AVERAGEIF('5.8.3 (Large excl tax)'!$A:$A,'Annual excl tax'!$B70,'5.8.3 (Large excl tax)'!F:F) -> 3.695755 | F70: =AVERAGEIF('5.8.3 (Large excl tax)'!$A:$A,'Annual excl tax'!$B70,'5.8.3 (Large excl tax)'!G:G) -> 4.906921 | G70: =AVERAGEIF('5.8.3 (Large excl tax)'!$A:$A,'Annual excl tax'!$B70,'5.8.3 (Large excl tax)'!H:H) -> 3.7365282 | H70: =AVERAGEIF('5.8.3 (Large excl tax)'!$A:$A,'Annual excl tax'!$B70,'5.8.3 (Large excl tax)'!I:I) -> 3.8400652 | I70: =AVERAGEIF('5.8.3 (Large excl tax)'!$A:$A,'Annual excl tax'!$B70,'5.8.3 (Large excl tax)'!J:J) -> 3.3325204 | J70: =AVERAGEIF('5.8.3 (Large excl tax)'!$A:$A,'Annual excl tax'!$B70,'5.8.3 (Large excl tax)'!K:K) -> 4.0181472 | K70: =AVERAGEIF('5.8.3 (Large excl tax)'!$A:$A,'Annual excl tax'!$B70,'5.8.3 (Large excl tax)'!L:L) -> 4.1191123 | M70: =AVERAGEIF('5.8.3 (Large excl tax)'!$A:$A,'Annual excl tax'!$B70,'5.8.3 (Large excl tax)'!N:N) -> 3.3418034 | N70: =AVERAGEIF('5.8.3 (Large excl tax)'!$A:$A,'Annual excl tax'!$B70,'5.8.3 (Large excl tax)'!O:O) -> 3.7403123 | O70: =AVERAGEIF('5.8.3 (Large excl tax)'!$A:$A,'Annual excl tax'!$B70,'5.8.3 (Large excl tax)'!P:P) -> 3.4603342 | P70: =AVERAGEIF('5.8.3 (Large excl tax)'!$A:$A,'Annual excl tax'!$B70,'5.8.3 (Large excl tax)'!Q:Q) -> 5.0530841 | Q70: =AVERAGEIF('5.8.3 (Large excl tax)'!$A:$A,'Annual excl tax'!$B70,'5.8.3 (Large excl tax)'!R:R) -> 3.882873 | R70: =MEDIAN(C70:Q70) -> 3.7384202 | S70: =(Q70-R70)/R70*100 -> 3.8640052 | T70: =RANK(Q70,(C70:Q70),1) -> 10 | U70: =AVERAGEIF('5.8.3 (Large excl tax)'!$A:$A,'Annual excl tax'!$B70,'5.8.3 (Large excl tax)'!V:V) -> 3.4421969 | V70: =AVERAGEIF('5.8.3 (Large excl tax)'!$A:$A,'Annual excl tax'!$B70,'5.8.3 (Large excl tax)'!W:W) -> 4.0607042 | X70: =AVERAGEIF('5.8.3 (Large excl tax)'!$A:$A,'Annual excl tax'!$B70,'5.8.3 (Large excl tax)'!Y:Y) -> 4.2167956 | Y70: =AVERAGEIF('5.8.3 (Large excl tax)'!$A:$A,'Annual excl tax'!$B70,'5.8.3 (Large excl tax)'!Z:Z) -> 4.3817367 | Z70: =AVERAGEIF('5.8.3 (Large excl tax)'!$A:$A,'Annual excl tax'!$B70,'5.8.3 (Large excl tax)'!AA:AA) -> 4.0008672 | AA70: =AVERAGEIF('5.8.3 (Large excl tax)'!$A:$A,'Annual excl tax'!$B70,'5.8.3 (Large excl tax)'!AB:AB) -> 4.075131 | AB70: =AVERAGEIF('5.8.3 (Large excl tax)'!$A:$A,'Annual excl tax'!$B70,'5.8.3 (Large excl tax)'!AC:AC) -> 4.316977 | AD70: =AVERAGEIF('5.8.3 (Large excl tax)'!$A:$A,'Annual excl tax'!$B70,'5.8.3 (Large excl tax)'!AE:AE) -> 4.4745665 | AE70: =AVERAGEIF('5.8.3 (Large excl tax)'!$A:$A,'Annual excl tax'!$B70,'5.8.3 (Large excl tax)'!AF:AF) -> 3.7873679 | AF70: =AVERAGEIF('5.8.3 (Large excl tax)'!$A:$A,'Annual excl tax'!$B70,'5.8.3 (Large excl tax)'!AG:AG) -> 4.6501503 | AG70: =AVERAGEIF('5.8.3 (Large excl tax)'!$A:$A,'Annual excl tax'!$B70,'5.8.3 (Large excl tax)'!AH:AH) -> 4.063419 | AH70: =MEDIAN(C70:Q70,U70:AG70) -> 4.0008672 | AI70: =(Q70-AH70)/AH70*100 -> -2.9492161 | AJ70: =RANK(Q70,(C70:Q70,U70:AG70),1) -> 12

Sheet Annual incl tax
A1: Annual non-domestic gas prices in the EU including taxes (excluding VAT and other recoverable taxes and levies)
A2: In pence per kWh.
A3: Prices are converted to sterling using the exchange rate at time of publication for each period.
A4: Small consumers: consuming 278 - 2,777 MWh per annum for periods January - June and July - December each year.
A5: Medium consumers: consuming 2,778 - 27,777 MWh per annum for periods January - June and July - December each year.
A6: Large consumers: consuming 27,778 - 277,777 MWh per annum for periods January - June and July - December each year.
A7: Figures in this table include any taxes or charges relating to environmental or social policies but exclude VAT.
A8: Annual average is presented as the unweighted average of semesters one and two for the year.
A9: Note 1. Median price is based upon the available data, including those cases where the Department have estimated the position of prices relative to the EU median.
A10: Note 1. To preserve the time series the median is based on the current members of the EU and not the EU members at the time.
A11: Note 2. The rank orders prices from lowest to highest with 1 being the lowest per kWh price and 15 or 28 being the highest.
A12: Empty cells in the table represent periods where the country was not a member of the EU or data was not reported. Note Croatia data was collected from July 2007.
... A15: Source: Derived from Eurostat statistics on natural gas and electricity prices
A16: Customer size | B16: Year | C16: Austria | D16: Belgium | E16: Denmark | F16: Finland | G16: France | H16: Germany | I16: Greece | J16: Ireland | K16: Italy | L16: Luxembourg | M16: Netherlands | N16: Portugal | O16: Spain | P16: Sweden | Q16: UK | R16: EU 14 plus UK median [Note 1] | S16: UK relative to EU 14 plus UK median (%) | T16: UK relative to EU 14 plus UK rank [Note 2] | U16: Bulgaria | V16: Croatia | W16: Cyprus | X16: Czechia | Y16: Estonia | Z16: Hungary | AA16: Latvia | AB16: Lithuania | AC16: Malta | AD16: Poland | AE16: Romania | AF16: Slovakia | AG16: Slovenia | AH16: EU 27 plus UK median [Note 1] | AI16: UK relative to EU 27 plus UK median (%) | AJ16: UK relative to EU 27 plus UK rank [Note 2]
A17: Small | B17: 2008 | C17: =AVERAGEIF('5.8.1 (Small incl tax)'!$A:$A,'Annual incl tax'!$B17,'5.8.1 (Small incl tax)'!D:D) -> 4.289304 | D17: =AVERAGEIF('5.8.1 (Small incl tax)'!$A:$A,'Annual incl tax'!$B17,'5.8.1 (Small incl tax)'!E:E) -> 3.4151276 | E17: =AVERAGEIF('5.8.1 (Small incl tax)'!$A:$A,'Annual incl tax'!$B17,'5.8.1 (Small incl tax)'!F:F) -> 4.9410181 | G17: =AVERAGEIF('5.8.1 (Small incl tax)'!$A:$A,'Annual incl tax'!$B17,'5.8.1 (Small incl tax)'!H:H) -> 3.0742035 | H17: =AVERAGEIF('5.8.1 (Small incl tax)'!$A:$A,'Annual incl tax'!$B17,'5.8.1 (Small incl tax)'!I:I) -> 4.0498355 | J17: =AVERAGEIF('5.8.1 (Small incl tax)'!$A:$A,'Annual incl tax'!$B17,'5.8.1 (Small incl tax)'!K:K) -> 3.3875434 | K17: =AVERAGEIF('5.8.1 (Small incl tax)'!$A:$A,'Annual incl tax'!$B17,'5.8.1 (Small incl tax)'!L:L) -> 3.504662 | L17: =AVERAGEIF('5.8.1 (Small incl tax)'!$A:$A,'Annual incl tax'!$B17,'5.8.1 (Small incl tax)'!M:M) -> 3.1641388 | M17: =AVERAGEIF('5.8.1 (Small incl tax)'!$A:$A,'Annual incl tax'!$B17,'5.8.1 (Small incl tax)'!N:N) -> 3.8554532 | N17: =AVERAGEIF('5.8.1 (Small incl tax)'!$A:$A,'Annual incl tax'!$B17,'5.8.1 (Small incl tax)'!O:O) -> 3.1767078 | O17: =AVERAGEIF('5.8.1 (Small incl tax)'!$A:$A,'Annual incl tax'!$B17,'5.8.1 (Small incl tax)'!P:P) -> 2.5467743 | P17: =AVERAGEIF('5.8.1 (Small incl tax)'!$A:$A,'Annual incl tax'!$B17,'5.8.1 (Small incl tax)'!Q:Q) -> 4.6065165 | Q17: =AVERAGEIF('5.8.1 (Small incl tax)'!$A:$A,'Annual incl tax'!$B17,'5.8.1 (Small incl tax)'!R:R) -> 2.6746726 | R17: =MEDIAN(C17:Q17) -> 3.4151276 | S17: =(Q17-R17)/R17*100 -> -21.681619 | T17: =RANK(Q17,(C17:Q17),1) -> 2 | U17: =AVERAGEIF('5.8.1 (Small incl tax)'!$A:$A,'Annual incl tax'!$B17,'5.8.1 (Small incl tax)'!V:V) -> 2.0099224 | V17: =AVERAGEIF('5.8.1 (Small incl tax)'!$A:$A,'Annual incl tax'!$B17,'5.8.1 (Small incl tax)'!W:W) -> 1.8331681 | X17: =AVERAGEIF('5.8.1 (Small incl tax)'!$A:$A,'Annual incl tax'!$B17,'5.8.1 (Small incl tax)'!Y:Y) -> 2.9822819 | Y17: =AVERAGEIF('5.8.1 (Small incl tax)'!$A:$A,'Annual incl tax'!$B17,'5.8.1 (Small incl tax)'!Z:Z) -> 2.476577 | Z17: =AVERAGEIF('5.8.1 (Small incl tax)'!$A:$A,'Annual incl tax'!$B17,'5.8.1 (Small incl tax)'!AA:AA) -> 3.4408764 | AA17: =AVERAGEIF('5.8.1 (Small incl tax)'!$A:$A,'Annual incl tax'!$B17,'5.8.1 (Small incl tax)'!AB:AB) -> 2.9256296 | AB17: =AVERAGEIF('5.8.1 (Small incl tax)'!$A:$A,'Annual incl tax'!$B17,'5.8.1 (Small incl tax)'!AC:AC) -> 3.0956503 | AD17: =AVERAGEIF('5.8.1 (Small incl tax)'!$A:$A,'Annual incl tax'!$B17,'5.8.1 (Small incl tax)'!AE:AE) -> 2.8572065 | AE17: =AVERAGEIF('5.8.1 (Small incl tax)'!$A:$A,'Annual incl tax'!$B17,'5.8.1 (Small incl tax)'!AF:AF) -> 2.1833773 | AF17: =AVERAGEIF('5.8.1 (Small incl tax)'!$A:$A,'Annual incl tax'!$B17,'5.8.1 (Small incl tax)'!AG:AG) -> 3.2785278 | AG17: =AVERAGEIF('5.8.1 (Small incl tax)'!$A:$A,'Annual incl tax'!$B17,'5.8.1 (Small incl tax)'!AH:AH) -> 4.0548649 | AH17: =MEDIAN(C17:Q17,U17:AG17) -> 3.1704233 | AI17: =(Q17-AH17)/AH17*100 -> -15.636735 | AJ17: =RANK(Q17,(C17:Q17,U17:AG17),1) -> 6
A18: Small | B18: 2009 | C18: =AVERAGEIF('5.8.1 (Small incl tax)'!$A:$A,'Annual incl tax'!$B18,'5.8.1 (Small incl tax)'!D:D) -> 3.5642805 | D18: =AVERAGEIF('5.8.1 (Small incl tax)'!$A:$A,'Annual incl tax'!$B18,'5.8.1 (Small incl tax)'!E:E) -> 3.359444 | E18: =AVERAGEIF('5.8.1 (Small incl tax)'!$A:$A,'Annual incl tax'!$B18,'5.8.1 (Small incl tax)'!F:F) -> 4.6388838 | G18: =AVERAGEIF('5.8.1 (Small incl tax)'!$A:$A,'Annual incl tax'!$B18,'5.8.1 (Small incl tax)'!H:H) -> 3.3611667 | H18: =AVERAGEIF('5.8.1 (Small incl tax)'!$A:$A,'Annual incl tax'!$B18,'5.8.1 (Small incl tax)'!I:I) -> 3.7991471 | J18: =AVERAGEIF('5.8.1 (Small incl tax)'!$A:$A,'Annual incl tax'!$B18,'5.8.1 (Small incl tax)'!K:K) -> 3.2134088 | K18: =AVERAGEIF('5.8.1 (Small incl tax)'!$A:$A,'Annual incl tax'!$B18,'5.8.1 (Small incl tax)'!L:L) -> 4.0487622 | L18: =AVERAGEIF('5.8.1 (Small incl tax)'!$A:$A,'Annual incl tax'!$B18,'5.8.1 (Small incl tax)'!M:M) -> 3.7445352 | M18: =AVERAGEIF('5.8.1 (Small incl tax)'!$A:$A,'Annual incl tax'!$B18,'5.8.1 (Small incl tax)'!N:N) -> 4.8824794 | N18: =AVERAGEIF('5.8.1 (Small incl tax)'!$A:$A,'Annual incl tax'!$B18,'5.8.1 (Small incl tax)'!O:O) -> 3.3504744 | O18: =AVERAGEIF('5.8.1 (Small incl tax)'!$A:$A,'Annual incl tax'!$B18,'5.8.1 (Small incl tax)'!P:P) -> 3.007903 | P18: =AVERAGEIF('5.8.1 (Small incl tax)'!$A:$A,'Annual incl tax'!$B18,'5.8.1 (Small incl tax)'!Q:Q) -> 4.3555003 | Q18: =AVERAGEIF('5.8.1 (Small incl tax)'!$A:$A,'Annual incl tax'!$B18,'5.8.1 (Small incl tax)'!R:R) -> 2.5965651 | R18: =MEDIAN(C18:Q18) -> 3.5642805 | S18: =(Q18-R18)/R18*100 -> -27.15037 | T18: =RANK(Q18,(C18:Q18),1) -> 1 | U18: =AVERAGEIF('5.8.1 (Small incl tax)'!$A:$A,'Annual incl tax'!$B18,'5.8.1 (Small incl tax)'!V:V) -> 2.555894 | V18: =AVERAGEIF('5.8.1 (Small incl tax)'!$A:$A,'Annual incl tax'!$B18,'5.8.1 (Small incl tax)'!W:W) -> 2.3655167 | X18: =AVERAGEIF('5.8.1 (Small incl tax)'!$A:$A,'Annual incl tax'!$B18,'5.8.1 (Small incl tax)'!Y:Y) -> 3.0049934 | Y18: =AVERAGEIF('5.8.1 (Small incl tax)'!$A:$A,'Annual incl tax'!$B18,'5.8.1 (Small incl tax)'!Z:Z) -> 2.4266099 | Z18: =AVERAGEIF('5.8.1 (Small incl tax)'!$A:$A,'Annual incl tax'!$B18,'5.8.1 (Small incl tax)'!AA:AA) -> 3.5676179 | AA18: =AVERAGEIF('5.8.1 (Small incl tax)'!$A:$A,'Annual incl tax'!$B18,'5.8.1 (Small incl tax)'!AB:AB) -> 3.2932788 | AB18: =AVERAGEIF('5.8.1 (Small incl tax)'!$A:$A,'Annual incl tax'!$B18,'5.8.1 (Small incl tax)'!AC:AC) -> 2.7911728 | AD18: =AVERAGEIF('5.8.1 (Small incl tax)'!$A:$A,'Annual incl tax'!$B18,'5.8.1 (Small incl tax)'!AE:AE) -> 2.8920782 | AE18: =AVERAGEIF('5.8.1 (Small incl tax)'!$A:$A,'Annual incl tax'!$B18,'5.8.1 (Small incl tax)'!AF:AF) -> 2.0428479 | AF18: =AVERAGEIF('5.8.1 (Small incl tax)'!$A:$A,'Annual incl tax'!$B18,'5.8.1 (Small incl tax)'!AG:AG) -> 3.6162442 | AG18: =AVERAGEIF('5.8.1 (Small incl tax)'!$A:$A,'Annual incl tax'!$B18,'5.8.1 (Small incl tax)'!AH:AH) -> 4.483477 | AH18: =MEDIAN(C18:Q18,U18:AG18) -> 3.3549592 | AI18: =(Q18-AH18)/AH18*100 -> -22.605166 | AJ18: =RANK(Q18,(C18:Q18,U18:AG18),1) -> 5
A19: Small | B19: 2010 | C19: =AVERAGEIF('5.8.1 (Small incl tax)'!$A:$A,'Annual incl tax'!$B19,'5.8.1 (Small incl tax)'!D:D) -> 3.4141765 | D19: =AVERAGEIF('5.8.1 (Small incl tax)'!$A:$A,'Annual incl tax'!$B19,'5.8.1 (Small incl tax)'!E:E) -> 3.2597944 | E19: =AVERAGEIF('5.8.1 (Small incl tax)'!$A:$A,'Annual incl tax'!$B19,'5.8.1 (Small incl tax)'!F:F) -> 5.3898374 | G19: =AVERAGEIF('5.8.1 (Small incl tax)'!$A:$A,'Annual incl tax'!$B19,'5.8.1 (Small incl tax)'!H:H) -> 3.3059573 | H19: =AVERAGEIF('5.8.1 (Small incl tax)'!$A:$A,'Annual incl tax'!$B19,'5.8.1 (Small incl tax)'!I:I) -> 3.7347421 | J19: =AVERAGEIF('5.8.1 (Small incl tax)'!$A:$A,'Annual incl tax'!$B19,'5.8.1 (Small incl tax)'!K:K) -> 2.9110882 | K19: =AVERAGEIF('5.8.1 (Small incl tax)'!$A:$A,'Annual incl tax'!$B19,'5.8.1 (Small incl tax)'!L:L) -> 3.2118285 | L19: =AVERAGEIF('5.8.1 (Small incl tax)'!$A:$A,'Annual incl tax'!$B19,'5.8.1 (Small incl tax)'!M:M) -> 3.856243 | M19: =AVERAGEIF('5.8.1 (Small incl tax)'!$A:$A,'Annual incl tax'!$B19,'5.8.1 (Small incl tax)'!N:N) -> 4.1909646 | N19: =AVERAGEIF('5.8.1 (Small incl tax)'!$A:$A,'Annual incl tax'!$B19,'5.8.1 (Small incl tax)'!O:O) -> 3.1707071 | O19: =AVERAGEIF('5.8.1 (Small incl tax)'!$A:$A,'Annual incl tax'!$B19,'5.8.1 (Small incl tax)'!P:P) -> 2.9275507 | P19: =AVERAGEIF('5.8.1 (Small incl tax)'!$A:$A,'Annual incl tax'!$B19,'5.8.1 (Small incl tax)'!Q:Q) -> 4.5112256 | Q19: =AVERAGEIF('5.8.1 (Small incl tax)'!$A:$A,'Annual incl tax'!$B19,'5.8.1 (Small incl tax)'!R:R) -> 2.4009813 | R19: =MEDIAN(C19:Q19) -> 3.3059573 | S19: =(Q19-R19)/R19*100 -> -27.374099 | T19: =RANK(Q19,(C19:Q19),1) -> 1 | U19: =AVERAGEIF('5.8.1 (Small incl tax)'!$A:$A,'Annual incl tax'!$B19,'5.8.1 (Small incl tax)'!V:V) -> 2.4990602 | V19: =AVERAGEIF('5.8.1 (Small incl tax)'!$A:$A,'Annual incl tax'!$B19,'5.8.1 (Small incl tax)'!W:W) -> 3.1469134 | X19: =AVERAGEIF('5.8.1 (Small incl tax)'!$A:$A,'Annual incl tax'!$B19,'5.8.1 (Small incl tax)'!Y:Y) -> 2.9723537 | Y19: =AVERAGEIF('5.8.1 (Small incl tax)'!$A:$A,'Annual incl tax'!$B19,'5.8.1 (Small incl tax)'!Z:Z) -> 2.5229838 | Z19: =AVERAGEIF('5.8.1 (Small incl tax)'!$A:$A,'Annual incl tax'!$B19,'5.8.1 (Small incl tax)'!AA:AA) -> 3.4771703 | AA19: =AVERAGEIF('5.8.1 (Small incl tax)'!$A:$A,'Annual incl tax'!$B19,'5.8.1 (Small incl tax)'!AB:AB) -> 2.6807969 | AB19: =AVERAGEIF('5.8.1 (Small incl tax)'!$A:$A,'Annual incl tax'!$B19,'5.8.1 (Small incl tax)'!AC:AC) -> 2.8841321 | AD19: =AVERAGEIF('5.8.1 (Small incl tax)'!$A:$A,'Annual incl tax'!$B19,'5.8.1 (Small incl tax)'!AE:AE) -> 2.9998517 | AE19: =AVERAGEIF('5.8.1 (Small incl tax)'!$A:$A,'Annual incl tax'!$B19,'5.8.1 (Small incl tax)'!AF:AF) -> 1.9036209 | AF19: =AVERAGEIF('5.8.1 (Small incl tax)'!$A:$A,'Annual incl tax'!$B19,'5.8.1 (Small incl tax)'!AG:AG) -> 3.26784 | AG19: =AVERAGEIF('5.8.1 (Small incl tax)'!$A:$A,'Annual incl tax'!$B19,'5.8.1 (Small incl tax)'!AH:AH) -> 4.0774926 | AH19: =MEDIAN(C19:Q19,U19:AG19) -> 3.1912678 | AI19: =(Q19-AH19)/AH19*100 -> -24.764029 | AJ19: =RANK(Q19,(C19:Q19,U19:AG19),1) -> 2
A20: Small | B20: 2011 | C20: =AVERAGEIF('5.8.1 (Small incl tax)'!$A:$A,'Annual incl tax'!$B20,'5.8.1 (Small incl tax)'!D:D) -> 3.5877199 | D20: =AVERAGEIF('5.8.1 (Small incl tax)'!$A:$A,'Annual incl tax'!$B20,'5.8.1 (Small incl tax)'!E:E) -> 3.7626974 | E20: =AVERAGEIF('5.8.1 (Small incl tax)'!$A:$A,'Annual incl tax'!$B20,'5.8.1 (Small incl tax)'!F:F) -> 5.746603 | G20: =AVERAGEIF('5.8.1 (Small incl tax)'!$A:$A,'Annual incl tax'!$B20,'5.8.1 (Small incl tax)'!H:H) -> 3.8189222 | H20: =AVERAGEIF('5.8.1 (Small incl tax)'!$A:$A,'Annual incl tax'!$B20,'5.8.1 (Small incl tax)'!I:I) -> 3.9533354 | J20: =AVERAGEIF('5.8.1 (Small incl tax)'!$A:$A,'Annual incl tax'!$B20,'5.8.1 (Small incl tax)'!K:K) -> 3.4174819 | K20: =AVERAGEIF('5.8.1 (Small incl tax)'!$A:$A,'Annual incl tax'!$B20,'5.8.1 (Small incl tax)'!L:L) -> 3.7563944 | L20: =AVERAGEIF('5.8.1 (Small incl tax)'!$A:$A,'Annual incl tax'!$B20,'5.8.1 (Small incl tax)'!M:M) -> 4.1343736 | M20: =AVERAGEIF('5.8.1 (Small incl tax)'!$A:$A,'Annual incl tax'!$B20,'5.8.1 (Small incl tax)'!N:N) -> 4.4062115 | N20: =AVERAGEIF('5.8.1 (Small incl tax)'!$A:$A,'Annual incl tax'!$B20,'5.8.1 (Small incl tax)'!O:O) -> 3.9329387 | O20: =AVERAGEIF('5.8.1 (Small incl tax)'!$A:$A,'Annual incl tax'!$B20,'5.8.1 (Small incl tax)'!P:P) -> 3.4877659 | P20: =AVERAGEIF('5.8.1 (Small incl tax)'!$A:$A,'Annual incl tax'!$B20,'5.8.1 (Small incl tax)'!Q:Q) -> 5.1782321 | Q20: =AVERAGEIF('5.8.1 (Small incl tax)'!$A:$A,'Annual incl tax'!$B20,'5.8.1 (Small incl tax)'!R:R) -> 2.6402668 | R20: =MEDIAN(C20:Q20) -> 3.8189222 | S20: =(Q20-R20)/R20*100 -> -30.863561 | T20: =RANK(Q20,(C20:Q20),1) -> 1 | U20: =AVERAGEIF('5.8.1 (Small incl tax)'!$A:$A,'Annual incl tax'!$B20,'5.8.1 (Small incl tax)'!V:V) -> 2.835864 | V20: =AVERAGEIF('5.8.1 (Small incl tax)'!$A:$A,'Annual incl tax'!$B20,'5.8.1 (Small incl tax)'!W:W) -> 3.6316817 | X20: =AVERAGEIF('5.8.1 (Small incl tax)'!$A:$A,'Annual incl tax'!$B20,'5.8.1 (Small incl tax)'!Y:Y) -> 3.4502506 | Y20: =AVERAGEIF('5.8.1 (Small incl tax)'!$A:$A,'Annual incl tax'!$B20,'5.8.1 (Small incl tax)'!Z:Z) -> 2.695881 | Z20: =AVERAGEIF('5.8.1 (Small incl tax)'!$A:$A,'Annual incl tax'!$B20,'5.8.1 (Small incl tax)'!AA:AA) -> 3.8616195 | AA20: =AVERAGEIF('5.8.1 (Small incl tax)'!$A:$A,'Annual incl tax'!$B20,'5.8.1 (Small incl tax)'!AB:AB) -> 2.9746429 | AB20: =AVERAGEIF('5.8.1 (Small incl tax)'!$A:$A,'Annual incl tax'!$B20,'5.8.1 (Small incl tax)'!AC:AC) -> 3.483572 | AD20: =AVERAGEIF('5.8.1 (Small incl tax)'!$A:$A,'Annual incl tax'!$B20,'5.8.1 (Small incl tax)'!AE:AE) -> 3.161576 | AE20: =AVERAGEIF('5.8.1 (Small incl tax)'!$A:$A,'Annual incl tax'!$B20,'5.8.1 (Small incl tax)'!AF:AF) -> 2.0764897 | AF20: =AVERAGEIF('5.8.1 (Small incl tax)'!$A:$A,'Annual incl tax'!$B20,'5.8.1 (Small incl tax)'!AG:AG) -> 3.7298104 | AG20: =AVERAGEIF('5.8.1 (Small incl tax)'!$A:$A,'Annual incl tax'!$B20,'5.8.1 (Small incl tax)'!AH:AH) -> 5.107395 | AH20: =MEDIAN(C20:Q20,U20:AG20) -> 3.680746 | AI20: =(Q20-AH20)/AH20*100 -> -28.268161 | AJ20: =RANK(Q20,(C20:Q20,U20:AG20),1) -> 2
A21: Small | B21: 2012 | C21: =AVERAGEIF('5.8.1 (Small incl tax)'!$A:$A,'Annual incl tax'!$B21,'5.8.1 (Small incl tax)'!D:D) -> 3.969038 | D21: =AVERAGEIF('5.8.1 (Small incl tax)'!$A:$A,'Annual incl tax'!$B21,'5.8.1 (Small incl tax)'!E:E) -> 3.4031773 | E21: =AVERAGEIF('5.8.1 (Small incl tax)'!$A:$A,'Annual incl tax'!$B21,'5.8.1 (Small incl tax)'!F:F) -> 4.8743375 | F21: =AVERAGEIF('5.8.1 (Small incl tax)'!$A:$A,'Annual incl tax'!$B21,'5.8.1 (Small incl tax)'!G:G) -> 4.6906472 | G21: =AVERAGEIF('5.8.1 (Small incl tax)'!$A:$A,'Annual incl tax'!$B21,'5.8.1 (Small incl tax)'!H:H) -> 3.9977795 | H21: =AVERAGEIF('5.8.1 (Small incl tax)'!$A:$A,'Annual incl tax'!$B21,'5.8.1 (Small incl tax)'!I:I) -> 3.4768398 | I21: =AVERAGEIF('5.8.1 (Small incl tax)'!$A:$A,'Annual incl tax'!$B21,'5.8.1 (Small incl tax)'!J:J) -> 4.8489206 | J21: =AVERAGEIF('5.8.1 (Small incl tax)'!$A:$A,'Annual incl tax'!$B21,'5.8.1 (Small incl tax)'!K:K) -> 3.4486226 | K21: =AVERAGEIF('5.8.1 (Small incl tax)'!$A:$A,'Annual incl tax'!$B21,'5.8.1 (Small incl tax)'!L:L) -> 4.3291788 | L21: =AVERAGEIF('5.8.1 (Small incl tax)'!$A:$A,'Annual incl tax'!$B21,'5.8.1 (Small incl tax)'!M:M) -> 4.2468887 | M21: =AVERAGEIF('5.8.1 (Small incl tax)'!$A:$A,'Annual incl tax'!$B21,'5.8.1 (Small incl tax)'!N:N) -> 4.2535451 | N21: =AVERAGEIF('5.8.1 (Small incl tax)'!$A:$A,'Annual incl tax'!$B21,'5.8.1 (Small incl tax)'!O:O) -> 4.2148709 | O21: =AVERAGEIF('5.8.1 (Small incl tax)'!$A:$A,'Annual incl tax'!$B21,'5.8.1 (Small incl tax)'!P:P) -> 3.8480983 | P21: =AVERAGEIF('5.8.1 (Small incl tax)'!$A:$A,'Annual incl tax'!$B21,'5.8.1 (Small incl tax)'!Q:Q) -> 5.1250153 | Q21: =AVERAGEIF('5.8.1 (Small incl tax)'!$A:$A,'Annual incl tax'!$B21,'5.8.1 (Small incl tax)'!R:R) -> 3.0181881 | R21: =MEDIAN(C21:Q21) -> 4.2148709 | S21: =(Q21-R21)/R21*100 -> -28.391921 | T21: =RANK(Q21,(C21:Q21),1) -> 1 | U21: =AVERAGEIF('5.8.1 (Small incl tax)'!$A:$A,'Annual incl tax'!$B21,'5.8.1 (Small incl tax)'!V:V) -> 3.2478729 | V21: =AVERAGEIF('5.8.1 (Small incl tax)'!$A:$A,'Annual incl tax'!$B21,'5.8.1 (Small incl tax)'!W:W) -> 3.8113537 | X21: =AVERAGEIF('5.8.1 (Small incl tax)'!$A:$A,'Annual incl tax'!$B21,'5.8.1 (Small incl tax)'!Y:Y) -> 3.208013 | Y21: =AVERAGEIF('5.8.1 (Small incl tax)'!$A:$A,'Annual incl tax'!$B21,'5.8.1 (Small incl tax)'!Z:Z) -> 3.1494704 | Z21: =AVERAGEIF('5.8.1 (Small incl tax)'!$A:$A,'Annual incl tax'!$B21,'5.8.1 (Small incl tax)'!AA:AA) -> 4.3784054 | AA21: =AVERAGEIF('5.8.1 (Small incl tax)'!$A:$A,'Annual incl tax'!$B21,'5.8.1 (Small incl tax)'!AB:AB) -> 3.3660039 | AB21: =AVERAGEIF('5.8.1 (Small incl tax)'!$A:$A,'Annual incl tax'!$B21,'5.8.1 (Small incl tax)'!AC:AC) -> 3.6623773 | AD21: =AVERAGEIF('5.8.1 (Small incl tax)'!$A:$A,'Annual incl tax'!$B21,'5.8.1 (Small incl tax)'!AE:AE) -> 3.2197968 | AE21: =AVERAGEIF('5.8.1 (Small incl tax)'!$A:$A,'Annual incl tax'!$B21,'5.8.1 (Small incl tax)'!AF:AF) -> 2.2118001 | AF21: =AVERAGEIF('5.8.1 (Small incl tax)'!$A:$A,'Annual incl tax'!$B21,'5.8.1 (Small incl tax)'!AG:AG) -> 3.7811795 | AG21: =AVERAGEIF('5.8.1 (Small incl tax)'!$A:$A,'Annual incl tax'!$B21,'5.8.1 (Small incl tax)'!AH:AH) -> 5.0563734 | AH21: =MEDIAN(C21:Q21,U21:AG21) -> 3.829726 | AI21: =(Q21-AH21)/AH21*100 -> -21.190495 | AJ21: =RANK(Q21,(C21:Q21,U21:AG21),1) -> 2
A22: Small | B22: 2013 | C22: =AVERAGEIF('5.8.1 (Small incl tax)'!$A:$A,'Annual incl tax'!$B22,'5.8.1 (Small incl tax)'!D:D) -> 4.2233454 | D22: =AVERAGEIF('5.8.1 (Small incl tax)'!$A:$A,'Annual incl tax'!$B22,'5.8.1 (Small incl tax)'!E:E) -> 3.8018324 | E22: =AVERAGEIF('5.8.1 (Small incl tax)'!$A:$A,'Annual incl tax'!$B22,'5.8.1 (Small incl tax)'!F:F) -> 5.0159662 | F22: =AVERAGEIF('5.8.1 (Small incl tax)'!$A:$A,'Annual incl tax'!$B22,'5.8.1 (Small incl tax)'!G:G) -> 4.6638121 | G22: =AVERAGEIF('5.8.1 (Small incl tax)'!$A:$A,'Annual incl tax'!$B22,'5.8.1 (Small incl tax)'!H:H) -> 4.2112085 | H22: =AVERAGEIF('5.8.1 (Small incl tax)'!$A:$A,'Annual incl tax'!$B22,'5.8.1 (Small incl tax)'!I:I) -> 4.4161135 | I22: =AVERAGEIF('5.8.1 (Small incl tax)'!$A:$A,'Annual incl tax'!$B22,'5.8.1 (Small incl tax)'!J:J) -> 4.6270756 | J22: =AVERAGEIF('5.8.1 (Small incl tax)'!$A:$A,'Annual incl tax'!$B22,'5.8.1 (Small incl tax)'!K:K) -> 3.9875725 | K22: =AVERAGEIF('5.8.1 (Small incl tax)'!$A:$A,'Annual incl tax'!$B22,'5.8.1 (Small incl tax)'!L:L) -> 4.5830477 | L22: =AVERAGEIF('5.8.1 (Small incl tax)'!$A:$A,'Annual incl tax'!$B22,'5.8.1 (Small incl tax)'!M:M) -> 4.6884288 | M22: =AVERAGEIF('5.8.1 (Small incl tax)'!$A:$A,'Annual incl tax'!$B22,'5.8.1 (Small incl tax)'!N:N) -> 4.8560433 | N22: =AVERAGEIF('5.8.1 (Small incl tax)'!$A:$A,'Annual incl tax'!$B22,'5.8.1 (Small incl tax)'!O:O) -> 4.7917759 | O22: =AVERAGEIF('5.8.1 (Small incl tax)'!$A:$A,'Annual incl tax'!$B22,'5.8.1 (Small incl tax)'!P:P) -> 3.9881322 | P22: =AVERAGEIF('5.8.1 (Small incl tax)'!$A:$A,'Annual incl tax'!$B22,'5.8.1 (Small incl tax)'!Q:Q) -> 5.4174606 | Q22: =AVERAGEIF('5.8.1 (Small incl tax)'!$A:$A,'Annual incl tax'!$B22,'5.8.1 (Small incl tax)'!R:R) -> 3.2632408 | R22: =MEDIAN(C22:Q22) -> 4.5830477 | S22: =(Q22-R22)/R22*100 -> -28.797581 | T22: =RANK(Q22,(C22:Q22),1) -> 1 | U22: =AVERAGEIF('5.8.1 (Small incl tax)'!$A:$A,'Annual incl tax'!$B22,'5.8.1 (Small incl tax)'!V:V) -> 3.1699814 | V22: =AVERAGEIF('5.8.1 (Small incl tax)'!$A:$A,'Annual incl tax'!$B22,'5.8.1 (Small incl tax)'!W:W) -> 3.9441288 | X22: =AVERAGEIF('5.8.1 (Small incl tax)'!$A:$A,'Annual incl tax'!$B22,'5.8.1 (Small incl tax)'!Y:Y) -> 3.0842917 | Y22: =AVERAGEIF('5.8.1 (Small incl tax)'!$A:$A,'Annual incl tax'!$B22,'5.8.1 (Small incl tax)'!Z:Z) -> 3.3081322 | Z22: =AVERAGEIF('5.8.1 (Small incl tax)'!$A:$A,'Annual incl tax'!$B22,'5.8.1 (Small incl tax)'!AA:AA) -> 4.6571938 | AA22: =AVERAGEIF('5.8.1 (Small incl tax)'!$A:$A,'Annual incl tax'!$B22,'5.8.1 (Small incl tax)'!AB:AB) -> 3.421701 | AB22: =AVERAGEIF('5.8.1 (Small incl tax)'!$A:$A,'Annual incl tax'!$B22,'5.8.1 (Small incl tax)'!AC:AC) -> 3.6383872 | AD22: =AVERAGEIF('5.8.1 (Small incl tax)'!$A:$A,'Annual incl tax'!$B22,'5.8.1 (Small incl tax)'!AE:AE) -> 3.538885 | AE22: =AVERAGEIF('5.8.1 (Small incl tax)'!$A:$A,'Annual incl tax'!$B22,'5.8.1 (Small incl tax)'!AF:AF) -> 2.6122542 | AF22: =AVERAGEIF('5.8.1 (Small incl tax)'!$A:$A,'Annual incl tax'!$B22,'5.8.1 (Small incl tax)'!AG:AG) -> 3.5996303 | AG22: =AVERAGEIF('5.8.1 (Small incl tax)'!$A:$A,'Annual incl tax'!$B22,'5.8.1 (Small incl tax)'!AH:AH) -> 4.5568311 | AH22: =MEDIAN(C22:Q22,U22:AG22) -> 4.0996703 | AI22: =(Q22-AH22)/AH22*100 -> -20.40236 | AJ22: =RANK(Q22,(C22:Q22,U22:AG22),1) -> 4
A23: Small | B23: 2014 | C23: =AVERAGEIF('5.8.1 (Small incl tax)'!$A:$A,'Annual incl tax'!$B23,'5.8.1 (Small incl tax)'!D:D) -> 3.8483728 | D23: =AVERAGEIF('5.8.1 (Small incl tax)'!$A:$A,'Annual incl tax'!$B23,'5.8.1 (Small incl tax)'!E:E) -> 3.3231907 | E23: =AVERAGEIF('5.8.1 (Small incl tax)'!$A:$A,'Annual incl tax'!$B23,'5.8.1 (Small incl tax)'!F:F) -> 4.6043585 | F23: =AVERAGEIF('5.8.1 (Small incl tax)'!$A:$A,'Annual incl tax'!$B23,'5.8.1 (Small incl tax)'!G:G) -> 4.0842242 | G23: =AVERAGEIF('5.8.1 (Small incl tax)'!$A:$A,'Annual incl tax'!$B23,'5.8.1 (Small incl tax)'!H:H) -> 3.8787682 | H23: =AVERAGEIF('5.8.1 (Small incl tax)'!$A:$A,'Annual incl tax'!$B23,'5.8.1 (Small incl tax)'!I:I) -> 3.8511395 | I23: =AVERAGEIF('5.8.1 (Small incl tax)'!$A:$A,'Annual incl tax'!$B23,'5.8.1 (Small incl tax)'!J:J) -> 4.1060196 | J23: =AVERAGEIF('5.8.1 (Small incl tax)'!$A:$A,'Annual incl tax'!$B23,'5.8.1 (Small incl tax)'!K:K) -> 3.6341304 | K23: =AVERAGEIF('5.8.1 (Small incl tax)'!$A:$A,'Annual incl tax'!$B23,'5.8.1 (Small incl tax)'!L:L) -> 3.9863457 | L23: =AVERAGEIF('5.8.1 (Small incl tax)'!$A:$A,'Annual incl tax'!$B23,'5.8.1 (Small incl tax)'!M:M) -> 3.8865344 | M23: =AVERAGEIF('5.8.1 (Small incl tax)'!$A:$A,'Annual incl tax'!$B23,'5.8.1 (Small incl tax)'!N:N) -> 4.6639941 | N23: =AVERAGEIF('5.8.1 (Small incl tax)'!$A:$A,'Annual incl tax'!$B23,'5.8.1 (Small incl tax)'!O:O) -> 4.7679744 | O23: =AVERAGEIF('5.8.1 (Small incl tax)'!$A:$A,'Annual incl tax'!$B23,'5.8.1 (Small incl tax)'!P:P) -> 3.673151 | P23: =AVERAGEIF('5.8.1 (Small incl tax)'!$A:$A,'Annual incl tax'!$B23,'5.8.1 (Small incl tax)'!Q:Q) -> 4.489776 | Q23: =AVERAGEIF('5.8.1 (Small incl tax)'!$A:$A,'Annual incl tax'!$B23,'5.8.1 (Small incl tax)'!R:R) -> 3.2520834 | R23: =MEDIAN(C23:Q23) -> 3.8865344 | S23: =(Q23-R23)/R23*100 -> -16.324338 | T23: =RANK(Q23,(C23:Q23),1) -> 1 | U23: =AVERAGEIF('5.8.1 (Small incl tax)'!$A:$A,'Annual incl tax'!$B23,'5.8.1 (Small incl tax)'!V:V) -> 2.9873358 | V23: =AVERAGEIF('5.8.1 (Small incl tax)'!$A:$A,'Annual incl tax'!$B23,'5.8.1 (Small incl tax)'!W:W) -> 3.4797183 | X23: =AVERAGEIF('5.8.1 (Small incl tax)'!$A:$A,'Annual incl tax'!$B23,'5.8.1 (Small incl tax)'!Y:Y) -> 2.7958097 | Y23: =AVERAGEIF('5.8.1 (Small incl tax)'!$A:$A,'Annual incl tax'!$B23,'5.8.1 (Small incl tax)'!Z:Z) -> 3.1163356 | Z23: =AVERAGEIF('5.8.1 (Small incl tax)'!$A:$A,'Annual incl tax'!$B23,'5.8.1 (Small incl tax)'!AA:AA) -> 3.451252 | AA23: =AVERAGEIF('5.8.1 (Small incl tax)'!$A:$A,'Annual incl tax'!$B23,'5.8.1 (Small incl tax)'!AB:AB) -> 3.0776623 | AB23: =AVERAGEIF('5.8.1 (Small incl tax)'!$A:$A,'Annual incl tax'!$B23,'5.8.1 (Small incl tax)'!AC:AC) -> 3.3773078 | AD23: =AVERAGEIF('5.8.1 (Small incl tax)'!$A:$A,'Annual incl tax'!$B23,'5.8.1 (Small incl tax)'!AE:AE) -> 3.3881104 | AE23: =AVERAGEIF('5.8.1 (Small incl tax)'!$A:$A,'Annual incl tax'!$B23,'5.8.1 (Small incl tax)'!AF:AF) -> 2.6374247 | AF23: =AVERAGEIF('5.8.1 (Small incl tax)'!$A:$A,'Annual incl tax'!$B23,'5.8.1 (Small incl tax)'!AG:AG) -> 3.4004014 | AG23: =AVERAGEIF('5.8.1 (Small incl tax)'!$A:$A,'Annual incl tax'!$B23,'5.8.1 (Small incl tax)'!AH:AH) -> 4.4124208 | AH23: =MEDIAN(C23:Q23,U23:AG23) -> 3.6536407 | AI23: =(Q23-AH23)/AH23*100 -> -10.990608 | AJ23: =RANK(Q23,(C23:Q23,U23:AG23),1) -> 6
